Workbook

Sheet Смета 12 гр. по ФЕР
A1: =Source!B1 -> Smeta.RU (495) 974-1589 | H1: Приложение 1 к приложению 5
H2: извещение о проведении запроса котировок в электронной форме
B6: СМЕТА
B10: Ремонт лестничной клетки 3-го этажа, балконов 5-го этажа в здании общежития №2 Новоронежского политехнического колледжа-филиала НИЯУ МИФИ (НВПК НИЯУ МИФИ) по адресу: Воронежская обл., г. Новоронеж, ул. Космонавтов, д.1 А
G15: базовая цена | I15: текущая цена
C16: Сметная стоимость | G16: =SUM(O1:O390)/1000 -> 20.45041 | I16: =(Source!P346/1000) -> 172.1377 | K16: тыс. руб.
C17: Строительные работы | G17: =SUM(W1:W390)/1000 -> 18.45834 | I17: =(Source!P333)/1000 -> 131.67623 | K17: тыс. руб.
C18: Монтажные работы | G18: =SUM(X1:X390)/1000 -> 1.99207 | I18: =(Source!P334)/1000 -> 14.20318 | K18: тыс. руб.
C19: Оборудование | G19: =SUM(Y1:Y390)/1000 -> 0 | I19: =(Source!P325)/1000 -> 0 | K19: тыс. руб.
C20: Прочие работы | G20: =SUM(Z1:Z390)/1000 -> 0 | I20: =(Source!P335+Source!P336)/1000 -> 0 | K20: тыс. руб.
C21: Нормативная трудоемкость | G21: =I21 -> 224.54401 | I21: =(Source!P338+Source!P339) -> 224.54401 | K21: чел. -ч.
C22: Средства на оплату труда | G22: =SUM(R1:R390)/1000 -> 1.97141 | I22: =((Source!P331 + Source!P330)/1000) -> 14.05585 | K22: тыс. руб.
A24: Составлена в ценах II квартал 2018 года
A25: № п/п | B25: Шифр расценки и коды ресурсов | C25: Наименование работ и затрат | D25: Ед. изм. | E25: Кол-во единиц | F25: Цена на ед. изм. | G25: Попра-вочные коэфф. | H25: Стоимость в ценах 2001г. | I25: Пункт коэфф. пересчета | J25: Коэфф. пересчета | K25: Стоимость в текущих ценах | L25: ЗТР всего чел.-час
A26: 1 | B26: 2 | C26: 3 | D26: 4 | E26: 5 | F26: 6 | G26: 7 | H26: 8 | I26: 9 | J26: 10 | K26: 11 | L26: 12
A27: =CONCATENATE("Раздел: ",IF(Source!G24<>"Новый раздел", Source!G24, "")) -> Раздел: Раздел 1 Общестроительные работы
A28: =Source!E29 -> 1 | B28: =Source!F29 -> 46-04-012-01 | C28: =Source!G29 -> Разборка деревянных заполнений проемов оконных с подоконными досками | D28: =Source!H29 -> 100 м2 | E28: =Source!I29 -> 0.0214 | F28: =Source!AL29+Source!AM29+Source!AO29 -> 1767.24 | I28: =Source!BO29 | S28: =ROUND((Source!FX29/100)*((ROUND(Source!AF29*Source!I29, 2)+ROUND(Source!AE29*Source!I29, 2))), 2) -> 34.53 | T28: =Source!X29 -> 246.18 | U28: =ROUND((Source!FY29/100)*((ROUND(Source!AF29*Source!I29, 2)+ROUND(Source!AE29*Source!I29, 2))), 2) -> 20.75 | V28: =Source!Y29 -> 149.2
C29: ="Объем: "&Source!I29&"=2,14/"&"100" -> Объем: 0,0214=2,14/100
C30: Зарплата | F30: =Source!AO29 -> 1525.29 | G30: =Source!DG29 | H30: =ROUND(Source!AF29*Source!I29, 2) -> 32.64 | J30: =IF(Source!BA29<> 0, Source!BA29, 1) -> 7.13 | K30: =Source!S29 -> 232.73 | R30: =H30 -> 32.64
C31: Эксплуатация машин | F31: =Source!AM29 -> 241.95 | G31: =Source!DE29 | H31: =ROUND(Source!AD29*Source!I29, 2) -> 5.18 | J31: =IF(Source!BB29<> 0, Source!BB29, 1) -> 7.13 | K31: =Source!Q29 -> 36.92
C32: в т.ч. зарплата машинистов | F32: =Source!AN29 -> 104.49 | G32: =Source!DF29 | H32: =ROUND(Source!AE29*Source!I29, 2) -> 2.24 | J32: =IF(Source!BS29<> 0, Source!BS29, 1) -> 7.13 | K32: =Source!R29 -> 15.94 | R32: =H32 -> 2.24
C33: НР от ФОТ | D33: % | E33: =Source!BZ29 -> 110 | F33: =CONCATENATE(" )", Source!DL29, Source!FT29, "=", Source!FX29) -> )*0,9=99 | H33: =SUM(S28:S35) -> 34.53 | J33: =Source!AT29 -> 99 | K33: =SUM(T28:T35) -> 246.18
C34: СП от ФОТ | D34: % | E34: =Source!CA29 -> 70 | F34: =CONCATENATE(" )", Source!DM29, Source!FU29, "=", Source!FY29) -> )*0,85=59,5 | H34: =SUM(U28:U35) -> 20.75 | J34: =Source!AU29 -> 60 | K34: =SUM(V28:V35) -> 149.2
C35: Затраты труда | D35: чел-ч | E35: =Source!AQ29 -> 188.54 | G35: =Source!DI29 | L35: =Source!U29 -> 4.034756
G36: =H30+H31+H33+H34 -> 93.1 | J36: =K30+K31+K33+K34 -> 665.03 | L36: =Source!U29 -> 4.034756 | O36: =G36 -> 93.1 | P36: =J36 -> 665.03 | Q36: =L36 -> 4.034756 | W36: =IF(Source!BI29<=1,H30+H31+H33+H34, 0) -> 93.1 | X36: =IF(Source!BI29=2,H30+H31+H33+H34, 0) -> 0 | Y36: =IF(Source!BI29=3,H30+H31+H33+H34, 0) -> 0 | Z36: =IF(Source!BI29=4,H30+H31+H33+H34, 0) -> 0
A37: =Source!E31 -> 2 | B37: =Source!F31 -> 57-2-3 | C37: =Source!G31 -> Разборка покрытий полов из керамических плиток | D37: =Source!H31 -> 100 м2 | E37: =Source!I31 -> 0.066 | F37: =Source!AL31+Source!AM31+Source!AO31 -> 641 | I37: =Source!BO31 | S37: =ROUND((Source!FX31/100)*((ROUND(Source!AF31*Source!I31, 2)+ROUND(Source!AE31*Source!I31, 2))), 2) -> 32.5 | T37: =Source!X31 -> 231.69 | U37: =ROUND((Source!FY31/100)*((ROUND(Source!AF31*Source!I31, 2)+ROUND(Source!AE31*Source!I31, 2))), 2) -> 27.62 | V37: =Source!Y31 -> 196.93
C38: ="Объем: "&Source!I31&"=6,6/"&"100" -> Объем: 0,066=6,6/100
C39: Зарплата | F39: =Source!AO31 -> 595.99 | G39: =Source!DG31 | H39: =ROUND(Source!AF31*Source!I31, 2) -> 39.34 | J39: =IF(Source!BA31<> 0, Source!BA31, 1) -> 7.13 | K39: =Source!S31 -> 280.46 | R39: =H39 -> 39.34
C40: Эксплуатация машин | F40: =Source!AM31 -> 45.01 | G40: =Source!DE31 | H40: =ROUND(Source!AD31*Source!I31, 2) -> 2.97 | J40: =IF(Source!BB31<> 0, Source!BB31, 1) -> 7.13 | K40: =Source!Q31 -> 21.18
C41: в т.ч. зарплата машинистов | F41: =Source!AN31 -> 19.44 | G41: =Source!DF31 | H41: =ROUND(Source!AE31*Source!I31, 2) -> 1.28 | J41: =IF(Source!BS31<> 0, Source!BS31, 1) -> 7.13 | K41: =Source!R31 -> 9.15 | R41: =H41 -> 1.28
C42: НР от ФОТ | D42: % | E42: =Source!BZ31 -> 80 | H42: =SUM(S37:S44) -> 32.5 | J42: =Source!AT31 -> 80 | K42: =SUM(T37:T44) -> 231.69
C43: СП от ФОТ | D43: % | E43: =Source!CA31 -> 68 | H43: =SUM(U37:U44) -> 27.62 | J43: =Source!AU31 -> 68 | K43: =SUM(V37:V44) -> 196.93
C44: Затраты труда | D44: чел-ч | E44: =Source!AQ31 -> 69.87 | G44: =Source!DI31 | L44: =Source!U31 -> 4.61142
G45: =H39+H40+H42+H43 -> 102.43 | J45: =K39+K40+K42+K43 -> 730.26 | L45: =Source!U31 -> 4.61142 | O45: =G45 -> 102.43 | P45: =J45 -> 730.26 | Q45: =L45 -> 4.61142 | W45: =IF(Source!BI31<=1,H39+H40+H42+H43, 0) -> 102.43 | X45: =IF(Source!BI31=2,H39+H40+H42+H43, 0) -> 0 | Y45: =IF(Source!BI31=3,H39+H40+H42+H43, 0) -> 0 | Z45: =IF(Source!BI31=4,H39+H40+H42+H43, 0) -> 0
A46: =Source!E33 -> 3 | B46: =Source!F33 -> 57-3-2 | C46: =Source!G33 -> Разборка плинтусов цементных и из керамической плитки | D46: =Source!H33 -> 100 м | E46: =Source!I33 -> 0.089 | F46: =Source!AL33+Source!AM33+Source!AO33 -> 111.38 | I46: =Source!BO33 | S46: =ROUND((Source!FX33/100)*((ROUND(Source!AF33*Source!I33, 2)+ROUND(Source!AE33*Source!I33, 2))), 2) -> 7.93 | T46: =Source!X33 -> 56.54 | U46: =ROUND((Source!FY33/100)*((ROUND(Source!AF33*Source!I33, 2)+ROUND(Source!AE33*Source!I33, 2))), 2) -> 6.74 | V46: =Source!Y33 -> 48.06
C47: ="Объем: "&Source!I33&"=8,9/"&"100" -> Объем: 0,089=8,9/100
C48: Зарплата | F48: =Source!AO33 -> 111.38 | G48: =Source!DG33 | H48: =ROUND(Source!AF33*Source!I33, 2) -> 9.91 | J48: =IF(Source!BA33<> 0, Source!BA33, 1) -> 7.13 | K48: =Source!S33 -> 70.68 | R48: =H48 -> 9.91
C49: НР от ФОТ | D49: % | E49: =Source!BZ33 -> 80 | H49: =SUM(S46:S51) -> 7.93 | J49: =Source!AT33 -> 80 | K49: =SUM(T46:T51) -> 56.54
C50: СП от ФОТ | D50: % | E50: =Source!CA33 -> 68 | H50: =SUM(U46:U51) -> 6.74 | J50: =Source!AU33 -> 68 | K50: =SUM(V46:V51) -> 48.06
C51: Затраты труда | D51: чел-ч | E51: =Source!AQ33 -> 14.28 | G51: =Source!DI33 | L51: =Source!U33 -> 1.27092
G52: =H48+H49+H50 -> 24.58 | J52: =K48+K49+K50 -> 175.28 | L52: =Source!U33 -> 1.27092 | O52: =G52 -> 24.58 | P52: =J52 -> 175.28 | Q52: =L52 -> 1.27092 | W52: =IF(Source!BI33<=1,H48+H49+H50, 0) -> 24.58 | X52: =IF(Source!BI33=2,H48+H49+H50, 0) -> 0 | Y52: =IF(Source!BI33=3,H48+H49+H50, 0) -> 0 | Z52: =IF(Source!BI33=4,H48+H49+H50, 0) -> 0
A53: =Source!E35 -> 4 | B53: =Source!F35 -> 62-25-1 прим. | C53: =Source!G35 -> Огрунтовка ранее окрашенных фасадов под окраску перхлорвиниловыми красками простых с земли и лесов | D53: =Source!H35 -> 100 м2 | E53: =Source!I35 -> 0.336 | F53: =Source!AL35+Source!AM35+Source!AO35 -> 358.98 | I53: =Source!BO35 | S53: =ROUND((Source!FX35/100)*((ROUND(Source!AF35*Source!I35, 2)+ROUND(Source!AE35*Source!I35, 2))), 2) -> 10 | T53: =Source!X35 -> 71.28 | U53: =ROUND((Source!FY35/100)*((ROUND(Source!AF35*Source!I35, 2)+ROUND(Source!AE35*Source!I35, 2))), 2) -> 6.25 | V53: =Source!Y35 -> 44.55
C54: ="Объем: "&Source!I35&"=33,6/"&"100" -> Объем: 0,336=33,6/100
C55: Зарплата | F55: =Source!AO35 -> 37.07 | G55: =Source!DG35 | H55: =ROUND(Source!AF35*Source!I35, 2) -> 12.46 | J55: =IF(Source!BA35<> 0, Source!BA35, 1) -> 7.13 | K55: =Source!S35 -> 88.81 | R55: =H55 -> 12.46
C56: Эксплуатация машин | F56: =Source!AM35 -> 26.28 | G56: =Source!DE35 | H56: =ROUND(Source!AD35*Source!I35, 2) -> 8.83 | J56: =IF(Source!BB35<> 0, Source!BB35, 1) -> 7.13 | K56: =Source!Q35 -> 62.96
C57: в т.ч. зарплата машинистов | F57: =Source!AN35 -> 0.12 | G57: =Source!DF35 | H57: =ROUND(Source!AE35*Source!I35, 2) -> 0.04 | J57: =IF(Source!BS35<> 0, Source!BS35, 1) -> 7.13 | K57: =Source!R35 -> 0.29 | R57: =H57 -> 0.04
C58: Материальные ресурсы | F58: =Source!AL35 -> 295.63 | G58: =Source!DD35 | H58: =ROUND(Source!AC35*Source!I35, 2) -> 99.33 | J58: =IF(Source!BC35<> 0, Source!BC35, 1) -> 7.13 | K58: =Source!P35 -> 708.23
C59: НР от ФОТ | D59: % | E59: =Source!BZ35 -> 80 | H59: =SUM(S53:S63) -> 10 | J59: =Source!AT35 -> 80 | K59: =SUM(T53:T63) -> 71.28
C60: СП от ФОТ | D60: % | E60: =Source!CA35 -> 50 | H60: =SUM(U53:U63) -> 6.25 | J60: =Source!AU35 -> 50 | K60: =SUM(V53:V63) -> 44.55
C61: Затраты труда | D61: чел-ч | E61: =Source!AQ35 -> 4.29 | G61: =Source!DI35 | L61: =Source!U35 -> 1.44144
A62: =Source!E37 -> 4,1 | B62: =Source!F37 -> 14.4.01.19-0001 | C62: =Source!G37 -> Грунтовка ХС-04 коричневая | D62: =Source!H37 -> т | E62: =Source!I37 -> -0.00541 | F62: =Source!AL37+Source!AM37+Source!AO37 -> 18362 | H62: =ROUND(Source!AC37*Source!I37, 2)+ROUND(Source!AD37*Source!I37, 2)+ROUND(Source!AF37*Source!I37, 2) -> -99.34 | J62: =IF(Source!BC37<> 0, Source!BC37, 1) -> 7.13 | K62: =Source!O37 -> -708.28 | S62: =ROUND((Source!FX37/100)*((ROUND(Source!AF37*Source!I37, 2)+ROUND(Source!AE37*Source!I37, 2))), 2) -> 0 | T62: =Source!X37 -> 0 | U62: =ROUND((Source!FY37/100)*((ROUND(Source!AF37*Source!I37, 2)+ROUND(Source!AE37*Source!I37, 2))), 2) -> 0 | V62: =Source!Y37 -> 0 | W62: =IF(Source!BI37<=1,H62, 0) -> -99.34 | X62: =IF(Source!BI37=2,H62, 0) -> 0 | Y62: =IF(Source!BI37=3,H62, 0) -> 0 | Z62: =IF(Source!BI37=4,H62, 0) -> 0
A63: =Source!E39 -> 4,2 | B63: =Source!F39 -> 14.3.01.01-0001 | C63: =Source!G39 -> Грунтовка: «Бетоконтакт», КНАУФ | D63: =Source!H39 -> кг | E63: =Source!I39 -> 5.4096 | F63: =Source!AL39+Source!AM39+Source!AO39 -> 15.09 | H63: =ROUND(Source!AC39*Source!I39, 2)+ROUND(Source!AD39*Source!I39, 2)+ROUND(Source!AF39*Source!I39, 2) -> 81.63 | J63: =IF(Source!BC39<> 0, Source!BC39, 1) -> 7.13 | K63: =Source!O39 -> 582.03 | S63: =ROUND((Source!FX39/100)*((ROUND(Source!AF39*Source!I39, 2)+ROUND(Source!AE39*Source!I39, 2))), 2) -> 0 | T63: =Source!X39 -> 0 | U63: =ROUND((Source!FY39/100)*((ROUND(Source!AF39*Source!I39, 2)+ROUND(Source!AE39*Source!I39, 2))), 2) -> 0 | V63: =Source!Y39 -> 0 | W63: =IF(Source!BI39<=1,H63, 0) -> 81.63 | X63: =IF(Source!BI39=2,H63, 0) -> 0 | Y63: =IF(Source!BI39=3,H63, 0) -> 0 | Z63: =IF(Source!BI39=4,H63, 0) -> 0
G64: =H55+H56+H58+H59+H60+SUM(H62:H63) -> 119.16 | J64: =K55+K56+K58+K59+K60+SUM(K62:K63) -> 849.58 | L64: =Source!U35 -> 1.44144 | O64: =G64 -> 119.16 | P64: =J64 -> 849.58 | Q64: =L64 -> 1.44144 | W64: =IF(Source!BI35<=1,H55+H56+H58+H59+H60, 0) -> 136.87 | X64: =IF(Source!BI35=2,H55+H56+H58+H59+H60, 0) -> 0 | Y64: =IF(Source!BI35=3,H55+H56+H58+H59+H60, 0) -> 0 | Z64: =IF(Source!BI35=4,H55+H56+H58+H59+H60, 0) -> 0
A65: =Source!E41 -> 5 | B65: =Source!F41 -> 62-23-4 | C65: =Source!G41 -> Окраска силикатными красками за 1 раз ранее окрашенных фасадов по кирпичу с земли и лесов | D65: =Source!H41 -> 100 м2 | E65: =Source!I41 -> 0.336 | F65: =Source!AL41+Source!AM41+Source!AO41 -> 192.67 | I65: =Source!BO41 | S65: =ROUND((Source!FX41/100)*((ROUND(Source!AF41*Source!I41, 2)+ROUND(Source!AE41*Source!I41, 2))), 2) -> 40.43 | T65: =Source!X41 -> 288.32 | U65: =ROUND((Source!FY41/100)*((ROUND(Source!AF41*Source!I41, 2)+ROUND(Source!AE41*Source!I41, 2))), 2) -> 25.27 | V65: =Source!Y41 -> 180.2
C66: ="Объем: "&Source!I41&"=33,6/"&"100" -> Объем: 0,336=33,6/100
C67: Зарплата | F67: =Source!AO41 -> 149.98 | G67: =Source!DG41 | H67: =ROUND(Source!AF41*Source!I41, 2) -> 50.39 | J67: =IF(Source!BA41<> 0, Source!BA41, 1) -> 7.13 | K67: =Source!S41 -> 359.3 | R67: =H67 -> 50.39
C68: Эксплуатация машин | F68: =Source!AM41 -> 2.8 | G68: =Source!DE41 | H68: =ROUND(Source!AD41*Source!I41, 2) -> 0.94 | J68: =IF(Source!BB41<> 0, Source!BB41, 1) -> 7.13 | K68: =Source!Q41 -> 6.71
C69: в т.ч. зарплата машинистов | F69: =Source!AN41 -> 0.46 | G69: =Source!DF41 | H69: =ROUND(Source!AE41*Source!I41, 2) -> 0.15 | J69: =IF(Source!BS41<> 0, Source!BS41, 1) -> 7.13 | K69: =Source!R41 -> 1.1 | R69: =H69 -> 0.15
C70: Материальные ресурсы | F70: =Source!AL41 -> 39.89 | G70: =Source!DD41 | H70: =ROUND(Source!AC41*Source!I41, 2) -> 13.4 | J70: =IF(Source!BC41<> 0, Source!BC41, 1) -> 7.13 | K70: =Source!P41 -> 95.56
C71: НР от ФОТ | D71: % | E71: =Source!BZ41 -> 80 | H71: =SUM(S65:S75) -> 40.43 | J71: =Source!AT41 -> 80 | K71: =SUM(T65:T75) -> 288.32
C72: СП от ФОТ | D72: % | E72: =Source!CA41 -> 50 | H72: =SUM(U65:U75) -> 25.27 | J72: =Source!AU41 -> 50 | K72: =SUM(V65:V75) -> 180.2
C73: Затраты труда | D73: чел-ч | E73: =Source!AQ41 -> 17.16 | G73: =Source!DI41 | L73: =Source!U41 -> 5.76576
A74: =Source!E43 -> 5,1 | B74: =Source!F43 -> 14.3.02.05 | C74: =Source!G43 -> Краски силикатные | D74: =Source!H43 -> т | E74: =Source!I43 -> 0.004704 | F74: =Source!AL43+Source!AM43+Source!AO43 -> 0 | H74: =ROUND(Source!AC43*Source!I43, 2)+ROUND(Source!AD43*Source!I43, 2)+ROUND(Source!AF43*Source!I43, 2) -> 0 | J74: =IF(Source!BC43<> 0, Source!BC43, 1) -> 7.13 | K74: =Source!O43 -> 0 | S74: =ROUND((Source!FX43/100)*((ROUND(Source!AF43*Source!I43, 2)+ROUND(Source!AE43*Source!I43, 2))), 2) -> 0 | T74: =Source!X43 -> 0 | U74: =ROUND((Source!FY43/100)*((ROUND(Source!AF43*Source!I43, 2)+ROUND(Source!AE43*Source!I43, 2))), 2) -> 0 | V74: =Source!Y43 -> 0 | W74: =IF(Source!BI43<=1,H74, 0) -> 0 | X74: =IF(Source!BI43=2,H74, 0) -> 0 | Y74: =IF(Source!BI43=3,H74, 0) -> 0 | Z74: =IF(Source!BI43=4,H74, 0) -> 0
A75: =Source!E45 -> 5,2 | B75: =Source!F45 -> 14.3.02.05-0102 | C75: =Source!G45 -> Краска силикатная фасадная CERESIT СТ (прим.) | D75: =Source!H45 -> кг | E75: =Source!I45 -> 4.704 | F75: =Source!AL45+Source!AM45+Source!AO45 -> 78.24 | H75: =ROUND(Source!AC45*Source!I45, 2)+ROUND(Source!AD45*Source!I45, 2)+ROUND(Source!AF45*Source!I45, 2) -> 368.04 | J75: =IF(Source!BC45<> 0, Source!BC45, 1) -> 7.13 | K75: =Source!O45 -> 2624.13 | S75: =ROUND((Source!FX45/100)*((ROUND(Source!AF45*Source!I45, 2)+ROUND(Source!AE45*Source!I45, 2))), 2) -> 0 | T75: =Source!X45 -> 0 | U75: =ROUND((Source!FY45/100)*((ROUND(Source!AF45*Source!I45, 2)+ROUND(Source!AE45*Source!I45, 2))), 2) -> 0 | V75: =Source!Y45 -> 0 | W75: =IF(Source!BI45<=1,H75, 0) -> 368.04 | X75: =IF(Source!BI45=2,H75, 0) -> 0 | Y75: =IF(Source!BI45=3,H75, 0) -> 0 | Z75: =IF(Source!BI45=4,H75, 0) -> 0
G76: =H67+H68+H70+H71+H72+SUM(H74:H75) -> 498.47 | J76: =K67+K68+K70+K71+K72+SUM(K74:K75) -> 3554.22 | L76: =Source!U41 -> 5.76576 | O76: =G76 -> 498.47 | P76: =J76 -> 3554.22 | Q76: =L76 -> 5.76576 | W76: =IF(Source!BI41<=1,H67+H68+H70+H71+H72, 0) -> 130.43 | X76: =IF(Source!BI41=2,H67+H68+H70+H71+H72, 0) -> 0 | Y76: =IF(Source!BI41=3,H67+H68+H70+H71+H72, 0) -> 0 | Z76: =IF(Source!BI41=4,H67+H68+H70+H71+H72, 0) -> 0
A77: =Source!E47 -> 6 | B77: =Source!F47 -> 09-03-050-01 | C77: =Source!G47 -> Монтаж стальных плинтусов из гнутого профиля | D77: =Source!H47 -> 100 м | E77: =Source!I47 -> 0.16 | F77: =Source!AL47+Source!AM47+Source!AO47 -> 122.2 | I77: =Source!BO47 | S77: =ROUND((Source!FX47/100)*((ROUND(Source!AF47*Source!I47, 2)+ROUND(Source!AE47*Source!I47, 2))), 2) -> 17.82 | T77: =Source!X47 -> 127.03 | U77: =ROUND((Source!FY47/100)*((ROUND(Source!AF47*Source!I47, 2)+ROUND(Source!AE47*Source!I47, 2))), 2) -> 15.9 | V77: =Source!Y47 -> 112.92
C78: ="Объем: "&Source!I47&"=16/"&"100" -> Объем: 0,16=16/100
C79: Зарплата | F79: =Source!AO47 -> 118.91 | G79: =Source!DG47 -> )*1,15 | H79: =ROUND(Source!AF47*Source!I47, 2) -> 21.88 | J79: =IF(Source!BA47<> 0, Source!BA47, 1) -> 7.13 | K79: =Source!S47 -> 156 | R79: =H79 -> 21.88
C80: Эксплуатация машин | F80: =Source!AM47 -> 3.29 | G80: =Source!DE47 -> )*1,25 | H80: =ROUND(Source!AD47*Source!I47, 2) -> 0.66 | J80: =IF(Source!BB47<> 0, Source!BB47, 1) -> 7.13 | K80: =Source!Q47 -> 4.69
C81: в т.ч. зарплата машинистов | F81: =Source!AN47 -> 0.58 | G81: =Source!DF47 -> )*1,25 | H81: =ROUND(Source!AE47*Source!I47, 2) -> 0.12 | J81: =IF(Source!BS47<> 0, Source!BS47, 1) -> 7.13 | K81: =Source!R47 -> 0.83 | R81: =H81 -> 0.12
C82: НР от ФОТ | D82: % | E82: =Source!BZ47 -> 90 | F82: =CONCATENATE(" )", Source!DL47, Source!FT47, "=", Source!FX47) -> )*0,9=81 | H82: =SUM(S77:S86) -> 17.82 | J82: =Source!AT47 -> 81 | K82: =SUM(T77:T86) -> 127.03
C83: СП от ФОТ | D83: % | E83: =Source!CA47 -> 85 | F83: =CONCATENATE(" )", Source!DM47, Source!FU47, "=", Source!FY47) -> )*0,85=72,25 | H83: =SUM(U77:U86) -> 15.9 | J83: =Source!AU47 -> 72 | K83: =SUM(V77:V86) -> 112.92
C84: Затраты труда | D84: чел-ч | E84: =Source!AQ47 -> 12.8 | G84: =Source!DI47 -> )*1,15 | L84: =Source!U47 -> 2.3552
A85: =Source!E49 -> 6,1 | B85: =Source!F49 -> 07.2.07.13 | C85: =Source!G49 -> Планка из стального листа | D85: =Source!H49 -> т | E85: =Source!I49 -> 0.00064 | F85: =Source!AL49+Source!AM49+Source!AO49 -> 0 | H85: =ROUND(Source!AC49*Source!I49, 2)+ROUND(Source!AD49*Source!I49, 2)+ROUND(Source!AF49*Source!I49, 2) -> 0 | J85: =IF(Source!BC49<> 0, Source!BC49, 1) -> 7.13 | K85: =Source!O49 -> 0 | S85: =ROUND((Source!FX49/100)*((ROUND(Source!AF49*Source!I49, 2)+ROUND(Source!AE49*Source!I49, 2))), 2) -> 0 | T85: =Source!X49 -> 0 | U85: =ROUND((Source!FY49/100)*((ROUND(Source!AF49*Source!I49, 2)+ROUND(Source!AE49*Source!I49, 2))), 2) -> 0 | V85: =Source!Y49 -> 0 | W85: =IF(Source!BI49<=1,H85, 0) -> 0 | X85: =IF(Source!BI49=2,H85, 0) -> 0 | Y85: =IF(Source!BI49=3,H85, 0) -> 0 | Z85: =IF(Source!BI49=4,H85, 0) -> 0
A86: =Source!E51 -> 6,2 | B86: =Source!F51 -> 01.5.02.01-0151 | C86: =Source!G51 -> Уголки металлические оцинкованные прижимные (ТУ 5262-002- 73088633-09) | D86: =Source!H51 -> т | E86: =Source!I51 -> 0.00064 | F86: =Source!AL51+Source!AM51+Source!AO51 -> 5106.21 | H86: =ROUND(Source!AC51*Source!I51, 2)+ROUND(Source!AD51*Source!I51, 2)+ROUND(Source!AF51*Source!I51, 2) -> 3.27 | J86: =IF(Source!BC51<> 0, Source!BC51, 1) -> 7.13 | K86: =Source!O51 -> 23.3 | S86: =ROUND((Source!FX51/100)*((ROUND(Source!AF51*Source!I51, 2)+ROUND(Source!AE51*Source!I51, 2))), 2) -> 0 | T86: =Source!X51 -> 0 | U86: =ROUND((Source!FY51/100)*((ROUND(Source!AF51*Source!I51, 2)+ROUND(Source!AE51*Source!I51, 2))), 2) -> 0 | V86: =Source!Y51 -> 0 | W86: =IF(Source!BI51<=1,H86, 0) -> 3.27 | X86: =IF(Source!BI51=2,H86, 0) -> 0 | Y86: =IF(Source!BI51=3,H86, 0) -> 0 | Z86: =IF(Source!BI51=4,H86, 0) -> 0
G87: =H79+H80+H82+H83+SUM(H85:H86) -> 59.53 | J87: =K79+K80+K82+K83+SUM(K85:K86) -> 423.94 | L87: =Source!U47 -> 2.3552 | O87: =G87 -> 59.53 | P87: =J87 -> 423.94 | Q87: =L87 -> 2.3552 | W87: =IF(Source!BI47<=1,H79+H80+H82+H83, 0) -> 56.26 | X87: =IF(Source!BI47=2,H79+H80+H82+H83, 0) -> 0 | Y87: =IF(Source!BI47=3,H79+H80+H82+H83, 0) -> 0 | Z87: =IF(Source!BI47=4,H79+H80+H82+H83, 0) -> 0
A88: =Source!E53 -> 7 | B88: =Source!F53 -> 15-04-030-04 | C88: =Source!G53 -> Масляная окраска металлических поверхностей решеток, переплетов, труб диаметром менее 50 мм и т.п., количество окрасок 2 | D88: =Source!H53 -> 100 м2 | E88: =Source!I53 -> 0.0278 | F88: =Source!AL53+Source!AM53+Source!AO53 -> 720.44 | I88: =Source!BO53 | S88: =ROUND((Source!FX53/100)*((ROUND(Source!AF53*Source!I53, 2)+ROUND(Source!AE53*Source!I53, 2))), 2) -> 19.04 | T88: =Source!X53 -> 136.45 | U88: =ROUND((Source!FY53/100)*((ROUND(Source!AF53*Source!I53, 2)+ROUND(Source!AE53*Source!I53, 2))), 2) -> 9.42 | V88: =Source!Y53 -> 67.51
C89: ="Объем: "&Source!I53&"=2,78/"&"100" -> Объем: 0,0278=2,78/100
C90: Зарплата | F90: =Source!AO53 -> 629.59 | G90: =Source!DG53 -> )*1,15 | H90: =ROUND(Source!AF53*Source!I53, 2) -> 20.13 | J90: =IF(Source!BA53<> 0, Source!BA53, 1) -> 7.13 | K90: =Source!S53 -> 143.51 | R90: =H90 -> 20.13
C91: Эксплуатация машин | F91: =Source!AM53 -> 2.28 | G91: =Source!DE53 -> )*1,25 | H91: =ROUND(Source!AD53*Source!I53, 2) -> 0.08 | J91: =IF(Source!BB53<> 0, Source!BB53, 1) -> 7.13 | K91: =Source!Q53 -> 0.56
C92: в т.ч. зарплата машинистов | F92: =Source!AN53 -> 0.49 | G92: =Source!DF53 -> )*1,25 | H92: =ROUND(Source!AE53*Source!I53, 2) -> 0.02 | J92: =IF(Source!BS53<> 0, Source!BS53, 1) -> 7.13 | K92: =Source!R53 -> 0.12 | R92: =H92 -> 0.02
C93: Материальные ресурсы | F93: =Source!AL53 -> 88.57 | G93: =Source!DD53 | H93: =ROUND(Source!AC53*Source!I53, 2) -> 2.46 | J93: =IF(Source!BC53<> 0, Source!BC53, 1) -> 7.13 | K93: =Source!P53 -> 17.56
C94: НР от ФОТ | D94: % | E94: =Source!BZ53 -> 105 | F94: =CONCATENATE(" )", Source!DL53, Source!FT53, "=", Source!FX53) -> )*0,9=94,5 | H94: =SUM(S88:S98) -> 19.04 | J94: =Source!AT53 -> 95 | K94: =SUM(T88:T98) -> 136.45
C95: СП от ФОТ | D95: % | E95: =Source!CA53 -> 55 | F95: =CONCATENATE(" )", Source!DM53, Source!FU53, "=", Source!FY53) -> )*0,85=46,75 | H95: =SUM(U88:U98) -> 9.42 | J95: =Source!AU53 -> 47 | K95: =SUM(V88:V98) -> 67.51
C96: Затраты труда | D96: чел-ч | E96: =Source!AQ53 -> 71.06 | G96: =Source!DI53 -> )*1,15 | L96: =Source!U53 -> 2.2717882
A97: =Source!E55 -> 7,1 | B97: =Source!F55 -> 14.4.02.04 | C97: =Source!G55 -> Краски для внутренних работ масляные готовые к применению | D97: =Source!H55 -> т | E97: =Source!I55 -> 0.000684 | F97: =Source!AL55+Source!AM55+Source!AO55 -> 0 | H97: =ROUND(Source!AC55*Source!I55, 2)+ROUND(Source!AD55*Source!I55, 2)+ROUND(Source!AF55*Source!I55, 2) -> 0 | J97: =IF(Source!BC55<> 0, Source!BC55, 1) -> 7.13 | K97: =Source!O55 -> 0 | S97: =ROUND((Source!FX55/100)*((ROUND(Source!AF55*Source!I55, 2)+ROUND(Source!AE55*Source!I55, 2))), 2) -> 0 | T97: =Source!X55 -> 0 | U97: =ROUND((Source!FY55/100)*((ROUND(Source!AF55*Source!I55, 2)+ROUND(Source!AE55*Source!I55, 2))), 2) -> 0 | V97: =Source!Y55 -> 0 | W97: =IF(Source!BI55<=1,H97, 0) -> 0 | X97: =IF(Source!BI55=2,H97, 0) -> 0 | Y97: =IF(Source!BI55=3,H97, 0) -> 0 | Z97: =IF(Source!BI55=4,H97, 0) -> 0
A98: =Source!E57 -> 7,2 | B98: =Source!F57 -> 14.4.04.08-0002 | C98: =Source!G57 -> Эмаль ПФ-115 БИО различных цветов | D98: =Source!H57 -> т | E98: =Source!I57 -> 0.000684 | F98: =Source!AL57+Source!AM57+Source!AO57 -> 34375.18 | H98: =ROUND(Source!AC57*Source!I57, 2)+ROUND(Source!AD57*Source!I57, 2)+ROUND(Source!AF57*Source!I57, 2) -> 23.51 | J98: =IF(Source!BC57<> 0, Source!BC57, 1) -> 7.13 | K98: =Source!O57 -> 167.65 | S98: =ROUND((Source!FX57/100)*((ROUND(Source!AF57*Source!I57, 2)+ROUND(Source!AE57*Source!I57, 2))), 2) -> 0 | T98: =Source!X57 -> 0 | U98: =ROUND((Source!FY57/100)*((ROUND(Source!AF57*Source!I57, 2)+ROUND(Source!AE57*Source!I57, 2))), 2) -> 0 | V98: =Source!Y57 -> 0 | W98: =IF(Source!BI57<=1,H98, 0) -> 23.51 | X98: =IF(Source!BI57=2,H98, 0) -> 0 | Y98: =IF(Source!BI57=3,H98, 0) -> 0 | Z98: =IF(Source!BI57=4,H98, 0) -> 0
G99: =H90+H91+H93+H94+H95+SUM(H97:H98) -> 74.64 | J99: =K90+K91+K93+K94+K95+SUM(K97:K98) -> 533.24 | L99: =Source!U53 -> 2.2717882 | O99: =G99 -> 74.64 | P99: =J99 -> 533.24 | Q99: =L99 -> 2.2717882 | W99: =IF(Source!BI53<=1,H90+H91+H93+H94+H95, 0) -> 51.13 | X99: =IF(Source!BI53=2,H90+H91+H93+H94+H95, 0) -> 0 | Y99: =IF(Source!BI53=3,H90+H91+H93+H94+H95, 0) -> 0 | Z99: =IF(Source!BI53=4,H90+H91+H93+H94+H95, 0) -> 0
A100: =Source!E59 -> 8 | B100: =Source!F59 -> 46-02-007-01 | C100: =Source!G59 -> Кладка отдельных участков кирпичных стен и заделка проемов в кирпичных стенах при объеме кладки в одном месте до 5 м3 | D100: =Source!H59 -> м3 | E100: =Source!I59 -> 1.13 | F100: =Source!AL59+Source!AM59+Source!AO59 -> 246.41 | I100: =Source!BO59 | S100: =ROUND((Source!FX59/100)*((ROUND(Source!AF59*Source!I59, 2)+ROUND(Source!AE59*Source!I59, 2))), 2) -> 133.72 | T100: =Source!X59 -> 953.41 | U100: =ROUND((Source!FY59/100)*((ROUND(Source!AF59*Source!I59, 2)+ROUND(Source!AE59*Source!I59, 2))), 2) -> 80.37 | V100: =Source!Y59 -> 577.82
C101: Зарплата | F101: =Source!AO59 -> 119.53 | G101: =Source!DG59 | H101: =ROUND(Source!AF59*Source!I59, 2) -> 135.07 | J101: =IF(Source!BA59<> 0, Source!BA59, 1) -> 7.13 | K101: =Source!S59 -> 963.04 | R101: =H101 -> 135.07
C102: Эксплуатация машин | F102: =Source!AM59 -> 2.13 | G102: =Source!DE59 | H102: =ROUND(Source!AD59*Source!I59, 2) -> 2.41 | J102: =IF(Source!BB59<> 0, Source!BB59, 1) -> 7.13 | K102: =Source!Q59 -> 17.16
C103: Материальные ресурсы | F103: =Source!AL59 -> 124.75 | G103: =Source!DD59 | H103: =ROUND(Source!AC59*Source!I59, 2) -> 140.97 | J103: =IF(Source!BC59<> 0, Source!BC59, 1) -> 7.13 | K103: =Source!P59 -> 1005.1
C104: НР от ФОТ | D104: % | E104: =Source!BZ59 -> 110 | F104: =CONCATENATE(" )", Source!DL59, Source!FT59, "=", Source!FX59) -> )*0,9=99 | H104: =SUM(S100:S108) -> 133.72 | J104: =Source!AT59 -> 99 | K104: =SUM(T100:T108) -> 953.41
C105: СП от ФОТ | D105: % | E105: =Source!CA59 -> 70 | F105: =CONCATENATE(" )", Source!DM59, Source!FU59, "=", Source!FY59) -> )*0,85=59,5 | H105: =SUM(U100:U108) -> 80.37 | J105: =Source!AU59 -> 60 | K105: =SUM(V100:V108) -> 577.82
C106: Затраты труда | D106: чел-ч | E106: =Source!AQ59 -> 14.63 | G106: =Source!DI59 | L106: =Source!U59 -> 16.5319
A107: =Source!E61 -> 8,1 | B107: =Source!F61 -> 06.1.01.05 | C107: =Source!G61 -> Кирпич глиняный обыкновенный | D107: =Source!H61 -> 1000 шт. | E107: =Source!I61 -> 0.452 | F107: =Source!AL61+Source!AM61+Source!AO61 -> 0 | H107: =ROUND(Source!AC61*Source!I61, 2)+ROUND(Source!AD61*Source!I61, 2)+ROUND(Source!AF61*Source!I61, 2) -> 0 | J107: =IF(Source!BC61<> 0, Source!BC61, 1) -> 7.13 | K107: =Source!O61 -> 0 | S107: =ROUND((Source!FX61/100)*((ROUND(Source!AF61*Source!I61, 2)+ROUND(Source!AE61*Source!I61, 2))), 2) -> 0 | T107: =Source!X61 -> 0 | U107: =ROUND((Source!FY61/100)*((ROUND(Source!AF61*Source!I61, 2)+ROUND(Source!AE61*Source!I61, 2))), 2) -> 0 | V107: =Source!Y61 -> 0 | W107: =IF(Source!BI61<=1,H107, 0) -> 0 | X107: =IF(Source!BI61=2,H107, 0) -> 0 | Y107: =IF(Source!BI61=3,H107, 0) -> 0 | Z107: =IF(Source!BI61=4,H107, 0) -> 0
A108: =Source!E63 -> 8,2 | B108: =Source!F63 -> 06.1.01.05-0141 | C108: =Source!G63 -> Кирпич керамический утолщенный пустотелый лицевой, размером 250х120х88 мм, марка 125 | D108: =Source!H63 -> 1000 шт. | E108: =Source!I63 -> 0.452 | F108: =Source!AL63+Source!AM63+Source!AO63 -> 1882.58 | H108: =ROUND(Source!AC63*Source!I63, 2)+ROUND(Source!AD63*Source!I63, 2)+ROUND(Source!AF63*Source!I63, 2) -> 850.93 | J108: =IF(Source!BC63<> 0, Source!BC63, 1) -> 7.13 | K108: =Source!O63 -> 6067.1 | S108: =ROUND((Source!FX63/100)*((ROUND(Source!AF63*Source!I63, 2)+ROUND(Source!AE63*Source!I63, 2))), 2) -> 0 | T108: =Source!X63 -> 0 | U108: =ROUND((Source!FY63/100)*((ROUND(Source!AF63*Source!I63, 2)+ROUND(Source!AE63*Source!I63, 2))), 2) -> 0 | V108: =Source!Y63 -> 0 | W108: =IF(Source!BI63<=1,H108, 0) -> 850.93 | X108: =IF(Source!BI63=2,H108, 0) -> 0 | Y108: =IF(Source!BI63=3,H108, 0) -> 0 | Z108: =IF(Source!BI63=4,H108, 0) -> 0
G109: =H101+H102+H103+H104+H105+SUM(H107:H108) -> 1343.47 | J109: =K101+K102+K103+K104+K105+SUM(K107:K108) -> 9583.63 | L109: =Source!U59 -> 16.5319 | O109: =G109 -> 1343.47 | P109: =J109 -> 9583.63 | Q109: =L109 -> 16.5319 | W109: =IF(Source!BI59<=1,H101+H102+H103+H104+H105, 0) -> 492.54 | X109: =IF(Source!BI59=2,H101+H102+H103+H104+H105, 0) -> 0 | Y109: =IF(Source!BI59=3,H101+H102+H103+H104+H105, 0) -> 0 | Z109: =IF(Source!BI59=4,H101+H102+H103+H104+H105, 0) -> 0
A110: =Source!E65 -> 9 | B110: =Source!F65 -> 11-01-011-01 | C110: =Source!G65 -> Устройство стяжек цементных толщиной 20 мм | D110: =Source!H65 -> 100 м2 | E110: =Source!I65 -> 0.1755 | F110: =Source!AL65+Source!AM65+Source!AO65 -> 366.49 | I110: =Source!BO65 | S110: =ROUND((Source!FX65/100)*((ROUND(Source!AF65*Source!I65, 2)+ROUND(Source!AE65*Source!I65, 2))), 2) -> 74.25 | T110: =Source!X65 -> 530.87 | U110: =ROUND((Source!FY65/100)*((ROUND(Source!AF65*Source!I65, 2)+ROUND(Source!AE65*Source!I65, 2))), 2) -> 42.76 | V110: =Source!Y65 -> 306.09
C111: ="Объем: "&Source!I65&"=17,55/"&"100" -> Объем: 0,1755=17,55/100
...

Sheet Акт КС-2 c НР и СП
A1: =Source!B1 -> Smeta.RU (495) 974-1589
E2: Унифицированная форма № КС-2
E3: Утверждена постановлением Госкомстата России
E4: от 11.11.99. № 100
G6: Код
F7: Форма по ОКУД | G7: 0322005
G8: =IF(Source!AT15 <> "", Source!AT15, "")
A9: Инвестор | C9: =IF(Source!BA15 <> "", Source!BA15, IF(Source!AU15 <> "", Source!AU15, "")) | F9: по ОКПО
C10: организация, адрес, телефон, факс | G10: =IF(Source!AK15 <> "", Source!AK15, "")
A11: Заказчик | C11: =IF(Source!AX12<> "", Source!AX12, IF(Source!AJ12 <> "", Source!AJ12, "")) | F11: по ОКПО
C12: организация, адрес, телефон, факс | G12: =IF(Source!AO15 <> "", Source!AO15, "")
A13: Подрядчик | C13: =IF(Source!AY12<> "", Source!AY12, IF(Source!AN12 <> "", Source!AN12, "")) | F13: по ОКПО
C14: организация, адрес, телефон, факс | G14: =IF(Source!CO15 <> "", Source!CO15, "")
A15: Стройка | C15: Капитальный ремонт 3-го этажа, балконов 5-го этажа НВПК НИЯУ МИФИ | AE15: Капитальный ремонт 3-го этажа, балконов 5-го этажа НВПК НИЯУ МИФИ
C16: наименование, адрес | G16: =IF(Source!CP15 <> "", Source!CP15, "")
A17: Объект | C17: =IF(Source!G12<>"Новый объект", Source!G12, "") -> Капитальный ремонт 3-го этажа, балконов 5-го этажа НВПК НИЯУ МИФИ | AE17: =IF(Source!G12<>"Новый объект", Source!G12, "") -> Капитальный ремонт 3-го этажа, балконов 5-го этажа НВПК НИЯУ МИФИ
C18: наименование
D19: Вид деятельности по ОКДП | G19: =IF(Source!CQ15 <> "", Source!CQ15, "")
D20: Договор подряда | F20: номер | G20: =IF(Source!CR15 <> "", Source!CR15, "")
F21: дата | G21: =IF(Source!CS15 <> 0, Source!CS15, "")
F22: Вид операции | G22: =IF(Source!CT15 <> "", Source!CT15, "")
D24: Номер документа | E24: Дата составления | F24: Отчетный период
F25: с | G25: по
D26: =IF(Source!CN15 <> "", Source!CN15, "") | E26: 43269.498
A28: AKT
A29: О ПРИЕМКЕ ВЫПОЛНЕННЫХ РАБОТ
A31: Сметная (договорная) стоимость в соответствии с договором подряда (субподряда) | F31: =(Source!P346/1000) -> 172.1377 | H31: тыс.руб
A33: Номер | C33: Наименование работ | D33: Номер единичной расценки | E33: Единица измерения | F33: Выполнено работ
A34: по порядку | B34: поз. по смете | F34: Количество | G34: цена за единицу, руб | H34: стоимость, руб
A35: 1 | B35: 2 | C35: 3 | D35: 4 | E35: 5 | F35: 6 | G35: 7 | H35: 8
A37: =CONCATENATE("Локальная смета: ",IF(Source!G20<>"Новая локальная смета", Source!G20, "")) -> Локальная смета:
A39: =CONCATENATE("Раздел: ",IF(Source!G24<>"Новый раздел", Source!G24, "")) -> Раздел: Раздел 1 Общестроительные работы
A40: 1 | B40: =Source!E29 -> 1 | C40: =Source!G29 -> Разборка деревянных заполнений проемов оконных с подоконными досками | D40: =Source!F29 -> 46-04-012-01 | E40: =Source!H29 -> 100 м2 | F40: =Source!I29 -> 0.0214 | G40: =Source!AB29 -> 1767.24 | H40: =Source!O29 -> 269.65 | T40: =Source!O29+Source!X29+Source!Y29 -> 665.03 | U40: =Source!P29 -> 0 | V40: =Source!S29 -> 232.73 | W40: =Source!Q29 -> 36.92 | X40: =Source!R29 -> 15.94 | Y40: =Source!U29 -> 4.034756 | Z40: =Source!V29 -> 0.165636 | AA40: =Source!X29 -> 246.18 | AB40: =Source!Y29 -> 149.2
C41: ="Объем: "&Source!I29&"=2,14/"&"100" -> Объем: 0,0214=2,14/100
C42: Коэфф. к ОЗП | D42: =Source!BA29 -> 7.13
C43: Коэфф. к эксплуатации машин | D43: =Source!BB29 -> 7.13
C44: Коэфф. к материалам | D44: =Source!BC29 -> 7.13
C45: Коэфф. к ЗПМ | D45: =Source!BS29 -> 7.13
C46: % НР | F46: =Source!BZ29 -> 110 | G46: =(Source!AF29+Source!AE29)*Source!FX29/100 -> 1613.4822 | H46: =Source!X29 -> 246.18
C47: % НР с поправкой | G47: =CONCATENATE(Source!DL29,Source!FT29, "=", Source!FX29, "%") -> *0,9=99% | H47: =CONCATENATE(Source!AT29) -> 99
C48: % СП | F48: =Source!CA29 -> 70 | G48: =(Source!AF29+Source!AE29)*Source!FY29/100 -> 969.7191 | H48: =Source!Y29 -> 149.2
C49: СП с поправкой | G49: =CONCATENATE(Source!DM29,Source!FU29, "=", Source!FY29, "%") -> *0,85=59,5% | H49: =CONCATENATE(Source!AU29) -> 60
C50: Итого с НР и СП | G50: =((Source!AF29+Source!AE29)*Source!FX29/100)+((Source!AF29+Source!AE29)*Source!FY29/100)+Source!AB29 -> 4350.4413 | H50: =Source!O29+Source!X29+Source!Y29 -> 665.03
A51: 2 | B51: =Source!E31 -> 2 | C51: =Source!G31 -> Разборка покрытий полов из керамических плиток | D51: =Source!F31 -> 57-2-3 | E51: =Source!H31 -> 100 м2 | F51: =Source!I31 -> 0.066 | G51: =Source!AB31 -> 641 | H51: =Source!O31 -> 301.64 | T51: =Source!O31+Source!X31+Source!Y31 -> 730.26 | U51: =Source!P31 -> 0 | V51: =Source!S31 -> 280.46 | W51: =Source!Q31 -> 21.18 | X51: =Source!R31 -> 9.15 | Y51: =Source!U31 -> 4.61142 | Z51: =Source!V31 -> 0.09504 | AA51: =Source!X31 -> 231.69 | AB51: =Source!Y31 -> 196.93
C52: ="Объем: "&Source!I31&"=6,6/"&"100" -> Объем: 0,066=6,6/100
C53: Коэфф. к ОЗП | D53: =Source!BA31 -> 7.13
C54: Коэфф. к эксплуатации машин | D54: =Source!BB31 -> 7.13
C55: Коэфф. к материалам | D55: =Source!BC31 -> 7.13
C56: Коэфф. к ЗПМ | D56: =Source!BS31 -> 7.13
C57: % НР | F57: =Source!BZ31 -> 80 | G57: =(Source!AF31+Source!AE31)*Source!FX31/100 -> 492.344 | H57: =Source!X31 -> 231.69
C58: % СП | F58: =Source!CA31 -> 68 | G58: =(Source!AF31+Source!AE31)*Source!FY31/100 -> 418.4924 | H58: =Source!Y31 -> 196.93
C59: Итого с НР и СП | G59: =((Source!AF31+Source!AE31)*Source!FX31/100)+((Source!AF31+Source!AE31)*Source!FY31/100)+Source!AB31 -> 1551.8364 | H59: =Source!O31+Source!X31+Source!Y31 -> 730.26
A60: 3 | B60: =Source!E33 -> 3 | C60: =Source!G33 -> Разборка плинтусов цементных и из керамической плитки | D60: =Source!F33 -> 57-3-2 | E60: =Source!H33 -> 100 м | F60: =Source!I33 -> 0.089 | G60: =Source!AB33 -> 111.38 | H60: =Source!O33 -> 70.68 | T60: =Source!O33+Source!X33+Source!Y33 -> 175.28 | U60: =Source!P33 -> 0 | V60: =Source!S33 -> 70.68 | W60: =Source!Q33 -> 0 | X60: =Source!R33 -> 0 | Y60: =Source!U33 -> 1.27092 | Z60: =Source!V33 -> 0 | AA60: =Source!X33 -> 56.54 | AB60: =Source!Y33 -> 48.06
C61: ="Объем: "&Source!I33&"=8,9/"&"100" -> Объем: 0,089=8,9/100
C62: Коэфф. к ОЗП | D62: =Source!BA33 -> 7.13
C63: Коэфф. к эксплуатации машин | D63: =Source!BB33 -> 7.13
C64: Коэфф. к материалам | D64: =Source!BC33 -> 7.13
C65: Коэфф. к ЗПМ | D65: =Source!BS33 -> 7.13
C66: % НР | F66: =Source!BZ33 -> 80 | G66: =(Source!AF33+Source!AE33)*Source!FX33/100 -> 89.104 | H66: =Source!X33 -> 56.54
C67: % СП | F67: =Source!CA33 -> 68 | G67: =(Source!AF33+Source!AE33)*Source!FY33/100 -> 75.7384 | H67: =Source!Y33 -> 48.06
C68: Итого с НР и СП | G68: =((Source!AF33+Source!AE33)*Source!FX33/100)+((Source!AF33+Source!AE33)*Source!FY33/100)+Source!AB33 -> 276.2224 | H68: =Source!O33+Source!X33+Source!Y33 -> 175.28
A69: 4 | B69: =Source!E35 -> 4 | C69: =Source!G35 -> Огрунтовка ранее окрашенных фасадов под окраску перхлорвиниловыми красками простых с земли и лесов | D69: =Source!F35 -> 62-25-1 прим. | E69: =Source!H35 -> 100 м2 | F69: =Source!I35 -> 0.336 | G69: =Source!AB35 -> 358.98 | H69: =Source!O35 -> 860 | T69: =Source!O35+Source!X35+Source!Y35 -> 975.83 | U69: =Source!P35 -> 708.23 | V69: =Source!S35 -> 88.81 | W69: =Source!Q35 -> 62.96 | X69: =Source!R35 -> 0.29 | Y69: =Source!U35 -> 1.44144 | Z69: =Source!V35 -> 0.00336 | AA69: =Source!X35 -> 71.28 | AB69: =Source!Y35 -> 44.55
C70: ="Объем: "&Source!I35&"=33,6/"&"100" -> Объем: 0,336=33,6/100
C71: Коэфф. к ОЗП | D71: =Source!BA35 -> 7.13
C72: Коэфф. к эксплуатации машин | D72: =Source!BB35 -> 7.13
C73: Коэфф. к материалам | D73: =Source!BC35 -> 7.13
C74: Коэфф. к ЗПМ | D74: =Source!BS35 -> 7.13
C75: % НР | F75: =Source!BZ35 -> 80 | G75: =(Source!AF35+Source!AE35)*Source!FX35/100 -> 29.752 | H75: =Source!X35 -> 71.28
C76: % СП | F76: =Source!CA35 -> 50 | G76: =(Source!AF35+Source!AE35)*Source!FY35/100 -> 18.595 | H76: =Source!Y35 -> 44.55
C77: Итого с НР и СП | G77: =((Source!AF35+Source!AE35)*Source!FX35/100)+((Source!AF35+Source!AE35)*Source!FY35/100)+Source!AB35 -> 407.327 | H77: =Source!O35+Source!X35+Source!Y35 -> 975.83
A78: 5 | B78: =Source!E37 -> 4,1 | C78: Исключен Грунтовка ХС-04 коричневая | D78: =Source!F37 -> 14.4.01.19-0001 | E78: =Source!H37 -> т | F78: =Source!I37 -> -0.00541 | G78: =Source!AB37 -> 18362 | H78: =Source!O37 -> -708.28 | T78: =Source!O37+Source!X37+Source!Y37 -> -708.28 | U78: =Source!P37 -> -708.28 | V78: =Source!S37 -> 0 | W78: =Source!Q37 -> 0 | X78: =Source!R37 -> 0 | Y78: =Source!U37 -> 0 | Z78: =Source!V37 -> 0 | AA78: =Source!X37 -> 0 | AB78: =Source!Y37 -> 0
C79: Коэфф. к материалам | D79: =Source!BC37 -> 7.13
A80: 6 | B80: =Source!E39 -> 4,2 | C80: =Source!G39 -> Грунтовка: «Бетоконтакт», КНАУФ | D80: =Source!F39 -> 14.3.01.01-0001 | E80: =Source!H39 -> кг | F80: =Source!I39 -> 5.4096 | G80: =Source!AB39 -> 15.09 | H80: =Source!O39 -> 582.03 | T80: =Source!O39+Source!X39+Source!Y39 -> 582.03 | U80: =Source!P39 -> 582.03 | V80: =Source!S39 -> 0 | W80: =Source!Q39 -> 0 | X80: =Source!R39 -> 0 | Y80: =Source!U39 -> 0 | Z80: =Source!V39 -> 0 | AA80: =Source!X39 -> 0 | AB80: =Source!Y39 -> 0
C81: Коэфф. к материалам | D81: =Source!BC39 -> 7.13
A82: 7 | B82: =Source!E41 -> 5 | C82: =Source!G41 -> Окраска силикатными красками за 1 раз ранее окрашенных фасадов по кирпичу с земли и лесов | D82: =Source!F41 -> 62-23-4 | E82: =Source!H41 -> 100 м2 | F82: =Source!I41 -> 0.336 | G82: =Source!AB41 -> 192.67 | H82: =Source!O41 -> 461.57 | T82: =Source!O41+Source!X41+Source!Y41 -> 930.09 | U82: =Source!P41 -> 95.56 | V82: =Source!S41 -> 359.3 | W82: =Source!Q41 -> 6.71 | X82: =Source!R41 -> 1.1 | Y82: =Source!U41 -> 5.76576 | Z82: =Source!V41 -> 0.01344 | AA82: =Source!X41 -> 288.32 | AB82: =Source!Y41 -> 180.2
C83: ="Объем: "&Source!I41&"=33,6/"&"100" -> Объем: 0,336=33,6/100
C84: Коэфф. к ОЗП | D84: =Source!BA41 -> 7.13
C85: Коэфф. к эксплуатации машин | D85: =Source!BB41 -> 7.13
C86: Коэфф. к материалам | D86: =Source!BC41 -> 7.13
C87: Коэфф. к ЗПМ | D87: =Source!BS41 -> 7.13
C88: % НР | F88: =Source!BZ41 -> 80 | G88: =(Source!AF41+Source!AE41)*Source!FX41/100 -> 120.352 | H88: =Source!X41 -> 288.32
C89: % СП | F89: =Source!CA41 -> 50 | G89: =(Source!AF41+Source!AE41)*Source!FY41/100 -> 75.22 | H89: =Source!Y41 -> 180.2
C90: Итого с НР и СП | G90: =((Source!AF41+Source!AE41)*Source!FX41/100)+((Source!AF41+Source!AE41)*Source!FY41/100)+Source!AB41 -> 388.242 | H90: =Source!O41+Source!X41+Source!Y41 -> 930.09
A91: 8 | B91: =Source!E43 -> 5,1 | C91: =Source!G43 -> Краски силикатные | D91: =Source!F43 -> 14.3.02.05 | E91: =Source!H43 -> т | F91: =Source!I43 -> 0.004704 | G91: =Source!AB43 -> 0 | H91: =Source!O43 -> 0 | T91: =Source!O43+Source!X43+Source!Y43 -> 0 | U91: =Source!P43 -> 0 | V91: =Source!S43 -> 0 | W91: =Source!Q43 -> 0 | X91: =Source!R43 -> 0 | Y91: =Source!U43 -> 0 | Z91: =Source!V43 -> 0 | AA91: =Source!X43 -> 0 | AB91: =Source!Y43 -> 0
C92: Коэфф. к материалам | D92: =Source!BC43 -> 7.13
A93: 9 | B93: =Source!E45 -> 5,2 | C93: =Source!G45 -> Краска силикатная фасадная CERESIT СТ (прим.) | D93: =Source!F45 -> 14.3.02.05-0102 | E93: =Source!H45 -> кг | F93: =Source!I45 -> 4.704 | G93: =Source!AB45 -> 78.24 | H93: =Source!O45 -> 2624.13 | T93: =Source!O45+Source!X45+Source!Y45 -> 2624.13 | U93: =Source!P45 -> 2624.13 | V93: =Source!S45 -> 0 | W93: =Source!Q45 -> 0 | X93: =Source!R45 -> 0 | Y93: =Source!U45 -> 0 | Z93: =Source!V45 -> 0 | AA93: =Source!X45 -> 0 | AB93: =Source!Y45 -> 0
C94: Коэфф. к материалам | D94: =Source!BC45 -> 7.13
A95: 10 | B95: =Source!E47 -> 6 | C95: =Source!G47 -> Монтаж стальных плинтусов из гнутого профиля | D95: =Source!F47 -> 09-03-050-01 | E95: =Source!H47 -> 100 м | F95: =Source!I47 -> 0.16 | G95: =Source!AB47 -> 140.859 | H95: =Source!O47 -> 160.69 | T95: =Source!O47+Source!X47+Source!Y47 -> 400.64 | U95: =Source!P47 -> 0 | V95: =Source!S47 -> 156 | W95: =Source!Q47 -> 4.69 | X95: =Source!R47 -> 0.83 | Y95: =Source!U47 -> 2.3552 | Z95: =Source!V47 -> 0.01 | AA95: =Source!X47 -> 127.03 | AB95: =Source!Y47 -> 112.92
C96: ="Объем: "&Source!I47&"=16/"&"100" -> Объем: 0,16=16/100
C97: Коэфф. к ОЗП | D97: =Source!BA47 -> 7.13
C98: Коэфф. к эксплуатации машин | D98: =Source!BB47 -> 7.13
C99: Коэфф. к материалам | D99: =Source!BC47 -> 7.13
C100: Коэфф. к ЗПМ | D100: =Source!BS47 -> 7.13
C101: Эксплуатация машин | D101: )*1,25
C102: Оплата труда машинистов | D102: )*1,25
C103: Оплата труда рабочих | D103: )*1,15
C104: Затраты труда рабочих | D104: )*1,15
C105: Затраты труда машинистов | D105: )*1,25
C106: % НР | F106: =Source!BZ47 -> 90 | G106: =(Source!AF47+Source!AE47)*Source!FX47/100 -> 111.35191 | H106: =Source!X47 -> 127.03
C107: % НР с поправкой | G107: =CONCATENATE(Source!DL47,Source!FT47, "=", Source!FX47, "%") -> *0,9=81% | H107: =CONCATENATE(Source!AT47) -> 81
...

Sheet Source
A1: 0 | B1: Smeta.RU (495) 974-1589 | D1: _PS_ | F1: 0 | G1: 0 | H1: 0 | I1: Smeta.RU | J1: НИЯУ МИФИ Доп. раб. место MCCS-0027251 | K1: 0 | L1: 27251 | M1: 10
A12: 1 | B12: 377 | C12: 0 | D12: =ROW(A316) -> 316 | E12: 0 | F12: Новый объект | G12: Капитальный ремонт 3-го этажа, балконов 5-го этажа НВПК НИЯУ МИФИ | I12: 0 | K12: 0 | O12: 0 | P12: 0 | Q12: 0 | R12: 0 | S12: 0 | V12: 0 | BH12: Сметные нормы списания | BI12: Коды ценников | BJ12: 1 | BK12: 1 | BL12: 0 | BM12: 0 | BN12: 1 | BO12: 0 | BP12: 6 | BQ12: 2 | BR12: 1 | BS12: 1 | BT12: 0 | BU12: 0 | BV12: 0 | BW12: 0 | BX12: 0 | BY12: ФЕР-2017 | BZ12: ТР для Версии 10: Центральные регионы (с учетом п-ма 2536-ИП/12/ГС от 22.03.2017 г | CA12: ФЕР-2017 | CB12: ФЕР-2017 | CC12: ФЕР-2017 | CD12: ФЕР-2017 | CE12: Поправки для ГСН 2017 от 31.03.2017 г | CF12: 0 | CG12: 0 | CH12: 524296 | CK12: 4 | EC12: 0
A15: 15 | B15: 1
A18: 52 | B18: =B316 -> 377 | C18: =C316 -> 1 | D18: =D316 -> 12 | E18: =E316 -> 0 | F18: =F316 -> Новый объект | G18: =G316 -> Капитальный ремонт 3-го этажа, балконов 5-го этажа НВПК НИЯУ МИФИ | O18: =O316 -> 16287.23 | P18: =P316 -> 14195.38 | Q18: =Q316 -> 174.87 | R18: =R316 -> 54.43 | S18: =S316 -> 1916.98 | T18: =T316 -> 0 | U18: =U316 -> 219.59883 | V18: =V316 -> 4.9451797 | ... GX18: =GX316 -> 0
A20: 3 | B20: 1 | D20: =ROW(A284) -> 284 | F20: Новая локальная смета | G20: Новая локальная смета | I20: 0 | K20: 0 | V20: 0 | BX20: 0 | CF20: 0 | CG20: 0
A22: 52 | B22: =B284 -> 1 | C22: =C284 -> 3 | D22: =D284 -> 20 | E22: =E284 -> 0 | F22: =F284 -> Новая локальная смета | G22: =G284 -> Новая локальная смета | O22: =O284 -> 16287.23 | P22: =P284 -> 14195.38 | Q22: =Q284 -> 174.87 | R22: =R284 -> 54.43 | S22: =S284 -> 1916.98 | T22: =T284 -> 0 | U22: =U284 -> 219.59883 | V22: =V284 -> 4.9451797 | ... GX22: =GX284 -> 0
A24: 4 | B24: 1 | D24: =ROW(A147) -> 147 | F24: Новый раздел | G24: Раздел 1 Общестроительные работы | I24: 0 | K24: 0 | V24: 0 | BX24: 0 | CJ24: 0
A26: 52 | B26: =B147 -> 1 | C26: =C147 -> 4 | D26: =D147 -> 24 | E26: =E147 -> 0 | F26: =F147 -> Новый раздел | G26: =G147 -> Раздел 1 Общестроительные работы | O26: =O147 -> 14068.69 | P26: =P147 -> 12267.49 | Q26: =Q147 -> 124.76 | R26: =R147 -> 47.35 | S26: =S147 -> 1676.44 | T26: =T147 -> 0 | U26: =U147 -> 190.25853 | V26: =V147 -> 4.3824797 | ... GX26: =GX147 -> 0
A28: 17 | B28: 1 | C28: =ROW(SmtRes!A3) -> 3 | D28: =ROW(EtalonRes!A3) -> 3 | E28: 1 | F28: 46-04-012-01 | G28: Разборка деревянных заполнений проемов оконных с подоконными досками | H28: 100 м2 | I28: =ROUND(2.14/100,9) -> 0.0214 | J28: 0 | O28: =ROUND(CP28,2) -> 37.82 | P28: =ROUND(CQ28*I28,2) -> 0 | Q28: =ROUND(CR28*I28,2) -> 5.18 | R28: =ROUND(CS28*I28,2) -> 2.24 | S28: =ROUND(CT28*I28,2) -> 32.64 | T28: =ROUND(CU28*I28,2) -> 0 | U28: =CV28*I28 -> 4.034756 | V28: =CW28*I28 -> 0.165636 | W28: =ROUND(CX28*I28,2) -> 0 | X28: =ROUND(CY28,2) -> 34.53 | Y28: =ROUND(CZ28,2) -> 20.93 | AA28: 16687810 | AB28: =ROUND((AC28+AD28+AF28),6) -> 1767.24 | AC28: =ROUND((ES28),6) -> 0 | AD28: =ROUND((((ET28)-(EU28))+AE28),6) -> 241.95 | AE28: =ROUND((EU28),6) -> 104.49 | AF28: =ROUND((EV28),6) -> 1525.29 | AG28: =ROUND((AP28),6) -> 0 | AH28: =(EW28) -> 188.54 | AI28: =(EX28) -> 7.74 | AJ28: =ROUND((AS28),6) -> 0 | AK28: 1767.24 | AL28: 0 | AM28: 241.95 | AN28: 104.49 | AO28: 1525.29 | AP28: 0 | AQ28: 188.54 | AR28: 7.74 | AS28: 0 | AT28: 99 | AU28: 60 | AV28: 1 | AW28: 1 | AZ28: 1 | BA28: 1 | BB28: 1 | BC28: 1 | BH28: 0 | BI28: 1 | BJ28: ФЕР-2001, 46-04-012-01, приказ Минстроя России №1039/пр от 30.12.2016г. | BM28: 46001 | BN28: 0 | BP28: 0 | BQ28: 2 | BR28: 0 | BS28: 1 | BT28: 1 | BU28: 1 | BV28: 1 | BW28: 1 | BX28: 1 | BZ28: 110 | CA28: 70 | CF28: 0 | CG28: 0 | CM28: 0 | CO28: 0 | CP28: =(P28+Q28+S28) -> 37.82 | CQ28: =AC28*BC28 -> 0 | CR28: =AD28*BB28 -> 241.95 | CS28: =AE28*BS28 -> 104.49 | CT28: =AF28*BA28 -> 1525.29 | CU28: =AG28 -> 0 | CV28: =AH28 -> 188.54 | CW28: =AI28 -> 7.74 | CX28: =AJ28 -> 0 | CY28: =(((S28+R28)*AT28)/100) -> 34.5312 | CZ28: =(((S28+R28)*AU28)/100) -> 20.928 | DN28: 0 | DO28: 0 | DP28: 1 | DQ28: 1 | DU28: 1005 | DV28: 100 м2 | DW28: 100 м2 | DX28: 100 | EE28: 16510555 | EF28: 2 | EG28: Общестроительные работы | EH28: 0 | EJ28: 1 | EK28: 46001 | EL28: Реконструкция зданий и сооружений | EM28: ФЕР-46 | EQ28: 0 | ER28: 1767.24 | ES28: 0 | ET28: 241.95 | EU28: 104.49 | EV28: 1525.29 | EW28: 188.54 | EX28: 7.74 | EY28: 0 | FQ28: 0 | FR28: =ROUND(IF(AND(BH28=3,BI28=3),P28,0),2) -> 0 | FS28: 0 | FT28: *0,9 | FU28: *0,85 | FX28: 99 | FY28: 59.5 | GD28: 0 | GF28: 1630687704 | GG28: 2 | GH28: 1 | GI28: -2 | GJ28: 0 | GK28: =ROUND(R28*(R12)/100,2) -> 0 | GL28: =ROUND(IF(AND(BH28=3,BI28=3,FS28<>0),P28,0),2) -> 0 | GM28: =ROUND(O28+X28+Y28+GK28,2)+GX28 -> 93.28 | GN28: =IF(OR(BI28=0,BI28=1),ROUND(O28+X28+Y28+GK28,2),0) -> 93.28 | GO28: =IF(BI28=2,ROUND(O28+X28+Y28+GK28,2),0) -> 0 | GP28: =IF(BI28=4,ROUND(O28+X28+Y28+GK28,2)+GX28,0) -> 0 | GR28: 0 | GS28: 3 | GT28: 0 | GV28: =ROUND(GT28,6) -> 0 | GW28: 1 | GX28: =ROUND(GV28*GW28*I28,2) -> 0 | HA28: 0 | HB28: 0 | IK28: 0
A29: 17 | B29: 1 | C29: =ROW(SmtRes!A6) -> 6 | D29: =ROW(EtalonRes!A6) -> 6 | E29: 1 | F29: 46-04-012-01 | G29: Разборка деревянных заполнений проемов оконных с подоконными досками | H29: 100 м2 | I29: =ROUND(2.14/100,9) -> 0.0214 | J29: 0 | O29: =ROUND(CP29,2) -> 269.65 | P29: =ROUND(CQ29*I29,2) -> 0 | Q29: =ROUND(CR29*I29,2) -> 36.92 | R29: =ROUND(CS29*I29,2) -> 15.94 | S29: =ROUND(CT29*I29,2) -> 232.73 | T29: =ROUND(CU29*I29,2) -> 0 | U29: =CV29*I29 -> 4.034756 | V29: =CW29*I29 -> 0.165636 | W29: =ROUND(CX29*I29,2) -> 0 | X29: =ROUND(CY29,2) -> 246.18 | Y29: =ROUND(CZ29,2) -> 149.2 | AA29: 16687824 | AB29: =ROUND((AC29+AD29+AF29),6) -> 1767.24 | AC29: =ROUND((ES29),6) -> 0 | AD29: =ROUND((((ET29)-(EU29))+AE29),6) -> 241.95 | AE29: =ROUND((EU29),6) -> 104.49 | AF29: =ROUND((EV29),6) -> 1525.29 | AG29: =ROUND((AP29),6) -> 0 | AH29: =(EW29) -> 188.54 | AI29: =(EX29) -> 7.74 | AJ29: =ROUND((AS29),6) -> 0 | AK29: 1767.24 | AL29: 0 | AM29: 241.95 | AN29: 104.49 | AO29: 1525.29 | AP29: 0 | AQ29: 188.54 | AR29: 7.74 | AS29: 0 | AT29: 99 | AU29: 60 | AV29: 1 | AW29: 1 | AZ29: 7.13 | BA29: 7.13 | BB29: 7.13 | BC29: 7.13 | BH29: 0 | BI29: 1 | BJ29: ФЕР-2001, 46-04-012-01, приказ Минстроя России №1039/пр от 30.12.2016г. | BM29: 46001 | BN29: 0 | BP29: 0 | BQ29: 2 | BR29: 0 | BS29: 7.13 | BT29: 1 | BU29: 1 | BV29: 1 | BW29: 1 | BX29: 1 | BZ29: 110 | CA29: 70 | CF29: 0 | CG29: 0 | CM29: 0 | CO29: 0 | CP29: =(P29+Q29+S29) -> 269.65 | CQ29: =AC29*BC29 -> 0 | CR29: =AD29*BB29 -> 1725.1035 | CS29: =AE29*BS29 -> 745.0137 | CT29: =AF29*BA29 -> 10875.318 | CU29: =AG29 -> 0 | CV29: =AH29 -> 188.54 | CW29: =AI29 -> 7.74 | CX29: =AJ29 -> 0 | CY29: =(((S29+R29)*AT29)/100) -> 246.1833 | CZ29: =(((S29+R29)*AU29)/100) -> 149.202 | DN29: 0 | DO29: 0 | DP29: 1 | DQ29: 1 | DU29: 1005 | DV29: 100 м2 | DW29: 100 м2 | DX29: 100 | EE29: 16510555 | EF29: 2 | EG29: Общестроительные работы | EH29: 0 | EJ29: 1 | EK29: 46001 | EL29: Реконструкция зданий и сооружений | EM29: ФЕР-46 | EQ29: 0 | ER29: 1767.24 | ES29: 0 | ET29: 241.95 | EU29: 104.49 | EV29: 1525.29 | EW29: 188.54 | EX29: 7.74 | EY29: 0 | FQ29: 0 | FR29: =ROUND(IF(AND(BH29=3,BI29=3),P29,0),2) -> 0 | FS29: 0 | FT29: *0,9 | FU29: *0,85 | FX29: 99 | FY29: 59.5 | GD29: 0 | GF29: 1630687704 | GG29: 1 | GH29: 1 | GI29: 4 | GJ29: 0 | GK29: =ROUND(R29*(S12)/100,2) -> 0 | GL29: =ROUND(IF(AND(BH29=3,BI29=3,FS29<>0),P29,0),2) -> 0 | GM29: =ROUND(O29+X29+Y29+GK29,2)+GX29 -> 665.03 | GN29: =IF(OR(BI29=0,BI29=1),ROUND(O29+X29+Y29+GK29,2),0) -> 665.03 | GO29: =IF(BI29=2,ROUND(O29+X29+Y29+GK29,2),0) -> 0 | GP29: =IF(BI29=4,ROUND(O29+X29+Y29+GK29,2)+GX29,0) -> 0 | GR29: 0 | GS29: 3 | GT29: 0 | GV29: =ROUND(GT29,6) -> 0 | GW29: 1 | GX29: =ROUND(GV29*GW29*I29,2) -> 0 | HA29: 0 | HB29: 0 | IK29: 0
A30: 17 | B30: 1 | C30: =ROW(SmtRes!A9) -> 9 | D30: =ROW(EtalonRes!A10) -> 10 | E30: 2 | F30: 57-2-3 | G30: Разборка покрытий полов из керамических плиток | H30: 100 м2 | I30: =ROUND(6.6/100,9) -> 0.066 | J30: 0 | O30: =ROUND(CP30,2) -> 42.31 | P30: =ROUND(CQ30*I30,2) -> 0 | Q30: =ROUND(CR30*I30,2) -> 2.97 | R30: =ROUND(CS30*I30,2) -> 1.28 | S30: =ROUND(CT30*I30,2) -> 39.34 | T30: =ROUND(CU30*I30,2) -> 0 | U30: =CV30*I30 -> 4.61142 | V30: =CW30*I30 -> 0.09504 | W30: =ROUND(CX30*I30,2) -> 0 | X30: =ROUND(CY30,2) -> 32.5 | Y30: =ROUND(CZ30,2) -> 27.62 | AA30: 16687810 | AB30: =ROUND((AC30+AD30+AF30),6) -> 641 | AC30: =ROUND((ES30),6) -> 0 | AD30: =ROUND((((ET30)-(EU30))+AE30),6) -> 45.01 | AE30: =ROUND((EU30),6) -> 19.44 | AF30: =ROUND((EV30),6) -> 595.99 | AG30: =ROUND((AP30),6) -> 0 | AH30: =(EW30) -> 69.87 | AI30: =(EX30) -> 1.44 | AJ30: =ROUND((AS30),6) -> 0 | AK30: 641 | AL30: 0 | AM30: 45.01 | AN30: 19.44 | AO30: 595.99 | AP30: 0 | AQ30: 69.87 | AR30: 1.44 | AS30: 0 | AT30: 80 | AU30: 68 | AV30: 1 | AW30: 1 | AZ30: 1 | BA30: 1 | BB30: 1 | BC30: 1 | BH30: 0 | BI30: 1 | BJ30: ФЕРр-2001, 57-2-3, приказ Минстроя России №1039/пр от 30.12.2016г. | BM30: 57001 | BN30: 0 | BP30: 0 | BQ30: 6 | BR30: 0 | BS30: 1 | BT30: 1 | BU30: 1 | BV30: 1 | BW30: 1 | BX30: 1 | BZ30: 80 | CA30: 68 | CF30: 0 | CG30: 0 | CM30: 0 | CO30: 0 | CP30: =(P30+Q30+S30) -> 42.31 | CQ30: =AC30*BC30 -> 0 | CR30: =AD30*BB30 -> 45.01 | CS30: =AE30*BS30 -> 19.44 | CT30: =AF30*BA30 -> 595.99 | CU30: =AG30 -> 0 | CV30: =AH30 -> 69.87 | CW30: =AI30 -> 1.44 | CX30: =AJ30 -> 0 | CY30: =(((S30+R30)*AT30)/100) -> 32.496 | CZ30: =(((S30+R30)*AU30)/100) -> 27.6216 | DN30: 0 | DO30: 0 | DP30: 1 | DQ30: 1 | DU30: 1005 | DV30: 100 м2 | DW30: 100 м2 | DX30: 100 | EE30: 16510566 | EF30: 6 | EG30: Ремонтно-строительные работы | EH30: 0 | EJ30: 1 | EK30: 57001 | EL30: Полы | EM30: рФЕР-57 | EQ30: 0 | ER30: 641 | ES30: 0 | ET30: 45.01 | EU30: 19.44 | EV30: 595.99 | EW30: 69.87 | EX30: 1.44 | EY30: 0 | FQ30: 0 | FR30: =ROUND(IF(AND(BH30=3,BI30=3),P30,0),2) -> 0 | FS30: 0 | FX30: 80 | FY30: 68 | GD30: 0 | GF30: -1405612292 | GG30: 2 | GH30: 1 | GI30: -2 | GJ30: 0 | GK30: =ROUND(R30*(R12)/100,2) -> 0 | GL30: =ROUND(IF(AND(BH30=3,BI30=3,FS30<>0),P30,0),2) -> 0 | GM30: =ROUND(O30+X30+Y30+GK30,2)+GX30 -> 102.43 | GN30: =IF(OR(BI30=0,BI30=1),ROUND(O30+X30+Y30+GK30,2),0) -> 102.43 | GO30: =IF(BI30=2,ROUND(O30+X30+Y30+GK30,2),0) -> 0 | GP30: =IF(BI30=4,ROUND(O30+X30+Y30+GK30,2)+GX30,0) -> 0 | GR30: 0 | GS30: 3 | GT30: 0 | GV30: =ROUND(GT30,6) -> 0 | GW30: 1 | GX30: =ROUND(GV30*GW30*I30,2) -> 0 | HA30: 0 | HB30: 0 | IK30: 0
A31: 17 | B31: 1 | C31: =ROW(SmtRes!A12) -> 12 | D31: =ROW(EtalonRes!A14) -> 14 | E31: 2 | F31: 57-2-3 | G31: Разборка покрытий полов из керамических плиток | H31: 100 м2 | I31: =ROUND(6.6/100,9) -> 0.066 | J31: 0 | O31: =ROUND(CP31,2) -> 301.64 | P31: =ROUND(CQ31*I31,2) -> 0 | Q31: =ROUND(CR31*I31,2) -> 21.18 | R31: =ROUND(CS31*I31,2) -> 9.15 | S31: =ROUND(CT31*I31,2) -> 280.46 | T31: =ROUND(CU31*I31,2) -> 0 | U31: =CV31*I31 -> 4.61142 | V31: =CW31*I31 -> 0.09504 | W31: =ROUND(CX31*I31,2) -> 0 | X31: =ROUND(CY31,2) -> 231.69 | Y31: =ROUND(CZ31,2) -> 196.93 | AA31: 16687824 | AB31: =ROUND((AC31+AD31+AF31),6) -> 641 | AC31: =ROUND((ES31),6) -> 0 | AD31: =ROUND((((ET31)-(EU31))+AE31),6) -> 45.01 | AE31: =ROUND((EU31),6) -> 19.44 | AF31: =ROUND((EV31),6) -> 595.99 | AG31: =ROUND((AP31),6) -> 0 | AH31: =(EW31) -> 69.87 | AI31: =(EX31) -> 1.44 | AJ31: =ROUND((AS31),6) -> 0 | AK31: 641 | AL31: 0 | AM31: 45.01 | AN31: 19.44 | AO31: 595.99 | AP31: 0 | AQ31: 69.87 | AR31: 1.44 | AS31: 0 | AT31: 80 | AU31: 68 | AV31: 1 | AW31: 1 | AZ31: 7.13 | BA31: 7.13 | BB31: 7.13 | BC31: 7.13 | BH31: 0 | BI31: 1 | BJ31: ФЕРр-2001, 57-2-3, приказ Минстроя России №1039/пр от 30.12.2016г. | BM31: 57001 | BN31: 0 | BP31: 0 | BQ31: 6 | BR31: 0 | BS31: 7.13 | BT31: 1 | BU31: 1 | BV31: 1 | BW31: 1 | BX31: 1 | BZ31: 80 | CA31: 68 | CF31: 0 | CG31: 0 | CM31: 0 | CO31: 0 | CP31: =(P31+Q31+S31) -> 301.64 | CQ31: =AC31*BC31 -> 0 | CR31: =AD31*BB31 -> 320.9213 | CS31: =AE31*BS31 -> 138.6072 | CT31: =AF31*BA31 -> 4249.4087 | CU31: =AG31 -> 0 | CV31: =AH31 -> 69.87 | CW31: =AI31 -> 1.44 | CX31: =AJ31 -> 0 | CY31: =(((S31+R31)*AT31)/100) -> 231.688 | CZ31: =(((S31+R31)*AU31)/100) -> 196.9348 | DN31: 0 | DO31: 0 | DP31: 1 | DQ31: 1 | DU31: 1005 | DV31: 100 м2 | DW31: 100 м2 | DX31: 100 | EE31: 16510566 | EF31: 6 | EG31: Ремонтно-строительные работы | EH31: 0 | EJ31: 1 | EK31: 57001 | EL31: Полы | EM31: рФЕР-57 | EQ31: 0 | ER31: 641 | ES31: 0 | ET31: 45.01 | EU31: 19.44 | EV31: 595.99 | EW31: 69.87 | EX31: 1.44 | EY31: 0 | FQ31: 0 | FR31: =ROUND(IF(AND(BH31=3,BI31=3),P31,0),2) -> 0 | FS31: 0 | FX31: 80 | FY31: 68 | GD31: 0 | GF31: -1405612292 | GG31: 1 | GH31: 1 | GI31: 4 | GJ31: 0 | GK31: =ROUND(R31*(S12)/100,2) -> 0 | GL31: =ROUND(IF(AND(BH31=3,BI31=3,FS31<>0),P31,0),2) -> 0 | GM31: =ROUND(O31+X31+Y31+GK31,2)+GX31 -> 730.26 | GN31: =IF(OR(BI31=0,BI31=1),ROUND(O31+X31+Y31+GK31,2),0) -> 730.26 | GO31: =IF(BI31=2,ROUND(O31+X31+Y31+GK31,2),0) -> 0 | GP31: =IF(BI31=4,ROUND(O31+X31+Y31+GK31,2)+GX31,0) -> 0 | GR31: 0 | GS31: 3 | GT31: 0 | GV31: =ROUND(GT31,6) -> 0 | GW31: 1 | GX31: =ROUND(GV31*GW31*I31,2) -> 0 | HA31: 0 | HB31: 0 | IK31: 0
A32: 17 | B32: 1 | C32: =ROW(SmtRes!A13) -> 13 | D32: =ROW(EtalonRes!A16) -> 16 | E32: 3 | F32: 57-3-2 | G32: Разборка плинтусов цементных и из керамической плитки | H32: 100 м | I32: =ROUND(8.9/100,9) -> 0.089 | J32: 0 | O32: =ROUND(CP32,2) -> 9.91 | P32: =ROUND(CQ32*I32,2) -> 0 | Q32: =ROUND(CR32*I32,2) -> 0 | R32: =ROUND(CS32*I32,2) -> 0 | S32: =ROUND(CT32*I32,2) -> 9.91 | T32: =ROUND(CU32*I32,2) -> 0 | U32: =CV32*I32 -> 1.27092 | V32: =CW32*I32 -> 0 | W32: =ROUND(CX32*I32,2) -> 0 | X32: =ROUND(CY32,2) -> 7.93 | Y32: =ROUND(CZ32,2) -> 6.74 | AA32: 16687810 | AB32: =ROUND((AC32+AD32+AF32),6) -> 111.38 | AC32: =ROUND((ES32),6) -> 0 | AD32: =ROUND((((ET32)-(EU32))+AE32),6) -> 0 | AE32: =ROUND((EU32),6) -> 0 | AF32: =ROUND((EV32),6) -> 111.38 | AG32: =ROUND((AP32),6) -> 0 | AH32: =(EW32) -> 14.28 | AI32: =(EX32) -> 0 | AJ32: =ROUND((AS32),6) -> 0 | AK32: 111.38 | AL32: 0 | AM32: 0 | AN32: 0 | AO32: 111.38 | AP32: 0 | AQ32: 14.28 | AR32: 0 | AS32: 0 | AT32: 80 | AU32: 68 | AV32: 1 | AW32: 1 | AZ32: 1 | BA32: 1 | BB32: 1 | BC32: 1 | BH32: 0 | BI32: 1 | BJ32: ФЕРр-2001, 57-3-2, приказ Минстроя России №1039/пр от 30.12.2016г. | BM32: 57001 | BN32: 0 | BP32: 0 | BQ32: 6 | BR32: 0 | BS32: 1 | BT32: 1 | BU32: 1 | BV32: 1 | BW32: 1 | BX32: 1 | BZ32: 80 | CA32: 68 | CF32: 0 | CG32: 0 | CM32: 0 | CO32: 0 | CP32: =(P32+Q32+S32) -> 9.91 | CQ32: =AC32*BC32 -> 0 | CR32: =AD32*BB32 -> 0 | CS32: =AE32*BS32 -> 0 | CT32: =AF32*BA32 -> 111.38 | CU32: =AG32 -> 0 | CV32: =AH32 -> 14.28 | CW32: =AI32 -> 0 | CX32: =AJ32 -> 0 | CY32: =(((S32+R32)*AT32)/100) -> 7.928 | CZ32: =(((S32+R32)*AU32)/100) -> 6.7388 | DN32: 0 | DO32: 0 | DP32: 1 | DQ32: 1 | DU32: 1003 | DV32: 100 м | DW32: 100 м | DX32: 100 | EE32: 16510566 | EF32: 6 | EG32: Ремонтно-строительные работы | EH32: 0 | EJ32: 1 | EK32: 57001 | EL32: Полы | EM32: рФЕР-57 | EQ32: 0 | ER32: 111.38 | ES32: 0 | ET32: 0 | EU32: 0 | EV32: 111.38 | EW32: 14.28 | EX32: 0 | EY32: 0 | FQ32: 0 | FR32: =ROUND(IF(AND(BH32=3,BI32=3),P32,0),2) -> 0 | FS32: 0 | FX32: 80 | FY32: 68 | GD32: 0 | GF32: 1153252125 | GG32: 2 | GH32: 1 | GI32: -2 | GJ32: 0 | GK32: =ROUND(R32*(R12)/100,2) -> 0 | GL32: =ROUND(IF(AND(BH32=3,BI32=3,FS32<>0),P32,0),2) -> 0 | GM32: =ROUND(O32+X32+Y32+GK32,2)+GX32 -> 24.58 | GN32: =IF(OR(BI32=0,BI32=1),ROUND(O32+X32+Y32+GK32,2),0) -> 24.58 | GO32: =IF(BI32=2,ROUND(O32+X32+Y32+GK32,2),0) -> 0 | GP32: =IF(BI32=4,ROUND(O32+X32+Y32+GK32,2)+GX32,0) -> 0 | GR32: 0 | GS32: 3 | GT32: 0 | GV32: =ROUND(GT32,6) -> 0 | GW32: 1 | GX32: =ROUND(GV32*GW32*I32,2) -> 0 | HA32: 0 | HB32: 0 | IK32: 0
A33: 17 | B33: 1 | C33: =ROW(SmtRes!A14) -> 14 | D33: =ROW(EtalonRes!A18) -> 18 | E33: 3 | F33: 57-3-2 | G33: Разборка плинтусов цементных и из керамической плитки | H33: 100 м | I33: =ROUND(8.9/100,9) -> 0.089 | J33: 0 | O33: =ROUND(CP33,2) -> 70.68 | P33: =ROUND(CQ33*I33,2) -> 0 | Q33: =ROUND(CR33*I33,2) -> 0 | R33: =ROUND(CS33*I33,2) -> 0 | S33: =ROUND(CT33*I33,2) -> 70.68 | T33: =ROUND(CU33*I33,2) -> 0 | U33: =CV33*I33 -> 1.27092 | V33: =CW33*I33 -> 0 | W33: =ROUND(CX33*I33,2) -> 0 | X33: =ROUND(CY33,2) -> 56.54 | Y33: =ROUND(CZ33,2) -> 48.06 | AA33: 16687824 | AB33: =ROUND((AC33+AD33+AF33),6) -> 111.38 | AC33: =ROUND((ES33),6) -> 0 | AD33: =ROUND((((ET33)-(EU33))+AE33),6) -> 0 | AE33: =ROUND((EU33),6) -> 0 | AF33: =ROUND((EV33),6) -> 111.38 | AG33: =ROUND((AP33),6) -> 0 | AH33: =(EW33) -> 14.28 | AI33: =(EX33) -> 0 | AJ33: =ROUND((AS33),6) -> 0 | AK33: 111.38 | AL33: 0 | AM33: 0 | AN33: 0 | AO33: 111.38 | AP33: 0 | AQ33: 14.28 | AR33: 0 | AS33: 0 | AT33: 80 | AU33: 68 | AV33: 1 | AW33: 1 | AZ33: 7.13 | BA33: 7.13 | BB33: 7.13 | BC33: 7.13 | BH33: 0 | BI33: 1 | BJ33: ФЕРр-2001, 57-3-2, приказ Минстроя России №1039/пр от 30.12.2016г. | BM33: 57001 | BN33: 0 | BP33: 0 | BQ33: 6 | BR33: 0 | BS33: 7.13 | BT33: 1 | BU33: 1 | BV33: 1 | BW33: 1 | BX33: 1 | BZ33: 80 | CA33: 68 | CF33: 0 | CG33: 0 | CM33: 0 | CO33: 0 | CP33: =(P33+Q33+S33) -> 70.68 | CQ33: =AC33*BC33 -> 0 | CR33: =AD33*BB33 -> 0 | CS33: =AE33*BS33 -> 0 | CT33: =AF33*BA33 -> 794.1394 | CU33: =AG33 -> 0 | CV33: =AH33 -> 14.28 | CW33: =AI33 -> 0 | CX33: =AJ33 -> 0 | CY33: =(((S33+R33)*AT33)/100) -> 56.544 | CZ33: =(((S33+R33)*AU33)/100) -> 48.0624 | DN33: 0 | DO33: 0 | DP33: 1 | DQ33: 1 | DU33: 1003 | DV33: 100 м | DW33: 100 м | DX33: 100 | EE33: 16510566 | EF33: 6 | EG33: Ремонтно-строительные работы | EH33: 0 | EJ33: 1 | EK33: 57001 | EL33: Полы | EM33: рФЕР-57 | EQ33: 0 | ER33: 111.38 | ES33: 0 | ET33: 0 | EU33: 0 | EV33: 111.38 | EW33: 14.28 | EX33: 0 | EY33: 0 | FQ33: 0 | FR33: =ROUND(IF(AND(BH33=3,BI33=3),P33,0),2) -> 0 | FS33: 0 | FX33: 80 | FY33: 68 | GD33: 0 | GF33: 1153252125 | GG33: 1 | GH33: 1 | GI33: 4 | GJ33: 0 | GK33: =ROUND(R33*(S12)/100,2) -> 0 | GL33: =ROUND(IF(AND(BH33=3,BI33=3,FS33<>0),P33,0),2) -> 0 | GM33: =ROUND(O33+X33+Y33+GK33,2)+GX33 -> 175.28 | GN33: =IF(OR(BI33=0,BI33=1),ROUND(O33+X33+Y33+GK33,2),0) -> 175.28 | GO33: =IF(BI33=2,ROUND(O33+X33+Y33+GK33,2),0) -> 0 | GP33: =IF(BI33=4,ROUND(O33+X33+Y33+GK33,2)+GX33,0) -> 0 | GR33: 0 | GS33: 3 | GT33: 0 | GV33: =ROUND(GT33,6) -> 0 | GW33: 1 | GX33: =ROUND(GV33*GW33*I33,2) -> 0 | HA33: 0 | HB33: 0 | IK33: 0
A34: 17 | B34: 1 | C34: =ROW(SmtRes!A22) -> 22 | D34: =ROW(EtalonRes!A25) -> 25 | E34: 4 | F34: 62-25-1 прим. | G34: Огрунтовка ранее окрашенных фасадов под окраску перхлорвиниловыми красками простых с земли и лесов | H34: 100 м2 | I34: =ROUND(33.6/100,9) -> 0.336 | J34: 0 | O34: =ROUND(CP34,2) -> 120.62 | P34: =ROUND(CQ34*I34,2) -> 99.33 | Q34: =ROUND(CR34*I34,2) -> 8.83 | R34: =ROUND(CS34*I34,2) -> 0.04 | S34: =ROUND(CT34*I34,2) -> 12.46 | T34: =ROUND(CU34*I34,2) -> 0 | U34: =CV34*I34 -> 1.44144 | V34: =CW34*I34 -> 0.00336 | W34: =ROUND(CX34*I34,2) -> 0 | X34: =ROUND(CY34,2) -> 10 | Y34: =ROUND(CZ34,2) -> 6.25 | AA34: 16687810 | AB34: =ROUND((AC34+AD34+AF34),6) -> 358.98 | AC34: =ROUND((ES34),6) -> 295.63 | AD34: =ROUND((((ET34)-(EU34))+AE34),6) -> 26.28 | AE34: =ROUND((EU34),6) -> 0.12 | AF34: =ROUND((EV34),6) -> 37.07 | AG34: =ROUND((AP34),6) -> 0 | AH34: =(EW34) -> 4.29 | AI34: =(EX34) -> 0.01 | AJ34: =ROUND((AS34),6) -> 0 | AK34: 358.98 | AL34: 295.63 | AM34: 26.28 | AN34: 0.12 | AO34: 37.07 | AP34: 0 | AQ34: 4.29 | AR34: 0.01 | AS34: 0 | AT34: 80 | AU34: 50 | AV34: 1 | AW34: 1 | AZ34: 1 | BA34: 1 | BB34: 1 | BC34: 1 | BH34: 0 | BI34: 1 | BJ34: ФЕРр-2001, 62-25-1, приказ Минстроя России №1039/пр от 30.12.2016г. | BM34: 62001 | BN34: 0 | BP34: 0 | BQ34: 6 | BR34: 0 | BS34: 1 | BT34: 1 | BU34: 1 | BV34: 1 | BW34: 1 | BX34: 1 | BZ34: 80 | CA34: 50 | CF34: 0 | CG34: 0 | CM34: 0 | CO34: 0 | CP34: =(P34+Q34+S34) -> 120.62 | CQ34: =AC34*BC34 -> 295.63 | CR34: =AD34*BB34 -> 26.28 | CS34: =AE34*BS34 -> 0.12 | CT34: =AF34*BA34 -> 37.07 | CU34: =AG34 -> 0 | CV34: =AH34 -> 4.29 | CW34: =AI34 -> 0.01 | CX34: =AJ34 -> 0 | CY34: =(((S34+R34)*AT34)/100) -> 10 | CZ34: =(((S34+R34)*AU34)/100) -> 6.25 | DN34: 0 | DO34: 0 | DP34: 1 | DQ34: 1 | DU34: 1005 | DV34: 100 м2 | DW34: 100 м2 | DX34: 100 | EE34: 16510571 | EF34: 6 | EG34: Ремонтно-строительные работы | EH34: 0 | EJ34: 1 | EK34: 62001 | EL34: Малярные работы | EM34: рФЕР-62 | EQ34: 0 | ER34: 358.98 | ES34: 295.63 | ET34: 26.28 | EU34: 0.12 | EV34: 37.07 | EW34: 4.29 | EX34: 0.01 | EY34: 0 | FQ34: 0 | FR34: =ROUND(IF(AND(BH34=3,BI34=3),P34,0),2) -> 0 | FS34: 0 | FX34: 80 | FY34: 50 | GD34: 0 | GF34: 611707758 | GG34: 2 | GH34: 1 | GI34: -2 | GJ34: 0 | GK34: =ROUND(R34*(R12)/100,2) -> 0 | GL34: =ROUND(IF(AND(BH34=3,BI34=3,FS34<>0),P34,0),2) -> 0 | GM34: =ROUND(O34+X34+Y34+GK34,2)+GX34 -> 136.87 | GN34: =IF(OR(BI34=0,BI34=1),ROUND(O34+X34+Y34+GK34,2),0) -> 136.87 | GO34: =IF(BI34=2,ROUND(O34+X34+Y34+GK34,2),0) -> 0 | GP34: =IF(BI34=4,ROUND(O34+X34+Y34+GK34,2)+GX34,0) -> 0 | GR34: 0 | GS34: 3 | GT34: 0 | GV34: =ROUND(GT34,6) -> 0 | GW34: 1 | GX34: =ROUND(GV34*GW34*I34,2) -> 0 | HA34: 0 | HB34: 0 | IK34: 0
A35: 17 | B35: 1 | C35: =ROW(SmtRes!A30) -> 30 | D35: =ROW(EtalonRes!A32) -> 32 | E35: 4 | F35: 62-25-1 прим. | G35: Огрунтовка ранее окрашенных фасадов под окраску перхлорвиниловыми красками простых с земли и лесов | H35: 100 м2 | I35: =ROUND(33.6/100,9) -> 0.336 | J35: 0 | O35: =ROUND(CP35,2) -> 860 | P35: =ROUND(CQ35*I35,2) -> 708.23 | Q35: =ROUND(CR35*I35,2) -> 62.96 | R35: =ROUND(CS35*I35,2) -> 0.29 | S35: =ROUND(CT35*I35,2) -> 88.81 | T35: =ROUND(CU35*I35,2) -> 0 | U35: =CV35*I35 -> 1.44144 | V35: =CW35*I35 -> 0.00336 | W35: =ROUND(CX35*I35,2) -> 0 | X35: =ROUND(CY35,2) -> 71.28 | Y35: =ROUND(CZ35,2) -> 44.55 | AA35: 16687824 | AB35: =ROUND((AC35+AD35+AF35),6) -> 358.98 | AC35: =ROUND((ES35),6) -> 295.63 | AD35: =ROUND((((ET35)-(EU35))+AE35),6) -> 26.28 | AE35: =ROUND((EU35),6) -> 0.12 | AF35: =ROUND((EV35),6) -> 37.07 | AG35: =ROUND((AP35),6) -> 0 | AH35: =(EW35) -> 4.29 | AI35: =(EX35) -> 0.01 | AJ35: =ROUND((AS35),6) -> 0 | AK35: 358.98 | AL35: 295.63 | AM35: 26.28 | AN35: 0.12 | AO35: 37.07 | AP35: 0 | AQ35: 4.29 | AR35: 0.01 | AS35: 0 | AT35: 80 | AU35: 50 | AV35: 1 | AW35: 1 | AZ35: 7.13 | BA35: 7.13 | BB35: 7.13 | BC35: 7.13 | BH35: 0 | BI35: 1 | BJ35: ФЕРр-2001, 62-25-1, приказ Минстроя России №1039/пр от 30.12.2016г. | BM35: 62001 | BN35: 0 | BP35: 0 | BQ35: 6 | BR35: 0 | BS35: 7.13 | BT35: 1 | BU35: 1 | BV35: 1 | BW35: 1 | BX35: 1 | BZ35: 80 | CA35: 50 | CF35: 0 | CG35: 0 | CM35: 0 | CO35: 0 | CP35: =(P35+Q35+S35) -> 860 | CQ35: =AC35*BC35 -> 2107.8419 | CR35: =AD35*BB35 -> 187.3764 | CS35: =AE35*BS35 -> 0.8556 | CT35: =AF35*BA35 -> 264.3091 | CU35: =AG35 -> 0 | CV35: =AH35 -> 4.29 | CW35: =AI35 -> 0.01 | CX35: =AJ35 -> 0 | CY35: =(((S35+R35)*AT35)/100) -> 71.28 | CZ35: =(((S35+R35)*AU35)/100) -> 44.55 | DN35: 0 | DO35: 0 | DP35: 1 | DQ35: 1 | DU35: 1005 | DV35: 100 м2 | DW35: 100 м2 | DX35: 100 | EE35: 16510571 | EF35: 6 | EG35: Ремонтно-строительные работы | EH35: 0 | EJ35: 1 | EK35: 62001 | EL35: Малярные работы | EM35: рФЕР-62 | EQ35: 0 | ER35: 358.98 | ES35: 295.63 | ET35: 26.28 | EU35: 0.12 | EV35: 37.07 | EW35: 4.29 | EX35: 0.01 | EY35: 0 | FQ35: 0 | FR35: =ROUND(IF(AND(BH35=3,BI35=3),P35,0),2) -> 0 | FS35: 0 | FX35: 80 | FY35: 50 | GD35: 0 | GF35: 611707758 | GG35: 1 | GH35: 1 | GI35: 4 | GJ35: 0 | GK35: =ROUND(R35*(S12)/100,2) -> 0 | GL35: =ROUND(IF(AND(BH35=3,BI35=3,FS35<>0),P35,0),2) -> 0 | GM35: =ROUND(O35+X35+Y35+GK35,2)+GX35 -> 975.83 | GN35: =IF(OR(BI35=0,BI35=1),ROUND(O35+X35+Y35+GK35,2),0) -> 975.83 | GO35: =IF(BI35=2,ROUND(O35+X35+Y35+GK35,2),0) -> 0 | GP35: =IF(BI35=4,ROUND(O35+X35+Y35+GK35,2)+GX35,0) -> 0 | GR35: 0 | GS35: 3 | GT35: 0 | GV35: =ROUND(GT35,6) -> 0 | GW35: 1 | GX35: =ROUND(GV35*GW35*I35,2) -> 0 | HA35: 0 | HB35: 0 | IK35: 0
A36: 18 | B36: 1 | C36: 22 | E36: 4,1 | F36: 14.4.01.19-0001 | G36: Грунтовка ХС-04 коричневая | H36: т | I36: =I34*J36 -> -0.00541 | J36: -0.01610119 | O36: =ROUND(CP36,2) -> -99.34 | P36: =ROUND(CQ36*I36,2) -> -99.34 | Q36: =ROUND(CR36*I36,2) -> 0 | R36: =ROUND(CS36*I36,2) -> 0 | S36: =ROUND(CT36*I36,2) -> 0 | T36: =ROUND(CU36*I36,2) -> 0 | U36: =CV36*I36 -> 0 | V36: =CW36*I36 -> 0 | W36: =ROUND(CX36*I36,2) -> 0 | X36: =ROUND(CY36,2) -> 0 | Y36: =ROUND(CZ36,2) -> 0 | AA36: 16687810 | AB36: =ROUND((AC36+AD36+AF36),6) -> 18362 | AC36: =ROUND((ES36),6) -> 18362 | AD36: =ROUND((((ET36)-(EU36))+AE36),6) -> 0 | AE36: =ROUND((EU36),6) -> 0 | AF36: =ROUND((EV36),6) -> 0 | AG36: =ROUND((AP36),6) -> 0 | AH36: =(EW36) -> 0 | AI36: =(EX36) -> 0 | AJ36: =ROUND((AS36),6) -> 0 | AK36: 18362 | AL36: 18362 | AM36: 0 | AN36: 0 | AO36: 0 | AP36: 0 | AQ36: 0 | AR36: 0 | AS36: 0 | AT36: 80 | AU36: 50 | AV36: 1 | AW36: 1 | AZ36: 1 | BA36: 1 | BB36: 1 | BC36: 1 | BH36: 3 | BI36: 1 | BJ36: ФССЦ-2001, 14.4.01.19-0001, приказ Минстроя России №1039/пр от 30.12.2016г. | BM36: 62001 | BN36: 0 | BP36: 0 | BQ36: 6 | BR36: 1 | BS36: 1 | BT36: 1 | BU36: 1 | BV36: 1 | BW36: 1 | BX36: 1 | BZ36: 80 | CA36: 50 | CF36: 0 | CG36: 0 | CM36: 0 | CO36: 0 | CP36: =(P36+Q36+S36) -> -99.34 | CQ36: =AC36*BC36 -> 18362 | CR36: =AD36*BB36 -> 0 | CS36: =AE36*BS36 -> 0 | CT36: =AF36*BA36 -> 0 | CU36: =AG36 -> 0 | CV36: =AH36 -> 0 | CW36: =AI36 -> 0 | CX36: =AJ36 -> 0 | CY36: =(((S36+R36)*AT36)/100) -> 0 | CZ36: =(((S36+R36)*AU36)/100) -> 0 | DN36: 0 | DO36: 0 | DP36: 1 | DQ36: 1 | DU36: 1009 | DV36: т | DW36: т | DX36: 1000 | EE36: 16510571 | EF36: 6 | EG36: Ремонтно-строительные работы | EH36: 0 | EJ36: 1 | EK36: 62001 | EL36: Малярные работы | EM36: рФЕР-62 | EQ36: 0 | ER36: 18362 | ES36: 18362 | ET36: 0 | EU36: 0 | EV36: 0 | EW36: 0 | EX36: 0 | FQ36: 0 | FR36: =ROUND(IF(AND(BH36=3,BI36=3),P36,0),2) -> 0 | FS36: 0 | FX36: 80 | FY36: 50 | GD36: 0 | GF36: 344500605 | GG36: 2 | GH36: 1 | GI36: -2 | GJ36: 0 | GK36: =ROUND(R36*(R12)/100,2) -> 0 | GL36: =ROUND(IF(AND(BH36=3,BI36=3,FS36<>0),P36,0),2) -> 0 | GM36: =ROUND(O36+X36+Y36+GK36,2)+GX36 -> -99.34 | GN36: =IF(OR(BI36=0,BI36=1),ROUND(O36+X36+Y36+GK36,2),0) -> -99.34 | GO36: =IF(BI36=2,ROUND(O36+X36+Y36+GK36,2),0) -> 0 | GP36: =IF(BI36=4,ROUND(O36+X36+Y36+GK36,2)+GX36,0) -> 0 | GR36: 0 | GS36: 3 | GT36: 0 | GV36: =ROUND(GT36,6) -> 0 | GW36: 1 | GX36: =ROUND(GV36*GW36*I36,2) -> 0 | HA36: 0 | HB36: 0 | IK36: 0
A37: 18 | B37: 1 | C37: 30 | E37: 4,1 | F37: 14.4.01.19-0001 | G37: Грунтовка ХС-04 коричневая | H37: т | I37: =I35*J37 -> -0.00541 | J37: -0.01610119 | O37: =ROUND(CP37,2) -> -708.28 | P37: =ROUND(CQ37*I37,2) -> -708.28 | Q37: =ROUND(CR37*I37,2) -> 0 | R37: =ROUND(CS37*I37,2) -> 0 | S37: =ROUND(CT37*I37,2) -> 0 | T37: =ROUND(CU37*I37,2) -> 0 | U37: =CV37*I37 -> 0 | V37: =CW37*I37 -> 0 | W37: =ROUND(CX37*I37,2) -> 0 | X37: =ROUND(CY37,2) -> 0 | Y37: =ROUND(CZ37,2) -> 0 | AA37: 16687824 | AB37: =ROUND((AC37+AD37+AF37),6) -> 18362 | AC37: =ROUND((ES37),6) -> 18362 | AD37: =ROUND((((ET37)-(EU37))+AE37),6) -> 0 | AE37: =ROUND((EU37),6) -> 0 | AF37: =ROUND((EV37),6) -> 0 | AG37: =ROUND((AP37),6) -> 0 | AH37: =(EW37) -> 0 | AI37: =(EX37) -> 0 | AJ37: =ROUND((AS37),6) -> 0 | AK37: 18362 | AL37: 18362 | AM37: 0 | AN37: 0 | AO37: 0 | AP37: 0 | AQ37: 0 | AR37: 0 | AS37: 0 | AT37: 80 | AU37: 50 | AV37: 1 | AW37: 1 | AZ37: 7.13 | BA37: 1 | BB37: 1 | BC37: 7.13 | BH37: 3 | BI37: 1 | BJ37: ФССЦ-2001, 14.4.01.19-0001, приказ Минстроя России №1039/пр от 30.12.2016г. | BM37: 62001 | BN37: 0 | BP37: 0 | BQ37: 6 | BR37: 1 | BS37: 1 | BT37: 1 | BU37: 1 | BV37: 1 | BW37: 1 | BX37: 1 | BZ37: 80 | CA37: 50 | CF37: 0 | CG37: 0 | CM37: 0 | CO37: 0 | CP37: =(P37+Q37+S37) -> -708.28 | CQ37: =AC37*BC37 -> 130921.06 | CR37: =AD37*BB37 -> 0 | CS37: =AE37*BS37 -> 0 | CT37: =AF37*BA37 -> 0 | CU37: =AG37 -> 0 | CV37: =AH37 -> 0 | CW37: =AI37 -> 0 | CX37: =AJ37 -> 0 | CY37: =(((S37+R37)*AT37)/100) -> 0 | CZ37: =(((S37+R37)*AU37)/100) -> 0 | DN37: 0 | DO37: 0 | DP37: 1 | DQ37: 1 | DU37: 1009 | DV37: т | DW37: т | DX37: 1000 | EE37: 16510571 | EF37: 6 | EG37: Ремонтно-строительные работы | EH37: 0 | EJ37: 1 | EK37: 62001 | EL37: Малярные работы | EM37: рФЕР-62 | EQ37: 0 | ER37: 18362 | ES37: 18362 | ET37: 0 | EU37: 0 | EV37: 0 | EW37: 0 | EX37: 0 | FQ37: 0 | FR37: =ROUND(IF(AND(BH37=3,BI37=3),P37,0),2) -> 0 | FS37: 0 | FX37: 80 | FY37: 50 | GD37: 0 | GF37: 344500605 | GG37: 1 | GH37: 1 | GI37: 4 | GJ37: 0 | GK37: =ROUND(R37*(S12)/100,2) -> 0 | GL37: =ROUND(IF(AND(BH37=3,BI37=3,FS37<>0),P37,0),2) -> 0 | GM37: =ROUND(O37+X37+Y37+GK37,2)+GX37 -> -708.28 | GN37: =IF(OR(BI37=0,BI37=1),ROUND(O37+X37+Y37+GK37,2),0) -> -708.28 | GO37: =IF(BI37=2,ROUND(O37+X37+Y37+GK37,2),0) -> 0 | GP37: =IF(BI37=4,ROUND(O37+X37+Y37+GK37,2)+GX37,0) -> 0 | GR37: 0 | GS37: 3 | GT37: 0 | GV37: =ROUND(GT37,6) -> 0 | GW37: 1 | GX37: =ROUND(GV37*GW37*I37,2) -> 0 | HA37: 0 | HB37: 0 | IK37: 0
A38: 18 | B38: 1 | C38: 21 | E38: 4,2 | F38: 14.3.01.01-0001 | G38: Грунтовка: «Бетоконтакт», КНАУФ | H38: кг | I38: =I34*J38 -> 5.4096 | J38: 16.1 | O38: =ROUND(CP38,2) -> 81.63 | P38: =ROUND(CQ38*I38,2) -> 81.63 | Q38: =ROUND(CR38*I38,2) -> 0 | R38: =ROUND(CS38*I38,2) -> 0 | S38: =ROUND(CT38*I38,2) -> 0 | T38: =ROUND(CU38*I38,2) -> 0 | U38: =CV38*I38 -> 0 | V38: =CW38*I38 -> 0 | W38: =ROUND(CX38*I38,2) -> 0 | X38: =ROUND(CY38,2) -> 0 | Y38: =ROUND(CZ38,2) -> 0 | AA38: 16687810 | AB38: =ROUND((AC38+AD38+AF38),6) -> 15.09 | AC38: =ROUND((ES38),6) -> 15.09 | AD38: =ROUND((((ET38)-(EU38))+AE38),6) -> 0 | AE38: =ROUND((EU38),6) -> 0 | AF38: =ROUND((EV38),6) -> 0 | AG38: =ROUND((AP38),6) -> 0 | AH38: =(EW38) -> 0 | AI38: =(EX38) -> 0 | AJ38: =ROUND((AS38),6) -> 0 | AK38: 15.09 | AL38: 15.09 | AM38: 0 | AN38: 0 | AO38: 0 | AP38: 0 | AQ38: 0 | AR38: 0 | AS38: 0 | AT38: 80 | AU38: 50 | AV38: 1 | AW38: 1 | AZ38: 1 | BA38: 1 | BB38: 1 | BC38: 1 | BH38: 3 | BI38: 1 | BJ38: ФССЦ-2001, 14.3.01.01-0001, приказ Минстроя России №1039/пр от 30.12.2016г. | BM38: 62001 | BN38: 0 | BP38: 0 | BQ38: 6 | BR38: 0 | BS38: 1 | BT38: 1 | BU38: 1 | BV38: 1 | BW38: 1 | BX38: 1 | BZ38: 80 | CA38: 50 | CF38: 0 | CG38: 0 | CM38: 0 | CO38: 0 | CP38: =(P38+Q38+S38) -> 81.63 | CQ38: =AC38*BC38 -> 15.09 | CR38: =AD38*BB38 -> 0 | CS38: =AE38*BS38 -> 0 | CT38: =AF38*BA38 -> 0 | CU38: =AG38 -> 0 | CV38: =AH38 -> 0 | CW38: =AI38 -> 0 | CX38: =AJ38 -> 0 | CY38: =(((S38+R38)*AT38)/100) -> 0 | CZ38: =(((S38+R38)*AU38)/100) -> 0 | DN38: 0 | DO38: 0 | DP38: 1 | DQ38: 1 | DU38: 1009 | DV38: кг | DW38: кг | DX38: 1 | EE38: 16510571 | EF38: 6 | EG38: Ремонтно-строительные работы | EH38: 0 | EJ38: 1 | EK38: 62001 | EL38: Малярные работы | EM38: рФЕР-62 | EQ38: 0 | ER38: 15.09 | ES38: 15.09 | ET38: 0 | EU38: 0 | EV38: 0 | EW38: 0 | EX38: 0 | FQ38: 0 | FR38: =ROUND(IF(AND(BH38=3,BI38=3),P38,0),2) -> 0 | FS38: 0 | FX38: 80 | FY38: 50 | GD38: 0 | GF38: 1453462043 | GG38: 2 | GH38: 1 | GI38: -2 | GJ38: 0 | GK38: =ROUND(R38*(R12)/100,2) -> 0 | GL38: =ROUND(IF(AND(BH38=3,BI38=3,FS38<>0),P38,0),2) -> 0 | GM38: =ROUND(O38+X38+Y38+GK38,2)+GX38 -> 81.63 | GN38: =IF(OR(BI38=0,BI38=1),ROUND(O38+X38+Y38+GK38,2),0) -> 81.63 | GO38: =IF(BI38=2,ROUND(O38+X38+Y38+GK38,2),0) -> 0 | GP38: =IF(BI38=4,ROUND(O38+X38+Y38+GK38,2)+GX38,0) -> 0 | GR38: 0 | GS38: 3 | GT38: 0 | GV38: =ROUND(GT38,6) -> 0 | GW38: 1 | GX38: =ROUND(GV38*GW38*I38,2) -> 0 | HA38: 0 | HB38: 0 | IK38: 0
A39: 18 | B39: 1 | C39: 29 | E39: 4,2 | F39: 14.3.01.01-0001 | G39: Грунтовка: «Бетоконтакт», КНАУФ | H39: кг | I39: =I35*J39 -> 5.4096 | J39: 16.1 | O39: =ROUND(CP39,2) -> 582.03 | P39: =ROUND(CQ39*I39,2) -> 582.03 | Q39: =ROUND(CR39*I39,2) -> 0 | R39: =ROUND(CS39*I39,2) -> 0 | S39: =ROUND(CT39*I39,2) -> 0 | T39: =ROUND(CU39*I39,2) -> 0 | U39: =CV39*I39 -> 0 | V39: =CW39*I39 -> 0 | W39: =ROUND(CX39*I39,2) -> 0 | X39: =ROUND(CY39,2) -> 0 | Y39: =ROUND(CZ39,2) -> 0 | AA39: 16687824 | AB39: =ROUND((AC39+AD39+AF39),6) -> 15.09 | AC39: =ROUND((ES39),6) -> 15.09 | AD39: =ROUND((((ET39)-(EU39))+AE39),6) -> 0 | AE39: =ROUND((EU39),6) -> 0 | AF39: =ROUND((EV39),6) -> 0 | AG39: =ROUND((AP39),6) -> 0 | AH39: =(EW39) -> 0 | AI39: =(EX39) -> 0 | AJ39: =ROUND((AS39),6) -> 0 | AK39: 15.09 | AL39: 15.09 | AM39: 0 | AN39: 0 | AO39: 0 | AP39: 0 | AQ39: 0 | AR39: 0 | AS39: 0 | AT39: 80 | AU39: 50 | AV39: 1 | AW39: 1 | AZ39: 7.13 | BA39: 1 | BB39: 1 | BC39: 7.13 | BH39: 3 | BI39: 1 | BJ39: ФССЦ-2001, 14.3.01.01-0001, приказ Минстроя России №1039/пр от 30.12.2016г. | BM39: 62001 | BN39: 0 | BP39: 0 | BQ39: 6 | BR39: 0 | BS39: 1 | BT39: 1 | BU39: 1 | BV39: 1 | BW39: 1 | BX39: 1 | BZ39: 80 | CA39: 50 | CF39: 0 | CG39: 0 | CM39: 0 | CO39: 0 | CP39: =(P39+Q39+S39) -> 582.03 | CQ39: =AC39*BC39 -> 107.5917 | CR39: =AD39*BB39 -> 0 | CS39: =AE39*BS39 -> 0 | CT39: =AF39*BA39 -> 0 | CU39: =AG39 -> 0 | CV39: =AH39 -> 0 | CW39: =AI39 -> 0 | CX39: =AJ39 -> 0 | CY39: =(((S39+R39)*AT39)/100) -> 0 | CZ39: =(((S39+R39)*AU39)/100) -> 0 | DN39: 0 | DO39: 0 | DP39: 1 | DQ39: 1 | DU39: 1009 | DV39: кг | DW39: кг | DX39: 1 | EE39: 16510571 | EF39: 6 | EG39: Ремонтно-строительные работы | EH39: 0 | EJ39: 1 | EK39: 62001 | EL39: Малярные работы | EM39: рФЕР-62 | EQ39: 0 | ER39: 15.09 | ES39: 15.09 | ET39: 0 | EU39: 0 | EV39: 0 | EW39: 0 | EX39: 0 | FQ39: 0 | FR39: =ROUND(IF(AND(BH39=3,BI39=3),P39,0),2) -> 0 | FS39: 0 | FX39: 80 | FY39: 50 | GD39: 0 | GF39: 1453462043 | GG39: 1 | GH39: 1 | GI39: 4 | GJ39: 0 | GK39: =ROUND(R39*(S12)/100,2) -> 0 | GL39: =ROUND(IF(AND(BH39=3,BI39=3,FS39<>0),P39,0),2) -> 0 | GM39: =ROUND(O39+X39+Y39+GK39,2)+GX39 -> 582.03 | GN39: =IF(OR(BI39=0,BI39=1),ROUND(O39+X39+Y39+GK39,2),0) -> 582.03 | GO39: =IF(BI39=2,ROUND(O39+X39+Y39+GK39,2),0) -> 0 | GP39: =IF(BI39=4,ROUND(O39+X39+Y39+GK39,2)+GX39,0) -> 0 | GR39: 0 | GS39: 3 | GT39: 0 | GV39: =ROUND(GT39,6) -> 0 | GW39: 1 | GX39: =ROUND(GV39*GW39*I39,2) -> 0 | HA39: 0 | HB39: 0 | IK39: 0
A40: 17 | B40: 1 | C40: =ROW(SmtRes!A39) -> 39 | D40: =ROW(EtalonRes!A40) -> 40 | E40: 5 | F40: 62-23-4 | G40: Окраска силикатными красками за 1 раз ранее окрашенных фасадов по кирпичу с земли и лесов | H40: 100 м2 | I40: =ROUND(33.6/100,9) -> 0.336 | J40: 0 | O40: =ROUND(CP40,2) -> 64.73 | P40: =ROUND(CQ40*I40,2) -> 13.4 | Q40: =ROUND(CR40*I40,2) -> 0.94 | R40: =ROUND(CS40*I40,2) -> 0.15 | S40: =ROUND(CT40*I40,2) -> 50.39 | T40: =ROUND(CU40*I40,2) -> 0 | U40: =CV40*I40 -> 5.76576 | V40: =CW40*I40 -> 0.01344 | W40: =ROUND(CX40*I40,2) -> 0 | X40: =ROUND(CY40,2) -> 40.43 | Y40: =ROUND(CZ40,2) -> 25.27 | AA40: 16687810 | AB40: =ROUND((AC40+AD40+AF40),6) -> 192.67 | AC40: =ROUND((ES40),6) -> 39.89 | AD40: =ROUND((((ET40)-(EU40))+AE40),6) -> 2.8 | AE40: =ROUND((EU40),6) -> 0.46 | AF40: =ROUND((EV40),6) -> 149.98 | AG40: =ROUND((AP40),6) -> 0 | AH40: =(EW40) -> 17.16 | AI40: =(EX40) -> 0.04 | AJ40: =ROUND((AS40),6) -> 0 | AK40: 192.67 | AL40: 39.89 | AM40: 2.8 | AN40: 0.46 | AO40: 149.98 | AP40: 0 | AQ40: 17.16 | AR40: 0.04 | AS40: 0 | AT40: 80 | AU40: 50 | AV40: 1 | AW40: 1 | AZ40: 1 | BA40: 1 | BB40: 1 | BC40: 1 | BH40: 0 | BI40: 1 | BJ40: ФЕРр-2001, 62-23-4, приказ Минстроя России №1039/пр от 30.12.2016г. | BM40: 62001 | BN40: 0 | BP40: 0 | BQ40: 6 | BR40: 0 | BS40: 1 | BT40: 1 | BU40: 1 | BV40: 1 | BW40: 1 | BX40: 1 | BZ40: 80 | CA40: 50 | CF40: 0 | CG40: 0 | CM40: 0 | CO40: 0 | CP40: =(P40+Q40+S40) -> 64.73 | CQ40: =AC40*BC40 -> 39.89 | CR40: =AD40*BB40 -> 2.8 | CS40: =AE40*BS40 -> 0.46 | CT40: =AF40*BA40 -> 149.98 | CU40: =AG40 -> 0 | CV40: =AH40 -> 17.16 | CW40: =AI40 -> 0.04 | CX40: =AJ40 -> 0 | CY40: =(((S40+R40)*AT40)/100) -> 40.432 | CZ40: =(((S40+R40)*AU40)/100) -> 25.27 | DN40: 0 | DO40: 0 | DP40: 1 | DQ40: 1 | DU40: 1005 | DV40: 100 м2 | DW40: 100 м2 | DX40: 100 | EE40: 16510571 | EF40: 6 | EG40: Ремонтно-строительные работы | EH40: 0 | EJ40: 1 | EK40: 62001 | EL40: Малярные работы | EM40: рФЕР-62 | EQ40: 0 | ER40: 192.67 | ES40: 39.89 | ET40: 2.8 | EU40: 0.46 | EV40: 149.98 | EW40: 17.16 | EX40: 0.04 | EY40: 0 | FQ40: 0 | FR40: =ROUND(IF(AND(BH40=3,BI40=3),P40,0),2) -> 0 | FS40: 0 | FX40: 80 | FY40: 50 | GD40: 0 | GF40: -1709737594 | GG40: 2 | GH40: 1 | GI40: -2 | GJ40: 0 | GK40: =ROUND(R40*(R12)/100,2) -> 0 | GL40: =ROUND(IF(AND(BH40=3,BI40=3,FS40<>0),P40,0),2) -> 0 | GM40: =ROUND(O40+X40+Y40+GK40,2)+GX40 -> 130.43 | GN40: =IF(OR(BI40=0,BI40=1),ROUND(O40+X40+Y40+GK40,2),0) -> 130.43 | GO40: =IF(BI40=2,ROUND(O40+X40+Y40+GK40,2),0) -> 0 | GP40: =IF(BI40=4,ROUND(O40+X40+Y40+GK40,2)+GX40,0) -> 0 | GR40: 0 | GS40: 3 | GT40: 0 | GV40: =ROUND(GT40,6) -> 0 | GW40: 1 | GX40: =ROUND(GV40*GW40*I40,2) -> 0 | HA40: 0 | HB40: 0 | IK40: 0
A41: 17 | B41: 1 | C41: =ROW(SmtRes!A48) -> 48 | D41: =ROW(EtalonRes!A48) -> 48 | E41: 5 | F41: 62-23-4 | G41: Окраска силикатными красками за 1 раз ранее окрашенных фасадов по кирпичу с земли и лесов | H41: 100 м2 | I41: =ROUND(33.6/100,9) -> 0.336 | J41: 0 | O41: =ROUND(CP41,2) -> 461.57 | P41: =ROUND(CQ41*I41,2) -> 95.56 | Q41: =ROUND(CR41*I41,2) -> 6.71 | R41: =ROUND(CS41*I41,2) -> 1.1 | S41: =ROUND(CT41*I41,2) -> 359.3 | T41: =ROUND(CU41*I41,2) -> 0 | U41: =CV41*I41 -> 5.76576 | V41: =CW41*I41 -> 0.01344 | W41: =ROUND(CX41*I41,2) -> 0 | X41: =ROUND(CY41,2) -> 288.32 | Y41: =ROUND(CZ41,2) -> 180.2 | AA41: 16687824 | AB41: =ROUND((AC41+AD41+AF41),6) -> 192.67 | AC41: =ROUND((ES41),6) -> 39.89 | AD41: =ROUND((((ET41)-(EU41))+AE41),6) -> 2.8 | AE41: =ROUND((EU41),6) -> 0.46 | AF41: =ROUND((EV41),6) -> 149.98 | AG41: =ROUND((AP41),6) -> 0 | AH41: =(EW41) -> 17.16 | AI41: =(EX41) -> 0.04 | AJ41: =ROUND((AS41),6) -> 0 | AK41: 192.67 | AL41: 39.89 | AM41: 2.8 | AN41: 0.46 | AO41: 149.98 | AP41: 0 | AQ41: 17.16 | AR41: 0.04 | AS41: 0 | AT41: 80 | AU41: 50 | AV41: 1 | AW41: 1 | AZ41: 7.13 | BA41: 7.13 | BB41: 7.13 | BC41: 7.13 | BH41: 0 | BI41: 1 | BJ41: ФЕРр-2001, 62-23-4, приказ Минстроя России №1039/пр от 30.12.2016г. | BM41: 62001 | BN41: 0 | BP41: 0 | BQ41: 6 | BR41: 0 | BS41: 7.13 | BT41: 1 | BU41: 1 | BV41: 1 | BW41: 1 | BX41: 1 | BZ41: 80 | CA41: 50 | CF41: 0 | CG41: 0 | CM41: 0 | CO41: 0 | CP41: =(P41+Q41+S41) -> 461.57 | CQ41: =AC41*BC41 -> 284.4157 | CR41: =AD41*BB41 -> 19.964 | CS41: =AE41*BS41 -> 3.2798 | CT41: =AF41*BA41 -> 1069.3574 | CU41: =AG41 -> 0 | CV41: =AH41 -> 17.16 | CW41: =AI41 -> 0.04 | CX41: =AJ41 -> 0 | CY41: =(((S41+R41)*AT41)/100) -> 288.32 | CZ41: =(((S41+R41)*AU41)/100) -> 180.2 | DN41: 0 | DO41: 0 | DP41: 1 | DQ41: 1 | DU41: 1005 | DV41: 100 м2 | DW41: 100 м2 | DX41: 100 | EE41: 16510571 | EF41: 6 | EG41: Ремонтно-строительные работы | EH41: 0 | EJ41: 1 | EK41: 62001 | EL41: Малярные работы | EM41: рФЕР-62 | EQ41: 0 | ER41: 192.67 | ES41: 39.89 | ET41: 2.8 | EU41: 0.46 | EV41: 149.98 | EW41: 17.16 | EX41: 0.04 | EY41: 0 | FQ41: 0 | FR41: =ROUND(IF(AND(BH41=3,BI41=3),P41,0),2) -> 0 | FS41: 0 | FX41: 80 | FY41: 50 | GD41: 0 | GF41: -1709737594 | GG41: 1 | GH41: 1 | GI41: 4 | GJ41: 0 | GK41: =ROUND(R41*(S12)/100,2) -> 0 | GL41: =ROUND(IF(AND(BH41=3,BI41=3,FS41<>0),P41,0),2) -> 0 | GM41: =ROUND(O41+X41+Y41+GK41,2)+GX41 -> 930.09 | GN41: =IF(OR(BI41=0,BI41=1),ROUND(O41+X41+Y41+GK41,2),0) -> 930.09 | GO41: =IF(BI41=2,ROUND(O41+X41+Y41+GK41,2),0) -> 0 | GP41: =IF(BI41=4,ROUND(O41+X41+Y41+GK41,2)+GX41,0) -> 0 | GR41: 0 | GS41: 3 | GT41: 0 | GV41: =ROUND(GT41,6) -> 0 | GW41: 1 | GX41: =ROUND(GV41*GW41*I41,2) -> 0 | HA41: 0 | HB41: 0 | IK41: 0
A42: 18 | B42: 1 | C42: 38 | E42: 5,1 | F42: 14.3.02.05 | G42: Краски силикатные | H42: т | I42: =I40*J42 -> 0.004704 | J42: 0.014 | O42: =ROUND(CP42,2) -> 0 | P42: =ROUND(CQ42*I42,2) -> 0 | Q42: =ROUND(CR42*I42,2) -> 0 | R42: =ROUND(CS42*I42,2) -> 0 | S42: =ROUND(CT42*I42,2) -> 0 | T42: =ROUND(CU42*I42,2) -> 0 | U42: =CV42*I42 -> 0 | V42: =CW42*I42 -> 0 | W42: =ROUND(CX42*I42,2) -> 0 | X42: =ROUND(CY42,2) -> 0 | Y42: =ROUND(CZ42,2) -> 0 | AA42: 16687810 | AB42: =ROUND((AC42+AD42+AF42),6) -> 0 | AC42: =ROUND((ES42),6) -> 0 | AD42: =ROUND((((ET42)-(EU42))+AE42),6) -> 0 | AE42: =ROUND((EU42),6) -> 0 | AF42: =ROUND((EV42),6) -> 0 | AG42: =ROUND((AP42),6) -> 0 | AH42: =(EW42) -> 0 | AI42: =(EX42) -> 0 | AJ42: =ROUND((AS42),6) -> 0 | AK42: 0 | AL42: 0 | AM42: 0 | AN42: 0 | AO42: 0 | AP42: 0 | AQ42: 0 | AR42: 0 | AS42: 0 | AT42: 80 | AU42: 50 | AV42: 1 | AW42: 1 | AZ42: 1 | BA42: 1 | BB42: 1 | BC42: 1 | BH42: 3 | BI42: 1 | BM42: 62001 | BN42: 0 | BP42: 0 | BQ42: 6 | BR42: 0 | BS42: 1 | BT42: 1 | BU42: 1 | BV42: 1 | BW42: 1 | BX42: 1 | BZ42: 80 | CA42: 50 | CF42: 0 | CG42: 0 | CM42: 0 | CO42: 0 | CP42: =(P42+Q42+S42) -> 0 | CQ42: =AC42*BC42 -> 0 | CR42: =AD42*BB42 -> 0 | CS42: =AE42*BS42 -> 0 | CT42: =AF42*BA42 -> 0 | CU42: =AG42 -> 0 | CV42: =AH42 -> 0 | CW42: =AI42 -> 0 | CX42: =AJ42 -> 0 | CY42: =(((S42+R42)*AT42)/100) -> 0 | CZ42: =(((S42+R42)*AU42)/100) -> 0 | DN42: 0 | DO42: 0 | DP42: 1 | DQ42: 1 | DU42: 1009 | DV42: т | DW42: т | DX42: 1000 | EE42: 16510571 | EF42: 6 | EG42: Ремонтно-строительные работы | EH42: 0 | EJ42: 1 | EK42: 62001 | EL42: Малярные работы | EM42: рФЕР-62 | EQ42: 0 | ER42: 0 | ES42: 0 | ET42: 0 | EU42: 0 | EV42: 0 | EW42: 0 | EX42: 0 | FQ42: 0 | FR42: =ROUND(IF(AND(BH42=3,BI42=3),P42,0),2) -> 0 | FS42: 0 | FX42: 80 | FY42: 50 | GD42: 0 | GF42: -2007682757 | GG42: 2 | GH42: 1 | GI42: -2 | GJ42: 0 | GK42: =ROUND(R42*(R12)/100,2) -> 0 | GL42: =ROUND(IF(AND(BH42=3,BI42=3,FS42<>0),P42,0),2) -> 0 | GM42: =ROUND(O42+X42+Y42+GK42,2)+GX42 -> 0 | GN42: =IF(OR(BI42=0,BI42=1),ROUND(O42+X42+Y42+GK42,2),0) -> 0 | GO42: =IF(BI42=2,ROUND(O42+X42+Y42+GK42,2),0) -> 0 | GP42: =IF(BI42=4,ROUND(O42+X42+Y42+GK42,2)+GX42,0) -> 0 | GR42: 0 | GS42: 3 | GT42: 0 | GV42: =ROUND(GT42,6) -> 0 | GW42: 1 | GX42: =ROUND(GV42*GW42*I42,2) -> 0 | HA42: 0 | HB42: 0 | IK42: 0
A43: 18 | B43: 1 | C43: 47 | E43: 5,1 | F43: 14.3.02.05 | G43: Краски силикатные | H43: т | I43: =I41*J43 -> 0.004704 | J43: 0.014 | O43: =ROUND(CP43,2) -> 0 | P43: =ROUND(CQ43*I43,2) -> 0 | Q43: =ROUND(CR43*I43,2) -> 0 | R43: =ROUND(CS43*I43,2) -> 0 | S43: =ROUND(CT43*I43,2) -> 0 | T43: =ROUND(CU43*I43,2) -> 0 | U43: =CV43*I43 -> 0 | V43: =CW43*I43 -> 0 | W43: =ROUND(CX43*I43,2) -> 0 | X43: =ROUND(CY43,2) -> 0 | Y43: =ROUND(CZ43,2) -> 0 | AA43: 16687824 | AB43: =ROUND((AC43+AD43+AF43),6) -> 0 | AC43: =ROUND((ES43),6) -> 0 | AD43: =ROUND((((ET43)-(EU43))+AE43),6) -> 0 | AE43: =ROUND((EU43),6) -> 0 | AF43: =ROUND((EV43),6) -> 0 | AG43: =ROUND((AP43),6) -> 0 | AH43: =(EW43) -> 0 | AI43: =(EX43) -> 0 | AJ43: =ROUND((AS43),6) -> 0 | AK43: 0 | AL43: 0 | AM43: 0 | AN43: 0 | AO43: 0 | AP43: 0 | AQ43: 0 | AR43: 0 | AS43: 0 | AT43: 80 | AU43: 50 | AV43: 1 | AW43: 1 | AZ43: 7.13 | BA43: 1 | BB43: 1 | BC43: 7.13 | BH43: 3 | BI43: 1 | BM43: 62001 | BN43: 0 | BP43: 0 | BQ43: 6 | BR43: 0 | BS43: 1 | BT43: 1 | BU43: 1 | BV43: 1 | BW43: 1 | BX43: 1 | BZ43: 80 | CA43: 50 | CF43: 0 | CG43: 0 | CM43: 0 | CO43: 0 | CP43: =(P43+Q43+S43) -> 0 | CQ43: =AC43*BC43 -> 0 | CR43: =AD43*BB43 -> 0 | CS43: =AE43*BS43 -> 0 | CT43: =AF43*BA43 -> 0 | CU43: =AG43 -> 0 | CV43: =AH43 -> 0 | CW43: =AI43 -> 0 | CX43: =AJ43 -> 0 | CY43: =(((S43+R43)*AT43)/100) -> 0 | CZ43: =(((S43+R43)*AU43)/100) -> 0 | DN43: 0 | DO43: 0 | DP43: 1 | DQ43: 1 | DU43: 1009 | DV43: т | DW43: т | DX43: 1000 | EE43: 16510571 | EF43: 6 | EG43: Ремонтно-строительные работы | EH43: 0 | EJ43: 1 | EK43: 62001 | EL43: Малярные работы | EM43: рФЕР-62 | EQ43: 0 | ER43: 0 | ES43: 0 | ET43: 0 | EU43: 0 | EV43: 0 | EW43: 0 | EX43: 0 | FQ43: 0 | FR43: =ROUND(IF(AND(BH43=3,BI43=3),P43,0),2) -> 0 | FS43: 0 | FX43: 80 | FY43: 50 | GD43: 0 | GF43: -2007682757 | GG43: 1 | GH43: 1 | GI43: 4 | GJ43: 0 | GK43: =ROUND(R43*(S12)/100,2) -> 0 | GL43: =ROUND(IF(AND(BH43=3,BI43=3,FS43<>0),P43,0),2) -> 0 | GM43: =ROUND(O43+X43+Y43+GK43,2)+GX43 -> 0 | GN43: =IF(OR(BI43=0,BI43=1),ROUND(O43+X43+Y43+GK43,2),0) -> 0 | GO43: =IF(BI43=2,ROUND(O43+X43+Y43+GK43,2),0) -> 0 | GP43: =IF(BI43=4,ROUND(O43+X43+Y43+GK43,2)+GX43,0) -> 0 | GR43: 0 | GS43: 3 | GT43: 0 | GV43: =ROUND(GT43,6) -> 0 | GW43: 1 | GX43: =ROUND(GV43*GW43*I43,2) -> 0 | HA43: 0 | HB43: 0 | IK43: 0
A44: 18 | B44: 1 | C44: 39 | E44: 5,2 | F44: 14.3.02.05-0102 | G44: Краска силикатная фасадная CERESIT СТ (прим.) | H44: кг | I44: =I40*J44 -> 4.704 | J44: 14 | O44: =ROUND(CP44,2) -> 368.04 | P44: =ROUND(CQ44*I44,2) -> 368.04 | Q44: =ROUND(CR44*I44,2) -> 0 | R44: =ROUND(CS44*I44,2) -> 0 | S44: =ROUND(CT44*I44,2) -> 0 | T44: =ROUND(CU44*I44,2) -> 0 | U44: =CV44*I44 -> 0 | V44: =CW44*I44 -> 0 | W44: =ROUND(CX44*I44,2) -> 0 | X44: =ROUND(CY44,2) -> 0 | Y44: =ROUND(CZ44,2) -> 0 | AA44: 16687810 | AB44: =ROUND((AC44+AD44+AF44),6) -> 78.24 | AC44: =ROUND((ES44),6) -> 78.24 | AD44: =ROUND((((ET44)-(EU44))+AE44),6) -> 0 | AE44: =ROUND((EU44),6) -> 0 | AF44: =ROUND((EV44),6) -> 0 | AG44: =ROUND((AP44),6) -> 0 | AH44: =(EW44) -> 0 | AI44: =(EX44) -> 0 | AJ44: =ROUND((AS44),6) -> 0 | AK44: 78.24 | AL44: 78.24 | AM44: 0 | AN44: 0 | AO44: 0 | AP44: 0 | AQ44: 0 | AR44: 0 | AS44: 0 | AT44: 80 | AU44: 50 | AV44: 1 | AW44: 1 | AZ44: 1 | BA44: 1 | BB44: 1 | BC44: 1 | BH44: 3 | BI44: 1 | BJ44: ФССЦ-2001, 14.3.02.05-0102, приказ Минстроя России №1039/пр от 30.12.2016г. | BM44: 62001 | BN44: 0 | BP44: 0 | BQ44: 6 | BR44: 0 | BS44: 1 | BT44: 1 | BU44: 1 | BV44: 1 | BW44: 1 | BX44: 1 | BZ44: 80 | CA44: 50 | CF44: 0 | CG44: 0 | CM44: 0 | CO44: 0 | CP44: =(P44+Q44+S44) -> 368.04 | CQ44: =AC44*BC44 -> 78.24 | CR44: =AD44*BB44 -> 0 | CS44: =AE44*BS44 -> 0 | CT44: =AF44*BA44 -> 0 | CU44: =AG44 -> 0 | CV44: =AH44 -> 0 | CW44: =AI44 -> 0 | CX44: =AJ44 -> 0 | CY44: =(((S44+R44)*AT44)/100) -> 0 | CZ44: =(((S44+R44)*AU44)/100) -> 0 | DN44: 0 | DO44: 0 | DP44: 1 | DQ44: 1 | DU44: 1009 | DV44: кг | DW44: кг | DX44: 1 | EE44: 16510571 | EF44: 6 | EG44: Ремонтно-строительные работы | EH44: 0 | EJ44: 1 | EK44: 62001 | EL44: Малярные работы | EM44: рФЕР-62 | EQ44: 0 | ER44: 78.24 | ES44: 78.24 | ET44: 0 | EU44: 0 | EV44: 0 | EW44: 0 | EX44: 0 | FQ44: 0 | FR44: =ROUND(IF(AND(BH44=3,BI44=3),P44,0),2) -> 0 | FS44: 0 | FX44: 80 | FY44: 50 | GD44: 0 | GF44: -1906556336 | GG44: 2 | GH44: 1 | GI44: -2 | GJ44: 0 | GK44: =ROUND(R44*(R12)/100,2) -> 0 | GL44: =ROUND(IF(AND(BH44=3,BI44=3,FS44<>0),P44,0),2) -> 0 | GM44: =ROUND(O44+X44+Y44+GK44,2)+GX44 -> 368.04 | GN44: =IF(OR(BI44=0,BI44=1),ROUND(O44+X44+Y44+GK44,2),0) -> 368.04 | GO44: =IF(BI44=2,ROUND(O44+X44+Y44+GK44,2),0) -> 0 | GP44: =IF(BI44=4,ROUND(O44+X44+Y44+GK44,2)+GX44,0) -> 0 | GR44: 0 | GS44: 3 | GT44: 0 | GV44: =ROUND(GT44,6) -> 0 | GW44: 1 | GX44: =ROUND(GV44*GW44*I44,2) -> 0 | HA44: 0 | HB44: 0 | IK44: 0
A45: 18 | B45: 1 | C45: 48 | E45: 5,2 | F45: 14.3.02.05-0102 | G45: Краска силикатная фасадная CERESIT СТ (прим.) | H45: кг | I45: =I41*J45 -> 4.704 | J45: 14 | O45: =ROUND(CP45,2) -> 2624.13 | P45: =ROUND(CQ45*I45,2) -> 2624.13 | Q45: =ROUND(CR45*I45,2) -> 0 | R45: =ROUND(CS45*I45,2) -> 0 | S45: =ROUND(CT45*I45,2) -> 0 | T45: =ROUND(CU45*I45,2) -> 0 | U45: =CV45*I45 -> 0 | V45: =CW45*I45 -> 0 | W45: =ROUND(CX45*I45,2) -> 0 | X45: =ROUND(CY45,2) -> 0 | Y45: =ROUND(CZ45,2) -> 0 | AA45: 16687824 | AB45: =ROUND((AC45+AD45+AF45),6) -> 78.24 | AC45: =ROUND((ES45),6) -> 78.24 | AD45: =ROUND((((ET45)-(EU45))+AE45),6) -> 0 | AE45: =ROUND((EU45),6) -> 0 | AF45: =ROUND((EV45),6) -> 0 | AG45: =ROUND((AP45),6) -> 0 | AH45: =(EW45) -> 0 | AI45: =(EX45) -> 0 | AJ45: =ROUND((AS45),6) -> 0 | AK45: 78.24 | AL45: 78.24 | AM45: 0 | AN45: 0 | AO45: 0 | AP45: 0 | AQ45: 0 | AR45: 0 | AS45: 0 | AT45: 80 | AU45: 50 | AV45: 1 | AW45: 1 | AZ45: 7.13 | BA45: 1 | BB45: 1 | BC45: 7.13 | BH45: 3 | BI45: 1 | BJ45: ФССЦ-2001, 14.3.02.05-0102, приказ Минстроя России №1039/пр от 30.12.2016г. | BM45: 62001 | BN45: 0 | BP45: 0 | BQ45: 6 | BR45: 0 | BS45: 1 | BT45: 1 | BU45: 1 | BV45: 1 | BW45: 1 | BX45: 1 | BZ45: 80 | CA45: 50 | CF45: 0 | CG45: 0 | CM45: 0 | CO45: 0 | CP45: =(P45+Q45+S45) -> 2624.13 | CQ45: =AC45*BC45 -> 557.8512 | CR45: =AD45*BB45 -> 0 | CS45: =AE45*BS45 -> 0 | CT45: =AF45*BA45 -> 0 | CU45: =AG45 -> 0 | CV45: =AH45 -> 0 | CW45: =AI45 -> 0 | CX45: =AJ45 -> 0 | CY45: =(((S45+R45)*AT45)/100) -> 0 | CZ45: =(((S45+R45)*AU45)/100) -> 0 | DN45: 0 | DO45: 0 | DP45: 1 | DQ45: 1 | DU45: 1009 | DV45: кг | DW45: кг | DX45: 1 | EE45: 16510571 | EF45: 6 | EG45: Ремонтно-строительные работы | EH45: 0 | EJ45: 1 | EK45: 62001 | EL45: Малярные работы | EM45: рФЕР-62 | EQ45: 0 | ER45: 78.24 | ES45: 78.24 | ET45: 0 | EU45: 0 | EV45: 0 | EW45: 0 | EX45: 0 | FQ45: 0 | FR45: =ROUND(IF(AND(BH45=3,BI45=3),P45,0),2) -> 0 | FS45: 0 | FX45: 80 | FY45: 50 | GD45: 0 | GF45: -1906556336 | GG45: 1 | GH45: 1 | GI45: 4 | GJ45: 0 | GK45: =ROUND(R45*(S12)/100,2) -> 0 | GL45: =ROUND(IF(AND(BH45=3,BI45=3,FS45<>0),P45,0),2) -> 0 | GM45: =ROUND(O45+X45+Y45+GK45,2)+GX45 -> 2624.13 | GN45: =IF(OR(BI45=0,BI45=1),ROUND(O45+X45+Y45+GK45,2),0) -> 2624.13 | GO45: =IF(BI45=2,ROUND(O45+X45+Y45+GK45,2),0) -> 0 | GP45: =IF(BI45=4,ROUND(O45+X45+Y45+GK45,2)+GX45,0) -> 0 | GR45: 0 | GS45: 3 | GT45: 0 | GV45: =ROUND(GT45,6) -> 0 | GW45: 1 | GX45: =ROUND(GV45*GW45*I45,2) -> 0 | HA45: 0 | HB45: 0 | IK45: 0
A46: 17 | B46: 1 | C46: =ROW(SmtRes!A53) -> 53 | D46: =ROW(EtalonRes!A54) -> 54 | E46: 6 | F46: 09-03-050-01 | G46: Монтаж стальных плинтусов из гнутого профиля | H46: 100 м | I46: =ROUND(16/100,9) -> 0.16 | J46: 0 | O46: =ROUND(CP46,2) -> 22.54 | P46: =ROUND(CQ46*I46,2) -> 0 | Q46: =ROUND(CR46*I46,2) -> 0.66 | R46: =ROUND(CS46*I46,2) -> 0.12 | S46: =ROUND(CT46*I46,2) -> 21.88 | T46: =ROUND(CU46*I46,2) -> 0 | U46: =CV46*I46 -> 2.3552 | V46: =CW46*I46 -> 0.01 | W46: =ROUND(CX46*I46,2) -> 0 | X46: =ROUND(CY46,2) -> 17.82 | Y46: =ROUND(CZ46,2) -> 15.84 | AA46: 16687810 | AB46: =ROUND((AC46+AD46+AF46),6) -> 140.859 | AC46: =ROUND((ES46),6) -> 0 | AD46: =ROUND(((((ET46*1.25))-((EU46*1.25)))+AE46),6) -> 4.1125 | AE46: =ROUND(((EU46*1.25)),6) -> 0.725 | AF46: =ROUND(((EV46*1.15)),6) -> 136.7465 | AG46: =ROUND((AP46),6) -> 0 | AH46: =((EW46*1.15)) -> 14.72 | AI46: =((EX46*1.25)) -> 0.0625 | AJ46: =ROUND((AS46),6) -> 0 | AK46: 122.2 | AL46: 0 | AM46: 3.29 | AN46: 0.58 | AO46: 118.91 | AP46: 0 | AQ46: 12.8 | AR46: 0.05 | AS46: 0 | AT46: 81 | AU46: 72 | AV46: 1 | AW46: 1 | AZ46: 1 | BA46: 1 | BB46: 1 | BC46: 1 | BH46: 0 | BI46: 1 | BJ46: ФЕР-2001, 09-03-050-01, приказ Минстроя России №1039/пр от 30.12.2016г. | BM46: 9001 | BN46: 0 | BP46: 0 | BQ46: 2 | BR46: 0 | BS46: 1 | BT46: 1 | BU46: 1 | BV46: 1 | BW46: 1 | BX46: 1 | BZ46: 90 | CA46: 85 | CF46: 0 | CG46: 0 | CM46: 0 | CN46: Поправка: МДС 81-35.2004, п.4.7 Наименование: Работы, выполняемые при реконструкции зданий и сооружений работы, аналогичные технологическим процессам в новом строительстве (в том числе возведение новых конструктивных элементов) стоимость которых определена по соответствующим сборникам ФЕР, кроме сборника № 46 «Работы при реконструкции зданий и сооружений» | CO46: 0 | CP46: =(P46+Q46+S46) -> 22.54 | CQ46: =AC46*BC46 -> 0 | CR46: =AD46*BB46 -> 4.1125 | CS46: =AE46*BS46 -> 0.725 | CT46: =AF46*BA46 -> 136.7465 | CU46: =AG46 -> 0 | CV46: =AH46 -> 14.72 | CW46: =AI46 -> 0.0625 | CX46: =AJ46 -> 0 | CY46: =(((S46+R46)*AT46)/100) -> 17.82 | CZ46: =(((S46+R46)*AU46)/100) -> 15.84 | DE46: )*1,25 | DF46: )*1,25 | DG46: )*1,15 | DI46: )*1,15 | DJ46: )*1,25 | DN46: 0 | DO46: 0 | DP46: 1 | DQ46: 1 | DU46: 1003 | DV46: 100 м | DW46: 100 м | DX46: 100 | EE46: 16510486 | EF46: 2 | EG46: Общестроительные работы | EH46: 0 | EJ46: 1 | EK46: 9001 | EL46: Металлические конструкции | EM46: ФЕР-09 | EO46: Поправка: МДС 81-35.2004, п.4.7 | EQ46: 0 | ER46: 122.2 | ES46: 0 | ET46: 3.29 | EU46: 0.58 | EV46: 118.91 | EW46: 12.8 | EX46: 0.05 | EY46: 0 | FQ46: 0 | FR46: =ROUND(IF(AND(BH46=3,BI46=3),P46,0),2) -> 0 | FS46: 0 | FT46: *0,9 | FU46: *0,85 | FX46: 81 | FY46: 72.25 | GD46: 0 | GF46: -1468733713 | GG46: 2 | GH46: 1 | GI46: -2 | GJ46: 0 | GK46: =ROUND(R46*(R12)/100,2) -> 0 | GL46: =ROUND(IF(AND(BH46=3,BI46=3,FS46<>0),P46,0),2) -> 0 | GM46: =ROUND(O46+X46+Y46+GK46,2)+GX46 -> 56.2 | GN46: =IF(OR(BI46=0,BI46=1),ROUND(O46+X46+Y46+GK46,2),0) -> 56.2 | GO46: =IF(BI46=2,ROUND(O46+X46+Y46+GK46,2),0) -> 0 | GP46: =IF(BI46=4,ROUND(O46+X46+Y46+GK46,2)+GX46,0) -> 0 | GR46: 0 | GS46: 3 | GT46: 0 | GV46: =ROUND(GT46,6) -> 0 | GW46: 1 | GX46: =ROUND(GV46*GW46*I46,2) -> 0 | HA46: 0 | HB46: 0 | IK46: 0
A47: 17 | B47: 1 | C47: =ROW(SmtRes!A58) -> 58 | D47: =ROW(EtalonRes!A60) -> 60 | E47: 6 | F47: 09-03-050-01 | G47: Монтаж стальных плинтусов из гнутого профиля | H47: 100 м | I47: =ROUND(16/100,9) -> 0.16 | J47: 0 | O47: =ROUND(CP47,2) -> 160.69 | P47: =ROUND(CQ47*I47,2) -> 0 | Q47: =ROUND(CR47*I47,2) -> 4.69 | R47: =ROUND(CS47*I47,2) -> 0.83 | S47: =ROUND(CT47*I47,2) -> 156 | T47: =ROUND(CU47*I47,2) -> 0 | U47: =CV47*I47 -> 2.3552 | V47: =CW47*I47 -> 0.01 | W47: =ROUND(CX47*I47,2) -> 0 | X47: =ROUND(CY47,2) -> 127.03 | Y47: =ROUND(CZ47,2) -> 112.92 | AA47: 16687824 | AB47: =ROUND((AC47+AD47+AF47),6) -> 140.859 | AC47: =ROUND((ES47),6) -> 0 | AD47: =ROUND(((((ET47*1.25))-((EU47*1.25)))+AE47),6) -> 4.1125 | AE47: =ROUND(((EU47*1.25)),6) -> 0.725 | AF47: =ROUND(((EV47*1.15)),6) -> 136.7465 | AG47: =ROUND((AP47),6) -> 0 | AH47: =((EW47*1.15)) -> 14.72 | AI47: =((EX47*1.25)) -> 0.0625 | AJ47: =ROUND((AS47),6) -> 0 | AK47: 122.2 | AL47: 0 | AM47: 3.29 | AN47: 0.58 | AO47: 118.91 | AP47: 0 | AQ47: 12.8 | AR47: 0.05 | AS47: 0 | AT47: 81 | AU47: 72 | AV47: 1 | AW47: 1 | AZ47: 7.13 | BA47: 7.13 | BB47: 7.13 | BC47: 7.13 | BH47: 0 | BI47: 1 | BJ47: ФЕР-2001, 09-03-050-01, приказ Минстроя России №1039/пр от 30.12.2016г. | BM47: 9001 | BN47: 0 | BP47: 0 | BQ47: 2 | BR47: 0 | BS47: 7.13 | BT47: 1 | BU47: 1 | BV47: 1 | BW47: 1 | BX47: 1 | BZ47: 90 | CA47: 85 | CF47: 0 | CG47: 0 | CM47: 0 | CN47: Поправка: МДС 81-35.2004, п.4.7 Наименование: Работы, выполняемые при реконструкции зданий и сооружений работы, аналогичные технологическим процессам в новом строительстве (в том числе возведение новых конструктивных элементов) стоимость которых определена по соответствующим сборникам ФЕР, кроме сборника № 46 «Работы при реконструкции зданий и сооружений» | CO47: 0 | CP47: =(P47+Q47+S47) -> 160.69 | CQ47: =AC47*BC47 -> 0 | CR47: =AD47*BB47 -> 29.322125 | CS47: =AE47*BS47 -> 5.16925 | CT47: =AF47*BA47 -> 975.00254 | CU47: =AG47 -> 0 | CV47: =AH47 -> 14.72 | CW47: =AI47 -> 0.0625 | CX47: =AJ47 -> 0 | CY47: =(((S47+R47)*AT47)/100) -> 127.0323 | CZ47: =(((S47+R47)*AU47)/100) -> 112.9176 | DE47: )*1,25 | DF47: )*1,25 | DG47: )*1,15 | DI47: )*1,15 | DJ47: )*1,25 | DN47: 0 | DO47: 0 | DP47: 1 | DQ47: 1 | DU47: 1003 | DV47: 100 м | DW47: 100 м | DX47: 100 | EE47: 16510486 | EF47: 2 | EG47: Общестроительные работы | EH47: 0 | EJ47: 1 | EK47: 9001 | EL47: Металлические конструкции | EM47: ФЕР-09 | EO47: Поправка: МДС 81-35.2004, п.4.7 | EQ47: 0 | ER47: 122.2 | ES47: 0 | ET47: 3.29 | EU47: 0.58 | EV47: 118.91 | EW47: 12.8 | EX47: 0.05 | EY47: 0 | FQ47: 0 | FR47: =ROUND(IF(AND(BH47=3,BI47=3),P47,0),2) -> 0 | FS47: 0 | FT47: *0,9 | FU47: *0,85 | FX47: 81 | FY47: 72.25 | GD47: 0 | GF47: -1468733713 | GG47: 1 | GH47: 1 | GI47: 4 | GJ47: 0 | GK47: =ROUND(R47*(S12)/100,2) -> 0 | GL47: =ROUND(IF(AND(BH47=3,BI47=3,FS47<>0),P47,0),2) -> 0 | GM47: =ROUND(O47+X47+Y47+GK47,2)+GX47 -> 400.64 | GN47: =IF(OR(BI47=0,BI47=1),ROUND(O47+X47+Y47+GK47,2),0) -> 400.64 | GO47: =IF(BI47=2,ROUND(O47+X47+Y47+GK47,2),0) -> 0 | GP47: =IF(BI47=4,ROUND(O47+X47+Y47+GK47,2)+GX47,0) -> 0 | GR47: 0 | GS47: 3 | GT47: 0 | GV47: =ROUND(GT47,6) -> 0 | GW47: 1 | GX47: =ROUND(GV47*GW47*I47,2) -> 0 | HA47: 0 | HB47: 0 | IK47: 0
A48: 18 | B48: 1 | C48: 53 | E48: 6,1 | F48: 07.2.07.13 | G48: Планка из стального листа | H48: т | I48: =I46*J48 -> 0.00064 | J48: 0.004 | O48: =ROUND(CP48,2) -> 0 | P48: =ROUND(CQ48*I48,2) -> 0 | Q48: =ROUND(CR48*I48,2) -> 0 | R48: =ROUND(CS48*I48,2) -> 0 | S48: =ROUND(CT48*I48,2) -> 0 | T48: =ROUND(CU48*I48,2) -> 0 | U48: =CV48*I48 -> 0 | V48: =CW48*I48 -> 0 | W48: =ROUND(CX48*I48,2) -> 0 | X48: =ROUND(CY48,2) -> 0 | Y48: =ROUND(CZ48,2) -> 0 | AA48: 16687810 | AB48: =ROUND((AC48+AD48+AF48),6) -> 0 | AC48: =ROUND((ES48),6) -> 0 | AD48: =ROUND((((ET48)-(EU48))+AE48),6) -> 0 | AE48: =ROUND((EU48),6) -> 0 | AF48: =ROUND((EV48),6) -> 0 | AG48: =ROUND((AP48),6) -> 0 | AH48: =(EW48) -> 0 | AI48: =(EX48) -> 0 | AJ48: =ROUND((AS48),6) -> 0 | AK48: 0 | AL48: 0 | AM48: 0 | AN48: 0 | AO48: 0 | AP48: 0 | AQ48: 0 | AR48: 0 | AS48: 0 | AT48: 81 | AU48: 72 | AV48: 1 | AW48: 1 | AZ48: 1 | BA48: 1 | BB48: 1 | BC48: 1 | BH48: 3 | BI48: 1 | BM48: 9001 | BN48: 0 | BP48: 0 | BQ48: 2 | BR48: 0 | BS48: 1 | BT48: 1 | BU48: 1 | BV48: 1 | BW48: 1 | BX48: 1 | BZ48: 90 | CA48: 85 | CF48: 0 | CG48: 0 | CM48: 0 | CO48: 0 | CP48: =(P48+Q48+S48) -> 0 | CQ48: =AC48*BC48 -> 0 | CR48: =AD48*BB48 -> 0 | CS48: =AE48*BS48 -> 0 | CT48: =AF48*BA48 -> 0 | CU48: =AG48 -> 0 | CV48: =AH48 -> 0 | CW48: =AI48 -> 0 | CX48: =AJ48 -> 0 | CY48: =(((S48+R48)*AT48)/100) -> 0 | CZ48: =(((S48+R48)*AU48)/100) -> 0 | DN48: 0 | DO48: 0 | DP48: 1 | DQ48: 1 | DU48: 1009 | DV48: т | DW48: т | DX48: 1000 | EE48: 16510486 | EF48: 2 | EG48: Общестроительные работы | EH48: 0 | EJ48: 1 | EK48: 9001 | EL48: Металлические конструкции | EM48: ФЕР-09 | EQ48: 0 | ER48: 0 | ES48: 0 | ET48: 0 | EU48: 0 | EV48: 0 | EW48: 0 | EX48: 0 | FQ48: 0 | FR48: =ROUND(IF(AND(BH48=3,BI48=3),P48,0),2) -> 0 | FS48: 0 | FT48: *0,9 | FU48: *0,85 | FX48: 81 | FY48: 72.25 | GD48: 0 | GF48: 1763388316 | GG48: 2 | GH48: 1 | GI48: -2 | GJ48: 0 | GK48: =ROUND(R48*(R12)/100,2) -> 0 | GL48: =ROUND(IF(AND(BH48=3,BI48=3,FS48<>0),P48,0),2) -> 0 | GM48: =ROUND(O48+X48+Y48+GK48,2)+GX48 -> 0 | GN48: =IF(OR(BI48=0,BI48=1),ROUND(O48+X48+Y48+GK48,2),0) -> 0 | GO48: =IF(BI48=2,ROUND(O48+X48+Y48+GK48,2),0) -> 0 | GP48: =IF(BI48=4,ROUND(O48+X48+Y48+GK48,2)+GX48,0) -> 0 | GR48: 0 | GS48: 3 | GT48: 0 | GV48: =ROUND(GT48,6) -> 0 | GW48: 1 | GX48: =ROUND(GV48*GW48*I48,2) -> 0 | HA48: 0 | HB48: 0 | IK48: 0
A49: 18 | B49: 1 | C49: 58 | E49: 6,1 | F49: 07.2.07.13 | G49: Планка из стального листа | H49: т | I49: =I47*J49 -> 0.00064 | J49: 0.004 | O49: =ROUND(CP49,2) -> 0 | P49: =ROUND(CQ49*I49,2) -> 0 | Q49: =ROUND(CR49*I49,2) -> 0 | R49: =ROUND(CS49*I49,2) -> 0 | S49: =ROUND(CT49*I49,2) -> 0 | T49: =ROUND(CU49*I49,2) -> 0 | U49: =CV49*I49 -> 0 | V49: =CW49*I49 -> 0 | W49: =ROUND(CX49*I49,2) -> 0 | X49: =ROUND(CY49,2) -> 0 | Y49: =ROUND(CZ49,2) -> 0 | AA49: 16687824 | AB49: =ROUND((AC49+AD49+AF49),6) -> 0 | AC49: =ROUND((ES49),6) -> 0 | AD49: =ROUND((((ET49)-(EU49))+AE49),6) -> 0 | AE49: =ROUND((EU49),6) -> 0 | AF49: =ROUND((EV49),6) -> 0 | AG49: =ROUND((AP49),6) -> 0 | AH49: =(EW49) -> 0 | AI49: =(EX49) -> 0 | AJ49: =ROUND((AS49),6) -> 0 | AK49: 0 | AL49: 0 | AM49: 0 | AN49: 0 | AO49: 0 | AP49: 0 | AQ49: 0 | AR49: 0 | AS49: 0 | AT49: 81 | AU49: 72 | AV49: 1 | AW49: 1 | AZ49: 7.13 | BA49: 1 | BB49: 1 | BC49: 7.13 | BH49: 3 | BI49: 1 | BM49: 9001 | BN49: 0 | BP49: 0 | BQ49: 2 | BR49: 0 | BS49: 1 | BT49: 1 | BU49: 1 | BV49: 1 | BW49: 1 | BX49: 1 | BZ49: 90 | CA49: 85 | CF49: 0 | CG49: 0 | CM49: 0 | CO49: 0 | CP49: =(P49+Q49+S49) -> 0 | CQ49: =AC49*BC49 -> 0 | CR49: =AD49*BB49 -> 0 | CS49: =AE49*BS49 -> 0 | CT49: =AF49*BA49 -> 0 | CU49: =AG49 -> 0 | CV49: =AH49 -> 0 | CW49: =AI49 -> 0 | CX49: =AJ49 -> 0 | CY49: =(((S49+R49)*AT49)/100) -> 0 | CZ49: =(((S49+R49)*AU49)/100) -> 0 | DN49: 0 | DO49: 0 | DP49: 1 | DQ49: 1 | DU49: 1009 | DV49: т | DW49: т | DX49: 1000 | EE49: 16510486 | EF49: 2 | EG49: Общестроительные работы | EH49: 0 | EJ49: 1 | EK49: 9001 | EL49: Металлические конструкции | EM49: ФЕР-09 | EQ49: 0 | ER49: 0 | ES49: 0 | ET49: 0 | EU49: 0 | EV49: 0 | EW49: 0 | EX49: 0 | FQ49: 0 | FR49: =ROUND(IF(AND(BH49=3,BI49=3),P49,0),2) -> 0 | FS49: 0 | FT49: *0,9 | FU49: *0,85 | FX49: 81 | FY49: 72.25 | GD49: 0 | GF49: 1763388316 | GG49: 1 | GH49: 1 | GI49: 4 | GJ49: 0 | GK49: =ROUND(R49*(S12)/100,2) -> 0 | GL49: =ROUND(IF(AND(BH49=3,BI49=3,FS49<>0),P49,0),2) -> 0 | GM49: =ROUND(O49+X49+Y49+GK49,2)+GX49 -> 0 | GN49: =IF(OR(BI49=0,BI49=1),ROUND(O49+X49+Y49+GK49,2),0) -> 0 | GO49: =IF(BI49=2,ROUND(O49+X49+Y49+GK49,2),0) -> 0 | GP49: =IF(BI49=4,ROUND(O49+X49+Y49+GK49,2)+GX49,0) -> 0 | GR49: 0 | GS49: 3 | GT49: 0 | GV49: =ROUND(GT49,6) -> 0 | GW49: 1 | GX49: =ROUND(GV49*GW49*I49,2) -> 0 | HA49: 0 | HB49: 0 | IK49: 0
A50: 18 | B50: 1 | C50: 52 | E50: 6,2 | F50: 01.5.02.01-0151 | G50: Уголки металлические оцинкованные прижимные (ТУ 5262-002- 73088633-09) | H50: т | I50: =I46*J50 -> 0.00064 | J50: 0.004 | O50: =ROUND(CP50,2) -> 3.27 | P50: =ROUND(CQ50*I50,2) -> 3.27 | Q50: =ROUND(CR50*I50,2) -> 0 | R50: =ROUND(CS50*I50,2) -> 0 | S50: =ROUND(CT50*I50,2) -> 0 | T50: =ROUND(CU50*I50,2) -> 0 | U50: =CV50*I50 -> 0 | V50: =CW50*I50 -> 0 | W50: =ROUND(CX50*I50,2) -> 0 | X50: =ROUND(CY50,2) -> 0 | Y50: =ROUND(CZ50,2) -> 0 | AA50: 16687810 | AB50: =ROUND((AC50+AD50+AF50),6) -> 5106.21 | AC50: =ROUND((ES50),6) -> 5106.21 | AD50: =ROUND((((ET50)-(EU50))+AE50),6) -> 0 | AE50: =ROUND((EU50),6) -> 0 | AF50: =ROUND((EV50),6) -> 0 | AG50: =ROUND((AP50),6) -> 0 | AH50: =(EW50) -> 0 | AI50: =(EX50) -> 0 | AJ50: =ROUND((AS50),6) -> 0 | AK50: 5106.21 | AL50: 5106.21 | AM50: 0 | AN50: 0 | AO50: 0 | AP50: 0 | AQ50: 0 | AR50: 0 | AS50: 0 | AT50: 81 | AU50: 72 | AV50: 1 | AW50: 1 | AZ50: 1 | BA50: 1 | BB50: 1 | BC50: 1 | BH50: 3 | BI50: 1 | BJ50: ФССЦ-2001, 01.5.02.01-0151, приказ Минстроя России №1039/пр от 30.12.2016г. | BM50: 9001 | BN50: 0 | BP50: 0 | BQ50: 2 | BR50: 0 | BS50: 1 | BT50: 1 | BU50: 1 | BV50: 1 | BW50: 1 | BX50: 1 | BZ50: 90 | CA50: 85 | CF50: 0 | CG50: 0 | CM50: 0 | CO50: 0 | CP50: =(P50+Q50+S50) -> 3.27 | CQ50: =AC50*BC50 -> 5106.21 | CR50: =AD50*BB50 -> 0 | CS50: =AE50*BS50 -> 0 | CT50: =AF50*BA50 -> 0 | CU50: =AG50 -> 0 | CV50: =AH50 -> 0 | CW50: =AI50 -> 0 | CX50: =AJ50 -> 0 | CY50: =(((S50+R50)*AT50)/100) -> 0 | CZ50: =(((S50+R50)*AU50)/100) -> 0 | DN50: 0 | DO50: 0 | DP50: 1 | DQ50: 1 | DU50: 1009 | DV50: т | DW50: т | DX50: 1000 | EE50: 16510486 | EF50: 2 | EG50: Общестроительные работы | EH50: 0 | EJ50: 1 | EK50: 9001 | EL50: Металлические конструкции | EM50: ФЕР-09 | EQ50: 0 | ER50: 5106.21 | ES50: 5106.21 | ET50: 0 | EU50: 0 | EV50: 0 | EW50: 0 | EX50: 0 | FQ50: 0 | FR50: =ROUND(IF(AND(BH50=3,BI50=3),P50,0),2) -> 0 | FS50: 0 | FT50: *0,9 | FU50: *0,85 | FX50: 81 | FY50: 72.25 | GD50: 0 | GF50: -685546342 | GG50: 2 | GH50: 1 | GI50: -2 | GJ50: 0 | GK50: =ROUND(R50*(R12)/100,2) -> 0 | GL50: =ROUND(IF(AND(BH50=3,BI50=3,FS50<>0),P50,0),2) -> 0 | GM50: =ROUND(O50+X50+Y50+GK50,2)+GX50 -> 3.27 | GN50: =IF(OR(BI50=0,BI50=1),ROUND(O50+X50+Y50+GK50,2),0) -> 3.27 | GO50: =IF(BI50=2,ROUND(O50+X50+Y50+GK50,2),0) -> 0 | GP50: =IF(BI50=4,ROUND(O50+X50+Y50+GK50,2)+GX50,0) -> 0 | GR50: 0 | GS50: 3 | GT50: 0 | GV50: =ROUND(GT50,6) -> 0 | GW50: 1 | GX50: =ROUND(GV50*GW50*I50,2) -> 0 | HA50: 0 | HB50: 0 | IK50: 0
A51: 18 | B51: 1 | C51: 57 | E51: 6,2 | F51: 01.5.02.01-0151 | G51: Уголки металлические оцинкованные прижимные (ТУ 5262-002- 73088633-09) | H51: т | I51: =I47*J51 -> 0.00064 | J51: 0.004 | O51: =ROUND(CP51,2) -> 23.3 | P51: =ROUND(CQ51*I51,2) -> 23.3 | Q51: =ROUND(CR51*I51,2) -> 0 | R51: =ROUND(CS51*I51,2) -> 0 | S51: =ROUND(CT51*I51,2) -> 0 | T51: =ROUND(CU51*I51,2) -> 0 | U51: =CV51*I51 -> 0 | V51: =CW51*I51 -> 0 | W51: =ROUND(CX51*I51,2) -> 0 | X51: =ROUND(CY51,2) -> 0 | Y51: =ROUND(CZ51,2) -> 0 | AA51: 16687824 | AB51: =ROUND((AC51+AD51+AF51),6) -> 5106.21 | AC51: =ROUND((ES51),6) -> 5106.21 | AD51: =ROUND((((ET51)-(EU51))+AE51),6) -> 0 | AE51: =ROUND((EU51),6) -> 0 | AF51: =ROUND((EV51),6) -> 0 | AG51: =ROUND((AP51),6) -> 0 | AH51: =(EW51) -> 0 | AI51: =(EX51) -> 0 | AJ51: =ROUND((AS51),6) -> 0 | AK51: 5106.21 | AL51: 5106.21 | AM51: 0 | AN51: 0 | AO51: 0 | AP51: 0 | AQ51: 0 | AR51: 0 | AS51: 0 | AT51: 81 | AU51: 72 | AV51: 1 | AW51: 1 | AZ51: 7.13 | BA51: 1 | BB51: 1 | BC51: 7.13 | BH51: 3 | BI51: 1 | BJ51: ФССЦ-2001, 01.5.02.01-0151, приказ Минстроя России №1039/пр от 30.12.2016г. | BM51: 9001 | BN51: 0 | BP51: 0 | BQ51: 2 | BR51: 0 | BS51: 1 | BT51: 1 | BU51: 1 | BV51: 1 | BW51: 1 | BX51: 1 | BZ51: 90 | CA51: 85 | CF51: 0 | CG51: 0 | CM51: 0 | CO51: 0 | CP51: =(P51+Q51+S51) -> 23.3 | CQ51: =AC51*BC51 -> 36407.277 | CR51: =AD51*BB51 -> 0 | CS51: =AE51*BS51 -> 0 | CT51: =AF51*BA51 -> 0 | CU51: =AG51 -> 0 | CV51: =AH51 -> 0 | CW51: =AI51 -> 0 | CX51: =AJ51 -> 0 | CY51: =(((S51+R51)*AT51)/100) -> 0 | CZ51: =(((S51+R51)*AU51)/100) -> 0 | DN51: 0 | DO51: 0 | DP51: 1 | DQ51: 1 | DU51: 1009 | DV51: т | DW51: т | DX51: 1000 | EE51: 16510486 | EF51: 2 | EG51: Общестроительные работы | EH51: 0 | EJ51: 1 | EK51: 9001 | EL51: Металлические конструкции | EM51: ФЕР-09 | EQ51: 0 | ER51: 5106.21 | ES51: 5106.21 | ET51: 0 | EU51: 0 | EV51: 0 | EW51: 0 | EX51: 0 | FQ51: 0 | FR51: =ROUND(IF(AND(BH51=3,BI51=3),P51,0),2) -> 0 | FS51: 0 | FT51: *0,9 | FU51: *0,85 | FX51: 81 | FY51: 72.25 | GD51: 0 | GF51: -685546342 | GG51: 1 | GH51: 1 | GI51: 4 | GJ51: 0 | GK51: =ROUND(R51*(S12)/100,2) -> 0 | GL51: =ROUND(IF(AND(BH51=3,BI51=3,FS51<>0),P51,0),2) -> 0 | GM51: =ROUND(O51+X51+Y51+GK51,2)+GX51 -> 23.3 | GN51: =IF(OR(BI51=0,BI51=1),ROUND(O51+X51+Y51+GK51,2),0) -> 23.3 | GO51: =IF(BI51=2,ROUND(O51+X51+Y51+GK51,2),0) -> 0 | GP51: =IF(BI51=4,ROUND(O51+X51+Y51+GK51,2)+GX51,0) -> 0 | GR51: 0 | GS51: 3 | GT51: 0 | GV51: =ROUND(GT51,6) -> 0 | GW51: 1 | GX51: =ROUND(GV51*GW51*I51,2) -> 0 | HA51: 0 | HB51: 0 | IK51: 0
A52: 17 | B52: 1 | C52: =ROW(SmtRes!A66) -> 66 | D52: =ROW(EtalonRes!A67) -> 67 | E52: 7 | F52: 15-04-030-04 | G52: Масляная окраска металлических поверхностей решеток, переплетов, труб диаметром менее 50 мм и т.п., количество окрасок 2 | H52: 100 м2 | I52: =ROUND(2.78/100,9) -> 0.0278 | J52: 0 | O52: =ROUND(CP52,2) -> 22.67 | P52: =ROUND(CQ52*I52,2) -> 2.46 | Q52: =ROUND(CR52*I52,2) -> 0.08 | R52: =ROUND(CS52*I52,2) -> 0.02 | S52: =ROUND(CT52*I52,2) -> 20.13 | T52: =ROUND(CU52*I52,2) -> 0 | U52: =CV52*I52 -> 2.2717882 | V52: =CW52*I52 -> 0.00139 | W52: =ROUND(CX52*I52,2) -> 0 | X52: =ROUND(CY52,2) -> 19.14 | Y52: =ROUND(CZ52,2) -> 9.47 | AA52: 16687810 | AB52: =ROUND((AC52+AD52+AF52),6) -> 815.4485 | AC52: =ROUND((ES52),6) -> 88.57 | AD52: =ROUND(((((ET52*1.25))-((EU52*1.25)))+AE52),6) -> 2.85 | AE52: =ROUND(((EU52*1.25)),6) -> 0.6125 | AF52: =ROUND(((EV52*1.15)),6) -> 724.0285 | AG52: =ROUND((AP52),6) -> 0 | AH52: =((EW52*1.15)) -> 81.719 | AI52: =((EX52*1.25)) -> 0.05 | AJ52: =ROUND((AS52),6) -> 0 | AK52: 720.44 | AL52: 88.57 | AM52: 2.28 | AN52: 0.49 | AO52: 629.59 | AP52: 0 | AQ52: 71.06 | AR52: 0.04 | AS52: 0 | AT52: 95 | AU52: 47 | AV52: 1 | AW52: 1 | AZ52: 1 | BA52: 1 | BB52: 1 | BC52: 1 | BH52: 0 | BI52: 1 | BJ52: ФЕР-2001, 15-04-030-04, приказ Минстроя России №1039/пр от 30.12.2016г. | BM52: 15001 | BN52: 0 | BP52: 0 | BQ52: 2 | BR52: 0 | BS52: 1 | BT52: 1 | BU52: 1 | BV52: 1 | BW52: 1 | BX52: 1 | BZ52: 105 | CA52: 55 | CF52: 0 | CG52: 0 | CM52: 0 | CN52: Поправка: МДС 81-35.2004, п.4.7 Наименование: Работы, выполняемые при реконструкции зданий и сооружений работы, аналогичные технологическим процессам в новом строительстве (в том числе возведение новых конструктивных элементов) стоимость которых определена по соответствующим сборникам ФЕР, кроме сборника № 46 «Работы при реконструкции зданий и сооружений» | CO52: 0 | CP52: =(P52+Q52+S52) -> 22.67 | CQ52: =AC52*BC52 -> 88.57 | CR52: =AD52*BB52 -> 2.85 | CS52: =AE52*BS52 -> 0.6125 | CT52: =AF52*BA52 -> 724.0285 | CU52: =AG52 -> 0 | CV52: =AH52 -> 81.719 | CW52: =AI52 -> 0.05 | CX52: =AJ52 -> 0 | CY52: =(((S52+R52)*AT52)/100) -> 19.1425 | CZ52: =(((S52+R52)*AU52)/100) -> 9.4705 | DE52: )*1,25 | DF52: )*1,25 | DG52: )*1,15 | DI52: )*1,15 | DJ52: )*1,25 | DN52: 0 | DO52: 0 | DP52: 1 | DQ52: 1 | DU52: 1005 | DV52: 100 м2 | DW52: 100 м2 | DX52: 100 | EE52: 16510513 | EF52: 2 | EG52: Общестроительные работы | EH52: 0 | EJ52: 1 | EK52: 15001 | EL52: Отделочные работы | EM52: ФЕР-15 | EO52: Поправка: МДС 81-35.2004, п.4.7 | EQ52: 0 | ER52: 720.44 | ES52: 88.57 | ET52: 2.28 | EU52: 0.49 | EV52: 629.59 | EW52: 71.06 | EX52: 0.04 | EY52: 0 | FQ52: 0 | FR52: =ROUND(IF(AND(BH52=3,BI52=3),P52,0),2) -> 0 | FS52: 0 | FT52: *0,9 | FU52: *0,85 | FX52: 94.5 | FY52: 46.75 | GD52: 0 | GF52: -1311473070 | GG52: 2 | GH52: 1 | GI52: -2 | GJ52: 0 | GK52: =ROUND(R52*(R12)/100,2) -> 0 | GL52: =ROUND(IF(AND(BH52=3,BI52=3,FS52<>0),P52,0),2) -> 0 | GM52: =ROUND(O52+X52+Y52+GK52,2)+GX52 -> 51.28 | GN52: =IF(OR(BI52=0,BI52=1),ROUND(O52+X52+Y52+GK52,2),0) -> 51.28 | GO52: =IF(BI52=2,ROUND(O52+X52+Y52+GK52,2),0) -> 0 | GP52: =IF(BI52=4,ROUND(O52+X52+Y52+GK52,2)+GX52,0) -> 0 | GR52: 0 | GS52: 3 | GT52: 0 | GV52: =ROUND(GT52,6) -> 0 | GW52: 1 | GX52: =ROUND(GV52*GW52*I52,2) -> 0 | HA52: 0 | HB52: 0 | IK52: 0
A53: 17 | B53: 1 | C53: =ROW(SmtRes!A74) -> 74 | D53: =ROW(EtalonRes!A74) -> 74 | E53: 7 | F53: 15-04-030-04 | G53: Масляная окраска металлических поверхностей решеток, переплетов, труб диаметром менее 50 мм и т.п., количество окрасок 2 | H53: 100 м2 | I53: =ROUND(2.78/100,9) -> 0.0278 | J53: 0 | O53: =ROUND(CP53,2) -> 161.63 | P53: =ROUND(CQ53*I53,2) -> 17.56 | Q53: =ROUND(CR53*I53,2) -> 0.56 | R53: =ROUND(CS53*I53,2) -> 0.12 | S53: =ROUND(CT53*I53,2) -> 143.51 | T53: =ROUND(CU53*I53,2) -> 0 | U53: =CV53*I53 -> 2.2717882 | V53: =CW53*I53 -> 0.00139 | W53: =ROUND(CX53*I53,2) -> 0 | X53: =ROUND(CY53,2) -> 136.45 | Y53: =ROUND(CZ53,2) -> 67.51 | AA53: 16687824 | AB53: =ROUND((AC53+AD53+AF53),6) -> 815.4485 | AC53: =ROUND((ES53),6) -> 88.57 | AD53: =ROUND(((((ET53*1.25))-((EU53*1.25)))+AE53),6) -> 2.85 | AE53: =ROUND(((EU53*1.25)),6) -> 0.6125 | AF53: =ROUND(((EV53*1.15)),6) -> 724.0285 | AG53: =ROUND((AP53),6) -> 0 | AH53: =((EW53*1.15)) -> 81.719 | AI53: =((EX53*1.25)) -> 0.05 | AJ53: =ROUND((AS53),6) -> 0 | AK53: 720.44 | AL53: 88.57 | AM53: 2.28 | AN53: 0.49 | AO53: 629.59 | AP53: 0 | AQ53: 71.06 | AR53: 0.04 | AS53: 0 | AT53: 95 | AU53: 47 | AV53: 1 | AW53: 1 | AZ53: 7.13 | BA53: 7.13 | BB53: 7.13 | BC53: 7.13 | BH53: 0 | BI53: 1 | BJ53: ФЕР-2001, 15-04-030-04, приказ Минстроя России №1039/пр от 30.12.2016г. | BM53: 15001 | BN53: 0 | BP53: 0 | BQ53: 2 | BR53: 0 | BS53: 7.13 | BT53: 1 | BU53: 1 | BV53: 1 | BW53: 1 | BX53: 1 | BZ53: 105 | CA53: 55 | CF53: 0 | CG53: 0 | CM53: 0 | CN53: Поправка: МДС 81-35.2004, п.4.7 Наименование: Работы, выполняемые при реконструкции зданий и сооружений работы, аналогичные технологическим процессам в новом строительстве (в том числе возведение новых конструктивных элементов) стоимость которых определена по соответствующим сборникам ФЕР, кроме сборника № 46 «Работы при реконструкции зданий и сооружений» | CO53: 0 | CP53: =(P53+Q53+S53) -> 161.63 | CQ53: =AC53*BC53 -> 631.5041 | CR53: =AD53*BB53 -> 20.3205 | CS53: =AE53*BS53 -> 4.367125 | CT53: =AF53*BA53 -> 5162.3232 | CU53: =AG53 -> 0 | CV53: =AH53 -> 81.719 | CW53: =AI53 -> 0.05 | CX53: =AJ53 -> 0 | CY53: =(((S53+R53)*AT53)/100) -> 136.4485 | CZ53: =(((S53+R53)*AU53)/100) -> 67.5061 | DE53: )*1,25 | DF53: )*1,25 | DG53: )*1,15 | DI53: )*1,15 | DJ53: )*1,25 | DN53: 0 | DO53: 0 | DP53: 1 | DQ53: 1 | DU53: 1005 | DV53: 100 м2 | DW53: 100 м2 | DX53: 100 | EE53: 16510513 | EF53: 2 | EG53: Общестроительные работы | EH53: 0 | EJ53: 1 | EK53: 15001 | EL53: Отделочные работы | EM53: ФЕР-15 | EO53: Поправка: МДС 81-35.2004, п.4.7 | EQ53: 0 | ER53: 720.44 | ES53: 88.57 | ET53: 2.28 | EU53: 0.49 | EV53: 629.59 | EW53: 71.06 | EX53: 0.04 | EY53: 0 | FQ53: 0 | FR53: =ROUND(IF(AND(BH53=3,BI53=3),P53,0),2) -> 0 | FS53: 0 | FT53: *0,9 | FU53: *0,85 | FX53: 94.5 | FY53: 46.75 | GD53: 0 | GF53: -1311473070 | GG53: 1 | GH53: 1 | GI53: 4 | GJ53: 0 | GK53: =ROUND(R53*(S12)/100,2) -> 0 | GL53: =ROUND(IF(AND(BH53=3,BI53=3,FS53<>0),P53,0),2) -> 0 | GM53: =ROUND(O53+X53+Y53+GK53,2)+GX53 -> 365.59 | GN53: =IF(OR(BI53=0,BI53=1),ROUND(O53+X53+Y53+GK53,2),0) -> 365.59 | GO53: =IF(BI53=2,ROUND(O53+X53+Y53+GK53,2),0) -> 0 | GP53: =IF(BI53=4,ROUND(O53+X53+Y53+GK53,2)+GX53,0) -> 0 | GR53: 0 | GS53: 3 | GT53: 0 | GV53: =ROUND(GT53,6) -> 0 | GW53: 1 | GX53: =ROUND(GV53*GW53*I53,2) -> 0 | HA53: 0 | HB53: 0 | IK53: 0
A54: 18 | B54: 1 | C54: 64 | E54: 7,1 | F54: 14.4.02.04 | G54: Краски для внутренних работ масляные готовые к применению | H54: т | I54: =I52*J54 -> 0.000684 | J54: 0.024604317 | O54: =ROUND(CP54,2) -> 0 | P54: =ROUND(CQ54*I54,2) -> 0 | Q54: =ROUND(CR54*I54,2) -> 0 | R54: =ROUND(CS54*I54,2) -> 0 | S54: =ROUND(CT54*I54,2) -> 0 | T54: =ROUND(CU54*I54,2) -> 0 | U54: =CV54*I54 -> 0 | V54: =CW54*I54 -> 0 | W54: =ROUND(CX54*I54,2) -> 0 | X54: =ROUND(CY54,2) -> 0 | Y54: =ROUND(CZ54,2) -> 0 | AA54: 16687810 | AB54: =ROUND((AC54+AD54+AF54),6) -> 0 | AC54: =ROUND((ES54),6) -> 0 | AD54: =ROUND((((ET54)-(EU54))+AE54),6) -> 0 | AE54: =ROUND((EU54),6) -> 0 | AF54: =ROUND((EV54),6) -> 0 | AG54: =ROUND((AP54),6) -> 0 | AH54: =(EW54) -> 0 | AI54: =(EX54) -> 0 | AJ54: =ROUND((AS54),6) -> 0 | AK54: 0 | AL54: 0 | AM54: 0 | AN54: 0 | AO54: 0 | AP54: 0 | AQ54: 0 | AR54: 0 | AS54: 0 | AT54: 95 | AU54: 47 | AV54: 1 | AW54: 1 | AZ54: 1 | BA54: 1 | BB54: 1 | BC54: 1 | BH54: 3 | BI54: 1 | BM54: 15001 | BN54: 0 | BP54: 0 | BQ54: 2 | BR54: 0 | BS54: 1 | BT54: 1 | BU54: 1 | BV54: 1 | BW54: 1 | BX54: 1 | BZ54: 105 | CA54: 55 | CF54: 0 | CG54: 0 | CM54: 0 | CO54: 0 | CP54: =(P54+Q54+S54) -> 0 | CQ54: =AC54*BC54 -> 0 | CR54: =AD54*BB54 -> 0 | CS54: =AE54*BS54 -> 0 | CT54: =AF54*BA54 -> 0 | CU54: =AG54 -> 0 | CV54: =AH54 -> 0 | CW54: =AI54 -> 0 | CX54: =AJ54 -> 0 | CY54: =(((S54+R54)*AT54)/100) -> 0 | CZ54: =(((S54+R54)*AU54)/100) -> 0 | DN54: 0 | DO54: 0 | DP54: 1 | DQ54: 1 | DU54: 1009 | DV54: т | DW54: т | DX54: 1000 | EE54: 16510513 | EF54: 2 | EG54: Общестроительные работы | EH54: 0 | EJ54: 1 | EK54: 15001 | EL54: Отделочные работы | EM54: ФЕР-15 | EQ54: 0 | ER54: 0 | ES54: 0 | ET54: 0 | EU54: 0 | EV54: 0 | EW54: 0 | EX54: 0 | FQ54: 0 | FR54: =ROUND(IF(AND(BH54=3,BI54=3),P54,0),2) -> 0 | FS54: 0 | FT54: *0,9 | FU54: *0,85 | FX54: 94.5 | FY54: 46.75 | GD54: 0 | GF54: 84301199 | GG54: 2 | GH54: 1 | GI54: -2 | GJ54: 0 | GK54: =ROUND(R54*(R12)/100,2) -> 0 | GL54: =ROUND(IF(AND(BH54=3,BI54=3,FS54<>0),P54,0),2) -> 0 | GM54: =ROUND(O54+X54+Y54+GK54,2)+GX54 -> 0 | GN54: =IF(OR(BI54=0,BI54=1),ROUND(O54+X54+Y54+GK54,2),0) -> 0 | GO54: =IF(BI54=2,ROUND(O54+X54+Y54+GK54,2),0) -> 0 | GP54: =IF(BI54=4,ROUND(O54+X54+Y54+GK54,2)+GX54,0) -> 0 | GR54: 0 | GS54: 3 | GT54: 0 | GV54: =ROUND(GT54,6) -> 0 | GW54: 1 | GX54: =ROUND(GV54*GW54*I54,2) -> 0 | HA54: 0 | HB54: 0 | IK54: 0
A55: 18 | B55: 1 | C55: 72 | E55: 7,1 | F55: 14.4.02.04 | G55: Краски для внутренних работ масляные готовые к применению | H55: т | I55: =I53*J55 -> 0.000684 | J55: 0.024604317 | O55: =ROUND(CP55,2) -> 0 | P55: =ROUND(CQ55*I55,2) -> 0 | Q55: =ROUND(CR55*I55,2) -> 0 | R55: =ROUND(CS55*I55,2) -> 0 | S55: =ROUND(CT55*I55,2) -> 0 | T55: =ROUND(CU55*I55,2) -> 0 | U55: =CV55*I55 -> 0 | V55: =CW55*I55 -> 0 | W55: =ROUND(CX55*I55,2) -> 0 | X55: =ROUND(CY55,2) -> 0 | Y55: =ROUND(CZ55,2) -> 0 | AA55: 16687824 | AB55: =ROUND((AC55+AD55+AF55),6) -> 0 | AC55: =ROUND((ES55),6) -> 0 | AD55: =ROUND((((ET55)-(EU55))+AE55),6) -> 0 | AE55: =ROUND((EU55),6) -> 0 | AF55: =ROUND((EV55),6) -> 0 | AG55: =ROUND((AP55),6) -> 0 | AH55: =(EW55) -> 0 | AI55: =(EX55) -> 0 | AJ55: =ROUND((AS55),6) -> 0 | AK55: 0 | AL55: 0 | AM55: 0 | AN55: 0 | AO55: 0 | AP55: 0 | AQ55: 0 | AR55: 0 | AS55: 0 | AT55: 95 | AU55: 47 | AV55: 1 | AW55: 1 | AZ55: 7.13 | BA55: 1 | BB55: 1 | BC55: 7.13 | BH55: 3 | BI55: 1 | BM55: 15001 | BN55: 0 | BP55: 0 | BQ55: 2 | BR55: 0 | BS55: 1 | BT55: 1 | BU55: 1 | BV55: 1 | BW55: 1 | BX55: 1 | BZ55: 105 | CA55: 55 | CF55: 0 | CG55: 0 | CM55: 0 | CO55: 0 | CP55: =(P55+Q55+S55) -> 0 | CQ55: =AC55*BC55 -> 0 | CR55: =AD55*BB55 -> 0 | CS55: =AE55*BS55 -> 0 | CT55: =AF55*BA55 -> 0 | CU55: =AG55 -> 0 | CV55: =AH55 -> 0 | CW55: =AI55 -> 0 | CX55: =AJ55 -> 0 | CY55: =(((S55+R55)*AT55)/100) -> 0 | CZ55: =(((S55+R55)*AU55)/100) -> 0 | DN55: 0 | DO55: 0 | DP55: 1 | DQ55: 1 | DU55: 1009 | DV55: т | DW55: т | DX55: 1000 | EE55: 16510513 | EF55: 2 | EG55: Общестроительные работы | EH55: 0 | EJ55: 1 | EK55: 15001 | EL55: Отделочные работы | EM55: ФЕР-15 | EQ55: 0 | ER55: 0 | ES55: 0 | ET55: 0 | EU55: 0 | EV55: 0 | EW55: 0 | EX55: 0 | FQ55: 0 | FR55: =ROUND(IF(AND(BH55=3,BI55=3),P55,0),2) -> 0 | FS55: 0 | FT55: *0,9 | FU55: *0,85 | FX55: 94.5 | FY55: 46.75 | GD55: 0 | GF55: 84301199 | GG55: 1 | GH55: 1 | GI55: 4 | GJ55: 0 | GK55: =ROUND(R55*(S12)/100,2) -> 0 | GL55: =ROUND(IF(AND(BH55=3,BI55=3,FS55<>0),P55,0),2) -> 0 | GM55: =ROUND(O55+X55+Y55+GK55,2)+GX55 -> 0 | GN55: =IF(OR(BI55=0,BI55=1),ROUND(O55+X55+Y55+GK55,2),0) -> 0 | GO55: =IF(BI55=2,ROUND(O55+X55+Y55+GK55,2),0) -> 0 | GP55: =IF(BI55=4,ROUND(O55+X55+Y55+GK55,2)+GX55,0) -> 0 | GR55: 0 | GS55: 3 | GT55: 0 | GV55: =ROUND(GT55,6) -> 0 | GW55: 1 | GX55: =ROUND(GV55*GW55*I55,2) -> 0 | HA55: 0 | HB55: 0 | IK55: 0
A56: 18 | B56: 1 | C56: 65 | E56: 7,2 | F56: 14.4.04.08-0002 | G56: Эмаль ПФ-115 БИО различных цветов | H56: т | I56: =I52*J56 -> 0.000684 | J56: 0.024604317 | O56: =ROUND(CP56,2) -> 23.51 | P56: =ROUND(CQ56*I56,2) -> 23.51 | Q56: =ROUND(CR56*I56,2) -> 0 | R56: =ROUND(CS56*I56,2) -> 0 | S56: =ROUND(CT56*I56,2) -> 0 | T56: =ROUND(CU56*I56,2) -> 0 | U56: =CV56*I56 -> 0 | V56: =CW56*I56 -> 0 | W56: =ROUND(CX56*I56,2) -> 0 | X56: =ROUND(CY56,2) -> 0 | Y56: =ROUND(CZ56,2) -> 0 | AA56: 16687810 | AB56: =ROUND((AC56+AD56+AF56),6) -> 34375.18 | AC56: =ROUND((ES56),6) -> 34375.18 | AD56: =ROUND((((ET56)-(EU56))+AE56),6) -> 0 | AE56: =ROUND((EU56),6) -> 0 | AF56: =ROUND((EV56),6) -> 0 | AG56: =ROUND((AP56),6) -> 0 | AH56: =(EW56) -> 0 | AI56: =(EX56) -> 0 | AJ56: =ROUND((AS56),6) -> 0 | AK56: 34375.18 | AL56: 34375.18 | AM56: 0 | AN56: 0 | AO56: 0 | AP56: 0 | AQ56: 0 | AR56: 0 | AS56: 0 | AT56: 95 | AU56: 47 | AV56: 1 | AW56: 1 | AZ56: 1 | BA56: 1 | BB56: 1 | BC56: 1 | BH56: 3 | BI56: 1 | BJ56: ФССЦ-2001, 14.4.04.08-0002, приказ Минстроя России №1039/пр от 30.12.2016г. | BM56: 15001 | BN56: 0 | BP56: 0 | BQ56: 2 | BR56: 0 | BS56: 1 | BT56: 1 | BU56: 1 | BV56: 1 | BW56: 1 | BX56: 1 | BZ56: 105 | CA56: 55 | CF56: 0 | CG56: 0 | CM56: 0 | CO56: 0 | CP56: =(P56+Q56+S56) -> 23.51 | CQ56: =AC56*BC56 -> 34375.18 | CR56: =AD56*BB56 -> 0 | CS56: =AE56*BS56 -> 0 | CT56: =AF56*BA56 -> 0 | CU56: =AG56 -> 0 | CV56: =AH56 -> 0 | CW56: =AI56 -> 0 | CX56: =AJ56 -> 0 | CY56: =(((S56+R56)*AT56)/100) -> 0 | CZ56: =(((S56+R56)*AU56)/100) -> 0 | DN56: 0 | DO56: 0 | DP56: 1 | DQ56: 1 | DU56: 1009 | DV56: т | DW56: т | DX56: 1000 | EE56: 16510513 | EF56: 2 | EG56: Общестроительные работы | EH56: 0 | EJ56: 1 | EK56: 15001 | EL56: Отделочные работы | EM56: ФЕР-15 | EQ56: 0 | ER56: 34375.18 | ES56: 34375.18 | ET56: 0 | EU56: 0 | EV56: 0 | EW56: 0 | EX56: 0 | FQ56: 0 | FR56: =ROUND(IF(AND(BH56=3,BI56=3),P56,0),2) -> 0 | FS56: 0 | FT56: *0,9 | FU56: *0,85 | FX56: 94.5 | FY56: 46.75 | GD56: 0 | GF56: -1981045358 | GG56: 2 | GH56: 1 | GI56: -2 | GJ56: 0 | GK56: =ROUND(R56*(R12)/100,2) -> 0 | GL56: =ROUND(IF(AND(BH56=3,BI56=3,FS56<>0),P56,0),2) -> 0 | GM56: =ROUND(O56+X56+Y56+GK56,2)+GX56 -> 23.51 | GN56: =IF(OR(BI56=0,BI56=1),ROUND(O56+X56+Y56+GK56,2),0) -> 23.51 | GO56: =IF(BI56=2,ROUND(O56+X56+Y56+GK56,2),0) -> 0 | GP56: =IF(BI56=4,ROUND(O56+X56+Y56+GK56,2)+GX56,0) -> 0 | GR56: 0 | GS56: 3 | GT56: 0 | GV56: =ROUND(GT56,6) -> 0 | GW56: 1 | GX56: =ROUND(GV56*GW56*I56,2) -> 0 | HA56: 0 | HB56: 0 | IK56: 0
A57: 18 | B57: 1 | C57: 73 | E57: 7,2 | F57: 14.4.04.08-0002 | G57: Эмаль ПФ-115 БИО различных цветов | H57: т | I57: =I53*J57 -> 0.000684 | J57: 0.024604317 | O57: =ROUND(CP57,2) -> 167.65 | P57: =ROUND(CQ57*I57,2) -> 167.65 | Q57: =ROUND(CR57*I57,2) -> 0 | R57: =ROUND(CS57*I57,2) -> 0 | S57: =ROUND(CT57*I57,2) -> 0 | T57: =ROUND(CU57*I57,2) -> 0 | U57: =CV57*I57 -> 0 | V57: =CW57*I57 -> 0 | W57: =ROUND(CX57*I57,2) -> 0 | X57: =ROUND(CY57,2) -> 0 | Y57: =ROUND(CZ57,2) -> 0 | AA57: 16687824 | AB57: =ROUND((AC57+AD57+AF57),6) -> 34375.18 | AC57: =ROUND((ES57),6) -> 34375.18 | AD57: =ROUND((((ET57)-(EU57))+AE57),6) -> 0 | AE57: =ROUND((EU57),6) -> 0 | AF57: =ROUND((EV57),6) -> 0 | AG57: =ROUND((AP57),6) -> 0 | AH57: =(EW57) -> 0 | AI57: =(EX57) -> 0 | AJ57: =ROUND((AS57),6) -> 0 | AK57: 34375.18 | AL57: 34375.18 | AM57: 0 | AN57: 0 | AO57: 0 | AP57: 0 | AQ57: 0 | AR57: 0 | AS57: 0 | AT57: 95 | AU57: 47 | AV57: 1 | AW57: 1 | AZ57: 7.13 | BA57: 1 | BB57: 1 | BC57: 7.13 | BH57: 3 | BI57: 1 | BJ57: ФССЦ-2001, 14.4.04.08-0002, приказ Минстроя России №1039/пр от 30.12.2016г. | BM57: 15001 | BN57: 0 | BP57: 0 | BQ57: 2 | BR57: 0 | BS57: 1 | BT57: 1 | BU57: 1 | BV57: 1 | BW57: 1 | BX57: 1 | BZ57: 105 | CA57: 55 | CF57: 0 | CG57: 0 | CM57: 0 | CO57: 0 | CP57: =(P57+Q57+S57) -> 167.65 | CQ57: =AC57*BC57 -> 245095.03 | CR57: =AD57*BB57 -> 0 | CS57: =AE57*BS57 -> 0 | CT57: =AF57*BA57 -> 0 | CU57: =AG57 -> 0 | CV57: =AH57 -> 0 | CW57: =AI57 -> 0 | CX57: =AJ57 -> 0 | CY57: =(((S57+R57)*AT57)/100) -> 0 | CZ57: =(((S57+R57)*AU57)/100) -> 0 | DN57: 0 | DO57: 0 | DP57: 1 | DQ57: 1 | DU57: 1009 | DV57: т | DW57: т | DX57: 1000 | EE57: 16510513 | EF57: 2 | EG57: Общестроительные работы | EH57: 0 | EJ57: 1 | EK57: 15001 | EL57: Отделочные работы | EM57: ФЕР-15 | EQ57: 0 | ER57: 34375.18 | ES57: 34375.18 | ET57: 0 | EU57: 0 | EV57: 0 | EW57: 0 | EX57: 0 | FQ57: 0 | FR57: =ROUND(IF(AND(BH57=3,BI57=3),P57,0),2) -> 0 | FS57: 0 | FT57: *0,9 | FU57: *0,85 | FX57: 94.5 | FY57: 46.75 | GD57: 0 | GF57: -1981045358 | GG57: 1 | GH57: 1 | GI57: 4 | GJ57: 0 | GK57: =ROUND(R57*(S12)/100,2) -> 0 | GL57: =ROUND(IF(AND(BH57=3,BI57=3,FS57<>0),P57,0),2) -> 0 | GM57: =ROUND(O57+X57+Y57+GK57,2)+GX57 -> 167.65 | GN57: =IF(OR(BI57=0,BI57=1),ROUND(O57+X57+Y57+GK57,2),0) -> 167.65 | GO57: =IF(BI57=2,ROUND(O57+X57+Y57+GK57,2),0) -> 0 | GP57: =IF(BI57=4,ROUND(O57+X57+Y57+GK57,2)+GX57,0) -> 0 | GR57: 0 | GS57: 3 | GT57: 0 | GV57: =ROUND(GT57,6) -> 0 | GW57: 1 | GX57: =ROUND(GV57*GW57*I57,2) -> 0 | HA57: 0 | HB57: 0 | IK57: 0
A58: 17 | B58: 1 | C58: =ROW(SmtRes!A79) -> 79 | D58: =ROW(EtalonRes!A78) -> 78 | E58: 8 | F58: 46-02-007-01 | G58: Кладка отдельных участков кирпичных стен и заделка проемов в кирпичных стенах при объеме кладки в одном месте до 5 м3 | H58: м3 | I58: 1.13 | J58: 0 | O58: =ROUND(CP58,2) -> 278.45 | P58: =ROUND(CQ58*I58,2) -> 140.97 | Q58: =ROUND(CR58*I58,2) -> 2.41 | R58: =ROUND(CS58*I58,2) -> 0 | S58: =ROUND(CT58*I58,2) -> 135.07 | T58: =ROUND(CU58*I58,2) -> 0 | U58: =CV58*I58 -> 16.5319 | V58: =CW58*I58 -> 0 | W58: =ROUND(CX58*I58,2) -> 0 | X58: =ROUND(CY58,2) -> 133.72 | Y58: =ROUND(CZ58,2) -> 81.04 | AA58: 16687810 | AB58: =ROUND((AC58+AD58+AF58),6) -> 246.41 | AC58: =ROUND((ES58),6) -> 124.75 | AD58: =ROUND((((ET58)-(EU58))+AE58),6) -> 2.13 | AE58: =ROUND((EU58),6) -> 0 | AF58: =ROUND((EV58),6) -> 119.53 | AG58: =ROUND((AP58),6) -> 0 | AH58: =(EW58) -> 14.63 | AI58: =(EX58) -> 0 | AJ58: =ROUND((AS58),6) -> 0 | AK58: 246.41 | AL58: 124.75 | AM58: 2.13 | AN58: 0 | AO58: 119.53 | AP58: 0 | AQ58: 14.63 | AR58: 0 | AS58: 0 | AT58: 99 | AU58: 60 | AV58: 1 | AW58: 1 | AZ58: 1 | BA58: 1 | BB58: 1 | BC58: 1 | BH58: 0 | BI58: 1 | BJ58: ФЕР-2001, 46-02-007-01, приказ Минстроя России №1039/пр от 30.12.2016г. | BM58: 46001 | BN58: 0 | BP58: 0 | BQ58: 2 | BR58: 0 | BS58: 1 | BT58: 1 | BU58: 1 | BV58: 1 | BW58: 1 | BX58: 1 | BZ58: 110 | CA58: 70 | CF58: 0 | CG58: 0 | CM58: 0 | CO58: 0 | CP58: =(P58+Q58+S58) -> 278.45 | CQ58: =AC58*BC58 -> 124.75 | CR58: =AD58*BB58 -> 2.13 | CS58: =AE58*BS58 -> 0 | CT58: =AF58*BA58 -> 119.53 | CU58: =AG58 -> 0 | CV58: =AH58 -> 14.63 | CW58: =AI58 -> 0 | CX58: =AJ58 -> 0 | CY58: =(((S58+R58)*AT58)/100) -> 133.7193 | CZ58: =(((S58+R58)*AU58)/100) -> 81.042 | DN58: 0 | DO58: 0 | DP58: 1 | DQ58: 1 | DU58: 1007 | DV58: м3 | DW58: м3 | DX58: 1 | EE58: 16510555 | EF58: 2 | EG58: Общестроительные работы | EH58: 0 | EJ58: 1 | EK58: 46001 | EL58: Реконструкция зданий и сооружений | EM58: ФЕР-46 | EQ58: 0 | ER58: 246.41 | ES58: 124.75 | ET58: 2.13 | EU58: 0 | EV58: 119.53 | EW58: 14.63 | EX58: 0 | EY58: 0 | FQ58: 0 | FR58: =ROUND(IF(AND(BH58=3,BI58=3),P58,0),2) -> 0 | FS58: 0 | FT58: *0,9 | FU58: *0,85 | FX58: 99 | FY58: 59.5 | GD58: 0 | GF58: 1109849592 | GG58: 2 | GH58: 1 | GI58: -2 | GJ58: 0 | GK58: =ROUND(R58*(R12)/100,2) -> 0 | GL58: =ROUND(IF(AND(BH58=3,BI58=3,FS58<>0),P58,0),2) -> 0 | GM58: =ROUND(O58+X58+Y58+GK58,2)+GX58 -> 493.21 | GN58: =IF(OR(BI58=0,BI58=1),ROUND(O58+X58+Y58+GK58,2),0) -> 493.21 | GO58: =IF(BI58=2,ROUND(O58+X58+Y58+GK58,2),0) -> 0 | GP58: =IF(BI58=4,ROUND(O58+X58+Y58+GK58,2)+GX58,0) -> 0 | GR58: 0 | GS58: 3 | GT58: 0 | GV58: =ROUND(GT58,6) -> 0 | GW58: 1 | GX58: =ROUND(GV58*GW58*I58,2) -> 0 | HA58: 0 | HB58: 0 | IK58: 0
A59: 17 | B59: 1 | C59: =ROW(SmtRes!A84) -> 84 | D59: =ROW(EtalonRes!A82) -> 82 | E59: 8 | F59: 46-02-007-01 | G59: Кладка отдельных участков кирпичных стен и заделка проемов в кирпичных стенах при объеме кладки в одном месте до 5 м3 | H59: м3 | I59: 1.13 | J59: 0 | O59: =ROUND(CP59,2) -> 1985.3 | P59: =ROUND(CQ59*I59,2) -> 1005.1 | Q59: =ROUND(CR59*I59,2) -> 17.16 | R59: =ROUND(CS59*I59,2) -> 0 | S59: =ROUND(CT59*I59,2) -> 963.04 | T59: =ROUND(CU59*I59,2) -> 0 | U59: =CV59*I59 -> 16.5319 | V59: =CW59*I59 -> 0 | W59: =ROUND(CX59*I59,2) -> 0 | X59: =ROUND(CY59,2) -> 953.41 | Y59: =ROUND(CZ59,2) -> 577.82 | AA59: 16687824 | AB59: =ROUND((AC59+AD59+AF59),6) -> 246.41 | AC59: =ROUND((ES59),6) -> 124.75 | AD59: =ROUND((((ET59)-(EU59))+AE59),6) -> 2.13 | AE59: =ROUND((EU59),6) -> 0 | AF59: =ROUND((EV59),6) -> 119.53 | AG59: =ROUND((AP59),6) -> 0 | AH59: =(EW59) -> 14.63 | AI59: =(EX59) -> 0 | AJ59: =ROUND((AS59),6) -> 0 | AK59: 246.41 | AL59: 124.75 | AM59: 2.13 | AN59: 0 | AO59: 119.53 | AP59: 0 | AQ59: 14.63 | AR59: 0 | AS59: 0 | AT59: 99 | AU59: 60 | AV59: 1 | AW59: 1 | AZ59: 7.13 | BA59: 7.13 | BB59: 7.13 | BC59: 7.13 | BH59: 0 | BI59: 1 | BJ59: ФЕР-2001, 46-02-007-01, приказ Минстроя России №1039/пр от 30.12.2016г. | BM59: 46001 | BN59: 0 | BP59: 0 | BQ59: 2 | BR59: 0 | BS59: 7.13 | BT59: 1 | BU59: 1 | BV59: 1 | BW59: 1 | BX59: 1 | BZ59: 110 | CA59: 70 | CF59: 0 | CG59: 0 | CM59: 0 | CO59: 0 | CP59: =(P59+Q59+S59) -> 1985.3 | CQ59: =AC59*BC59 -> 889.4675 | CR59: =AD59*BB59 -> 15.1869 | CS59: =AE59*BS59 -> 0 | CT59: =AF59*BA59 -> 852.2489 | CU59: =AG59 -> 0 | CV59: =AH59 -> 14.63 | CW59: =AI59 -> 0 | CX59: =AJ59 -> 0 | CY59: =(((S59+R59)*AT59)/100) -> 953.4096 | CZ59: =(((S59+R59)*AU59)/100) -> 577.824 | DN59: 0 | DO59: 0 | DP59: 1 | DQ59: 1 | DU59: 1007 | DV59: м3 | DW59: м3 | DX59: 1 | EE59: 16510555 | EF59: 2 | EG59: Общестроительные работы | EH59: 0 | EJ59: 1 | EK59: 46001 | EL59: Реконструкция зданий и сооружений | EM59: ФЕР-46 | EQ59: 0 | ER59: 246.41 | ES59: 124.75 | ET59: 2.13 | EU59: 0 | EV59: 119.53 | EW59: 14.63 | EX59: 0 | EY59: 0 | FQ59: 0 | FR59: =ROUND(IF(AND(BH59=3,BI59=3),P59,0),2) -> 0 | FS59: 0 | FT59: *0,9 | FU59: *0,85 | FX59: 99 | FY59: 59.5 | GD59: 0 | GF59: 1109849592 | GG59: 1 | GH59: 1 | GI59: 4 | GJ59: 0 | GK59: =ROUND(R59*(S12)/100,2) -> 0 | GL59: =ROUND(IF(AND(BH59=3,BI59=3,FS59<>0),P59,0),2) -> 0 | GM59: =ROUND(O59+X59+Y59+GK59,2)+GX59 -> 3516.53 | GN59: =IF(OR(BI59=0,BI59=1),ROUND(O59+X59+Y59+GK59,2),0) -> 3516.53 | GO59: =IF(BI59=2,ROUND(O59+X59+Y59+GK59,2),0) -> 0 | GP59: =IF(BI59=4,ROUND(O59+X59+Y59+GK59,2)+GX59,0) -> 0 | GR59: 0 | GS59: 3 | GT59: 0 | GV59: =ROUND(GT59,6) -> 0 | GW59: 1 | GX59: =ROUND(GV59*GW59*I59,2) -> 0 | HA59: 0 | HB59: 0 | IK59: 0
A60: 18 | B60: 1 | C60: 78 | E60: 8,1 | F60: 06.1.01.05 | G60: Кирпич глиняный обыкновенный | H60: 1000 шт. | I60: =I58*J60 -> 0.452 | J60: 0.4 | O60: =ROUND(CP60,2) -> 0 | P60: =ROUND(CQ60*I60,2) -> 0 | Q60: =ROUND(CR60*I60,2) -> 0 | R60: =ROUND(CS60*I60,2) -> 0 | S60: =ROUND(CT60*I60,2) -> 0 | T60: =ROUND(CU60*I60,2) -> 0 | U60: =CV60*I60 -> 0 | V60: =CW60*I60 -> 0 | W60: =ROUND(CX60*I60,2) -> 0 | X60: =ROUND(CY60,2) -> 0 | Y60: =ROUND(CZ60,2) -> 0 | AA60: 16687810 | AB60: =ROUND((AC60+AD60+AF60),6) -> 0 | AC60: =ROUND((ES60),6) -> 0 | AD60: =ROUND((((ET60)-(EU60))+AE60),6) -> 0 | AE60: =ROUND((EU60),6) -> 0 | AF60: =ROUND((EV60),6) -> 0 | AG60: =ROUND((AP60),6) -> 0 | AH60: =(EW60) -> 0 | AI60: =(EX60) -> 0 | AJ60: =ROUND((AS60),6) -> 0 | AK60: 0 | AL60: 0 | AM60: 0 | AN60: 0 | AO60: 0 | AP60: 0 | AQ60: 0 | AR60: 0 | AS60: 0 | AT60: 99 | AU60: 60 | AV60: 1 | AW60: 1 | AZ60: 1 | BA60: 1 | BB60: 1 | BC60: 1 | BH60: 3 | BI60: 1 | BM60: 46001 | BN60: 0 | BP60: 0 | BQ60: 2 | BR60: 0 | BS60: 1 | BT60: 1 | BU60: 1 | BV60: 1 | BW60: 1 | BX60: 1 | BZ60: 110 | CA60: 70 | CF60: 0 | CG60: 0 | CM60: 0 | CO60: 0 | CP60: =(P60+Q60+S60) -> 0 | CQ60: =AC60*BC60 -> 0 | CR60: =AD60*BB60 -> 0 | CS60: =AE60*BS60 -> 0 | CT60: =AF60*BA60 -> 0 | CU60: =AG60 -> 0 | CV60: =AH60 -> 0 | CW60: =AI60 -> 0 | CX60: =AJ60 -> 0 | CY60: =(((S60+R60)*AT60)/100) -> 0 | CZ60: =(((S60+R60)*AU60)/100) -> 0 | DN60: 0 | DO60: 0 | DP60: 1 | DQ60: 1 | DU60: 1010 | DV60: 1000 шт. | DW60: 1000 шт. | DX60: 1000 | EE60: 16510555 | EF60: 2 | EG60: Общестроительные работы | EH60: 0 | EJ60: 1 | EK60: 46001 | EL60: Реконструкция зданий и сооружений | EM60: ФЕР-46 | EQ60: 0 | ER60: 0 | ES60: 0 | ET60: 0 | EU60: 0 | EV60: 0 | EW60: 0 | EX60: 0 | FQ60: 0 | FR60: =ROUND(IF(AND(BH60=3,BI60=3),P60,0),2) -> 0 | FS60: 0 | FT60: *0,9 | FU60: *0,85 | FX60: 99 | FY60: 59.5 | GD60: 0 | GF60: 1453754496 | GG60: 2 | GH60: 1 | GI60: -2 | GJ60: 0 | GK60: =ROUND(R60*(R12)/100,2) -> 0 | GL60: =ROUND(IF(AND(BH60=3,BI60=3,FS60<>0),P60,0),2) -> 0 | GM60: =ROUND(O60+X60+Y60+GK60,2)+GX60 -> 0 | GN60: =IF(OR(BI60=0,BI60=1),ROUND(O60+X60+Y60+GK60,2),0) -> 0 | GO60: =IF(BI60=2,ROUND(O60+X60+Y60+GK60,2),0) -> 0 | GP60: =IF(BI60=4,ROUND(O60+X60+Y60+GK60,2)+GX60,0) -> 0 | GR60: 0 | GS60: 3 | GT60: 0 | GV60: =ROUND(GT60,6) -> 0 | GW60: 1 | GX60: =ROUND(GV60*GW60*I60,2) -> 0 | HA60: 0 | HB60: 0 | IK60: 0
A61: 18 | B61: 1 | C61: 83 | E61: 8,1 | F61: 06.1.01.05 | G61: Кирпич глиняный обыкновенный | H61: 1000 шт. | I61: =I59*J61 -> 0.452 | J61: 0.4 | O61: =ROUND(CP61,2) -> 0 | P61: =ROUND(CQ61*I61,2) -> 0 | Q61: =ROUND(CR61*I61,2) -> 0 | R61: =ROUND(CS61*I61,2) -> 0 | S61: =ROUND(CT61*I61,2) -> 0 | T61: =ROUND(CU61*I61,2) -> 0 | U61: =CV61*I61 -> 0 | V61: =CW61*I61 -> 0 | W61: =ROUND(CX61*I61,2) -> 0 | X61: =ROUND(CY61,2) -> 0 | Y61: =ROUND(CZ61,2) -> 0 | AA61: 16687824 | AB61: =ROUND((AC61+AD61+AF61),6) -> 0 | AC61: =ROUND((ES61),6) -> 0 | AD61: =ROUND((((ET61)-(EU61))+AE61),6) -> 0 | AE61: =ROUND((EU61),6) -> 0 | AF61: =ROUND((EV61),6) -> 0 | AG61: =ROUND((AP61),6) -> 0 | AH61: =(EW61) -> 0 | AI61: =(EX61) -> 0 | AJ61: =ROUND((AS61),6) -> 0 | AK61: 0 | AL61: 0 | AM61: 0 | AN61: 0 | AO61: 0 | AP61: 0 | AQ61: 0 | AR61: 0 | AS61: 0 | AT61: 99 | AU61: 60 | AV61: 1 | AW61: 1 | AZ61: 7.13 | BA61: 1 | BB61: 1 | BC61: 7.13 | BH61: 3 | BI61: 1 | BM61: 46001 | BN61: 0 | BP61: 0 | BQ61: 2 | BR61: 0 | BS61: 1 | BT61: 1 | BU61: 1 | BV61: 1 | BW61: 1 | BX61: 1 | BZ61: 110 | CA61: 70 | CF61: 0 | CG61: 0 | CM61: 0 | CO61: 0 | CP61: =(P61+Q61+S61) -> 0 | CQ61: =AC61*BC61 -> 0 | CR61: =AD61*BB61 -> 0 | CS61: =AE61*BS61 -> 0 | CT61: =AF61*BA61 -> 0 | CU61: =AG61 -> 0 | CV61: =AH61 -> 0 | CW61: =AI61 -> 0 | CX61: =AJ61 -> 0 | CY61: =(((S61+R61)*AT61)/100) -> 0 | CZ61: =(((S61+R61)*AU61)/100) -> 0 | DN61: 0 | DO61: 0 | DP61: 1 | DQ61: 1 | DU61: 1010 | DV61: 1000 шт. | DW61: 1000 шт. | DX61: 1000 | EE61: 16510555 | EF61: 2 | EG61: Общестроительные работы | EH61: 0 | EJ61: 1 | EK61: 46001 | EL61: Реконструкция зданий и сооружений | EM61: ФЕР-46 | EQ61: 0 | ER61: 0 | ES61: 0 | ET61: 0 | EU61: 0 | EV61: 0 | EW61: 0 | EX61: 0 | FQ61: 0 | FR61: =ROUND(IF(AND(BH61=3,BI61=3),P61,0),2) -> 0 | FS61: 0 | FT61: *0,9 | FU61: *0,85 | FX61: 99 | FY61: 59.5 | GD61: 0 | GF61: 1453754496 | GG61: 1 | GH61: 1 | GI61: 4 | GJ61: 0 | GK61: =ROUND(R61*(S12)/100,2) -> 0 | GL61: =ROUND(IF(AND(BH61=3,BI61=3,FS61<>0),P61,0),2) -> 0 | GM61: =ROUND(O61+X61+Y61+GK61,2)+GX61 -> 0 | GN61: =IF(OR(BI61=0,BI61=1),ROUND(O61+X61+Y61+GK61,2),0) -> 0 | GO61: =IF(BI61=2,ROUND(O61+X61+Y61+GK61,2),0) -> 0 | GP61: =IF(BI61=4,ROUND(O61+X61+Y61+GK61,2)+GX61,0) -> 0 | GR61: 0 | GS61: 3 | GT61: 0 | GV61: =ROUND(GT61,6) -> 0 | GW61: 1 | GX61: =ROUND(GV61*GW61*I61,2) -> 0 | HA61: 0 | HB61: 0 | IK61: 0
A62: 18 | B62: 1 | C62: 79 | E62: 8,2 | F62: 06.1.01.05-0141 | G62: Кирпич керамический утолщенный пустотелый лицевой, размером 250х120х88 мм, марка 125 | H62: 1000 шт. | I62: =I58*J62 -> 0.452 | J62: 0.4 | O62: =ROUND(CP62,2) -> 850.93 | P62: =ROUND(CQ62*I62,2) -> 850.93 | Q62: =ROUND(CR62*I62,2) -> 0 | R62: =ROUND(CS62*I62,2) -> 0 | S62: =ROUND(CT62*I62,2) -> 0 | T62: =ROUND(CU62*I62,2) -> 0 | U62: =CV62*I62 -> 0 | V62: =CW62*I62 -> 0 | W62: =ROUND(CX62*I62,2) -> 0 | X62: =ROUND(CY62,2) -> 0 | Y62: =ROUND(CZ62,2) -> 0 | AA62: 16687810 | AB62: =ROUND((AC62+AD62+AF62),6) -> 1882.58 | AC62: =ROUND((ES62),6) -> 1882.58 | AD62: =ROUND((((ET62)-(EU62))+AE62),6) -> 0 | AE62: =ROUND((EU62),6) -> 0 | AF62: =ROUND((EV62),6) -> 0 | AG62: =ROUND((AP62),6) -> 0 | AH62: =(EW62) -> 0 | AI62: =(EX62) -> 0 | AJ62: =ROUND((AS62),6) -> 0 | AK62: 1882.58 | AL62: 1882.58 | AM62: 0 | AN62: 0 | AO62: 0 | AP62: 0 | AQ62: 0 | AR62: 0 | AS62: 0 | AT62: 99 | AU62: 60 | AV62: 1 | AW62: 1 | AZ62: 1 | BA62: 1 | BB62: 1 | BC62: 1 | BH62: 3 | BI62: 1 | BJ62: ФССЦ-2001, 06.1.01.05-0141, приказ Минстроя России №1039/пр от 30.12.2016г. | BM62: 46001 | BN62: 0 | BP62: 0 | BQ62: 2 | BR62: 0 | BS62: 1 | BT62: 1 | BU62: 1 | BV62: 1 | BW62: 1 | BX62: 1 | BZ62: 110 | CA62: 70 | CF62: 0 | CG62: 0 | CM62: 0 | CO62: 0 | CP62: =(P62+Q62+S62) -> 850.93 | CQ62: =AC62*BC62 -> 1882.58 | CR62: =AD62*BB62 -> 0 | CS62: =AE62*BS62 -> 0 | CT62: =AF62*BA62 -> 0 | CU62: =AG62 -> 0 | CV62: =AH62 -> 0 | CW62: =AI62 -> 0 | CX62: =AJ62 -> 0 | CY62: =(((S62+R62)*AT62)/100) -> 0 | CZ62: =(((S62+R62)*AU62)/100) -> 0 | DN62: 0 | DO62: 0 | DP62: 1 | DQ62: 1 | DU62: 1010 | DV62: 1000 шт. | DW62: 1000 шт. | DX62: 1000 | EE62: 16510555 | EF62: 2 | EG62: Общестроительные работы | EH62: 0 | EJ62: 1 | EK62: 46001 | EL62: Реконструкция зданий и сооружений | EM62: ФЕР-46 | EQ62: 0 | ER62: 1882.58 | ES62: 1882.58 | ET62: 0 | EU62: 0 | EV62: 0 | EW62: 0 | EX62: 0 | FQ62: 0 | FR62: =ROUND(IF(AND(BH62=3,BI62=3),P62,0),2) -> 0 | FS62: 0 | FT62: *0,9 | FU62: *0,85 | FX62: 99 | FY62: 59.5 | GD62: 0 | GF62: 1593203468 | GG62: 2 | GH62: 1 | GI62: -2 | GJ62: 0 | GK62: =ROUND(R62*(R12)/100,2) -> 0 | GL62: =ROUND(IF(AND(BH62=3,BI62=3,FS62<>0),P62,0),2) -> 0 | GM62: =ROUND(O62+X62+Y62+GK62,2)+GX62 -> 850.93 | GN62: =IF(OR(BI62=0,BI62=1),ROUND(O62+X62+Y62+GK62,2),0) -> 850.93 | GO62: =IF(BI62=2,ROUND(O62+X62+Y62+GK62,2),0) -> 0 | GP62: =IF(BI62=4,ROUND(O62+X62+Y62+GK62,2)+GX62,0) -> 0 | GR62: 0 | GS62: 3 | GT62: 0 | GV62: =ROUND(GT62,6) -> 0 | GW62: 1 | GX62: =ROUND(GV62*GW62*I62,2) -> 0 | HA62: 0 | HB62: 0 | IK62: 0
A63: 18 | B63: 1 | C63: 84 | E63: 8,2 | F63: 06.1.01.05-0141 | G63: Кирпич керамический утолщенный пустотелый лицевой, размером 250х120х88 мм, марка 125 | H63: 1000 шт. | I63: =I59*J63 -> 0.452 | J63: 0.4 | O63: =ROUND(CP63,2) -> 6067.1 | P63: =ROUND(CQ63*I63,2) -> 6067.1 | Q63: =ROUND(CR63*I63,2) -> 0 | R63: =ROUND(CS63*I63,2) -> 0 | S63: =ROUND(CT63*I63,2) -> 0 | T63: =ROUND(CU63*I63,2) -> 0 | U63: =CV63*I63 -> 0 | V63: =CW63*I63 -> 0 | W63: =ROUND(CX63*I63,2) -> 0 | X63: =ROUND(CY63,2) -> 0 | Y63: =ROUND(CZ63,2) -> 0 | AA63: 16687824 | AB63: =ROUND((AC63+AD63+AF63),6) -> 1882.58 | AC63: =ROUND((ES63),6) -> 1882.58 | AD63: =ROUND((((ET63)-(EU63))+AE63),6) -> 0 | AE63: =ROUND((EU63),6) -> 0 | AF63: =ROUND((EV63),6) -> 0 | AG63: =ROUND((AP63),6) -> 0 | AH63: =(EW63) -> 0 | AI63: =(EX63) -> 0 | AJ63: =ROUND((AS63),6) -> 0 | AK63: 1882.58 | AL63: 1882.58 | AM63: 0 | AN63: 0 | AO63: 0 | AP63: 0 | AQ63: 0 | AR63: 0 | AS63: 0 | AT63: 99 | AU63: 60 | AV63: 1 | AW63: 1 | AZ63: 7.13 | BA63: 1 | BB63: 1 | BC63: 7.13 | BH63: 3 | BI63: 1 | BJ63: ФССЦ-2001, 06.1.01.05-0141, приказ Минстроя России №1039/пр от 30.12.2016г. | BM63: 46001 | BN63: 0 | BP63: 0 | BQ63: 2 | BR63: 0 | BS63: 1 | BT63: 1 | BU63: 1 | BV63: 1 | BW63: 1 | BX63: 1 | BZ63: 110 | CA63: 70 | CF63: 0 | CG63: 0 | CM63: 0 | CO63: 0 | CP63: =(P63+Q63+S63) -> 6067.1 | CQ63: =AC63*BC63 -> 13422.795 | CR63: =AD63*BB63 -> 0 | CS63: =AE63*BS63 -> 0 | CT63: =AF63*BA63 -> 0 | CU63: =AG63 -> 0 | CV63: =AH63 -> 0 | CW63: =AI63 -> 0 | CX63: =AJ63 -> 0 | CY63: =(((S63+R63)*AT63)/100) -> 0 | CZ63: =(((S63+R63)*AU63)/100) -> 0 | DN63: 0 | DO63: 0 | DP63: 1 | DQ63: 1 | DU63: 1010 | DV63: 1000 шт. | DW63: 1000 шт. | DX63: 1000 | EE63: 16510555 | EF63: 2 | EG63: Общестроительные работы | EH63: 0 | EJ63: 1 | EK63: 46001 | EL63: Реконструкция зданий и сооружений | EM63: ФЕР-46 | EQ63: 0 | ER63: 1882.58 | ES63: 1882.58 | ET63: 0 | EU63: 0 | EV63: 0 | EW63: 0 | EX63: 0 | FQ63: 0 | FR63: =ROUND(IF(AND(BH63=3,BI63=3),P63,0),2) -> 0 | FS63: 0 | FT63: *0,9 | FU63: *0,85 | FX63: 99 | FY63: 59.5 | GD63: 0 | GF63: 1593203468 | GG63: 1 | GH63: 1 | GI63: 4 | GJ63: 0 | GK63: =ROUND(R63*(S12)/100,2) -> 0 | GL63: =ROUND(IF(AND(BH63=3,BI63=3,FS63<>0),P63,0),2) -> 0 | GM63: =ROUND(O63+X63+Y63+GK63,2)+GX63 -> 6067.1 | GN63: =IF(OR(BI63=0,BI63=1),ROUND(O63+X63+Y63+GK63,2),0) -> 6067.1 | GO63: =IF(BI63=2,ROUND(O63+X63+Y63+GK63,2),0) -> 0 | GP63: =IF(BI63=4,ROUND(O63+X63+Y63+GK63,2)+GX63,0) -> 0 | GR63: 0 | GS63: 3 | GT63: 0 | GV63: =ROUND(GT63,6) -> 0 | GW63: 1 | GX63: =ROUND(GV63*GW63*I63,2) -> 0 | HA63: 0 | HB63: 0 | IK63: 0
A64: 17 | B64: 1 | C64: =ROW(SmtRes!A91) -> 91 | D64: =ROW(EtalonRes!A88) -> 88 | E64: 9 | F64: 11-01-011-01 | G64: Устройство стяжек цементных толщиной 20 мм | H64: 100 м2 | I64: =ROUND(17.55/100,9) -> 0.1755 | J64: 0 | O64: =ROUND(CP64,2) -> 74.52 | P64: =ROUND(CQ64*I64,2) -> 1.5 | Q64: =ROUND(CR64*I64,2) -> 9.71 | R64: =ROUND(CS64*I64,2) -> 3.76 | S64: =ROUND(CT64*I64,2) -> 63.31 | T64: =ROUND(CU64*I64,2) -> 0 | U64: =CV64*I64 -> 7.9741057 | V64: =CW64*I64 -> 0.27860625 | W64: =ROUND(CX64*I64,2) -> 0 | X64: =ROUND(CY64,2) -> 74.45 | Y64: =ROUND(CZ64,2) -> 42.92 | AA64: 16687810 | AB64: =ROUND((AC64+AD64+AF64),6) -> 424.6065 | AC64: =ROUND((ES64),6) -> 8.54 | AD64: =ROUND(((((ET64*1.25))-((EU64*1.25)))+AE64),6) -> 55.3 | AE64: =ROUND(((EU64*1.25)),6) -> 21.4375 | AF64: =ROUND(((EV64*1.15)),6) -> 360.7665 | AG64: =ROUND((AP64),6) -> 0 | AH64: =((EW64*1.15)) -> 45.4365 | AI64: =((EX64*1.25)) -> 1.5875 | AJ64: =ROUND((AS64),6) -> 0 | AK64: 366.49 | AL64: 8.54 | AM64: 44.24 | AN64: 17.15 | AO64: 313.71 | AP64: 0 | AQ64: 39.51 | AR64: 1.27 | AS64: 0 | AT64: 111 | AU64: 64 | AV64: 1 | AW64: 1 | AZ64: 1 | BA64: 1 | BB64: 1 | BC64: 1 | BH64: 0 | BI64: 1 | BJ64: ФЕР-2001, 11-01-011-01, приказ Минстроя России №1039/пр от 30.12.2016г. | BM64: 11001 | BN64: 0 | BP64: 0 | BQ64: 2 | BR64: 0 | BS64: 1 | BT64: 1 | BU64: 1 | BV64: 1 | BW64: 1 | BX64: 1 | BZ64: 123 | CA64: 75 | CF64: 0 | CG64: 0 | CM64: 0 | CN64: Поправка: МДС 81-35.2004, п.4.7 Наименование: Работы, выполняемые при реконструкции зданий и сооружений работы, аналогичные технологическим процессам в новом строительстве (в том числе возведение новых конструктивных элементов) стоимость которых определена по соответствующим сборникам ФЕР, кроме сборника № 46 «Работы при реконструкции зданий и сооружений» | CO64: 0 | CP64: =(P64+Q64+S64) -> 74.52 | CQ64: =AC64*BC64 -> 8.54 | CR64: =AD64*BB64 -> 55.3 | CS64: =AE64*BS64 -> 21.4375 | CT64: =AF64*BA64 -> 360.7665 | CU64: =AG64 -> 0 | CV64: =AH64 -> 45.4365 | CW64: =AI64 -> 1.5875 | CX64: =AJ64 -> 0 | CY64: =(((S64+R64)*AT64)/100) -> 74.4477 | CZ64: =(((S64+R64)*AU64)/100) -> 42.9248 | DE64: )*1,25 | DF64: )*1,25 | DG64: )*1,15 | DI64: )*1,15 | DJ64: )*1,25 | DN64: 0 | DO64: 0 | DP64: 1 | DQ64: 1 | DU64: 1005 | DV64: 100 м2 | DW64: 100 м2 | DX64: 100 | EE64: 16510488 | EF64: 2 | EG64: Общестроительные работы | EH64: 0 | EJ64: 1 | EK64: 11001 | EL64: Полы | EM64: ФЕР-11 | EO64: Поправка: МДС 81-35.2004, п.4.7 | EQ64: 0 | ER64: 366.49 | ES64: 8.54 | ET64: 44.24 | EU64: 17.15 | EV64: 313.71 | EW64: 39.51 | EX64: 1.27 | EY64: 0 | FQ64: 0 | FR64: =ROUND(IF(AND(BH64=3,BI64=3),P64,0),2) -> 0 | FS64: 0 | FT64: *0,9 | FU64: *0,85 | FX64: 110.7 | FY64: 63.75 | GD64: 0 | GF64: 192743499 | GG64: 2 | GH64: 1 | GI64: -2 | GJ64: 0 | GK64: =ROUND(R64*(R12)/100,2) -> 0 | GL64: =ROUND(IF(AND(BH64=3,BI64=3,FS64<>0),P64,0),2) -> 0 | GM64: =ROUND(O64+X64+Y64+GK64,2)+GX64 -> 191.89 | GN64: =IF(OR(BI64=0,BI64=1),ROUND(O64+X64+Y64+GK64,2),0) -> 191.89 | GO64: =IF(BI64=2,ROUND(O64+X64+Y64+GK64,2),0) -> 0 | GP64: =IF(BI64=4,ROUND(O64+X64+Y64+GK64,2)+GX64,0) -> 0 | GR64: 0 | GS64: 3 | GT64: 0 | GV64: =ROUND(GT64,6) -> 0 | GW64: 1 | GX64: =ROUND(GV64*GW64*I64,2) -> 0 | HA64: 0 | HB64: 0 | IK64: 0
A65: 17 | B65: 1 | C65: =ROW(SmtRes!A98) -> 98 | D65: =ROW(EtalonRes!A94) -> 94 | E65: 9 | F65: 11-01-011-01 | G65: Устройство стяжек цементных толщиной 20 мм | H65: 100 м2 | I65: =ROUND(17.55/100,9) -> 0.1755 | J65: 0 | O65: =ROUND(CP65,2) -> 531.32 | P65: =ROUND(CQ65*I65,2) -> 10.69 | Q65: =ROUND(CR65*I65,2) -> 69.2 | R65: =ROUND(CS65*I65,2) -> 26.83 | S65: =ROUND(CT65*I65,2) -> 451.43 | T65: =ROUND(CU65*I65,2) -> 0 | U65: =CV65*I65 -> 7.9741057 | V65: =CW65*I65 -> 0.27860625 | W65: =ROUND(CX65*I65,2) -> 0 | X65: =ROUND(CY65,2) -> 530.87 | Y65: =ROUND(CZ65,2) -> 306.09 | AA65: 16687824 | AB65: =ROUND((AC65+AD65+AF65),6) -> 424.6065 | AC65: =ROUND((ES65),6) -> 8.54 | AD65: =ROUND(((((ET65*1.25))-((EU65*1.25)))+AE65),6) -> 55.3 | AE65: =ROUND(((EU65*1.25)),6) -> 21.4375 | AF65: =ROUND(((EV65*1.15)),6) -> 360.7665 | AG65: =ROUND((AP65),6) -> 0 | AH65: =((EW65*1.15)) -> 45.4365 | AI65: =((EX65*1.25)) -> 1.5875 | AJ65: =ROUND((AS65),6) -> 0 | AK65: 366.49 | AL65: 8.54 | AM65: 44.24 | AN65: 17.15 | AO65: 313.71 | AP65: 0 | AQ65: 39.51 | AR65: 1.27 | AS65: 0 | AT65: 111 | AU65: 64 | AV65: 1 | AW65: 1 | AZ65: 7.13 | BA65: 7.13 | BB65: 7.13 | BC65: 7.13 | BH65: 0 | BI65: 1 | BJ65: ФЕР-2001, 11-01-011-01, приказ Минстроя России №1039/пр от 30.12.2016г. | BM65: 11001 | BN65: 0 | BP65: 0 | BQ65: 2 | BR65: 0 | BS65: 7.13 | BT65: 1 | BU65: 1 | BV65: 1 | BW65: 1 | BX65: 1 | BZ65: 123 | CA65: 75 | CF65: 0 | CG65: 0 | CM65: 0 | CN65: Поправка: МДС 81-35.2004, п.4.7 Наименование: Работы, выполняемые при реконструкции зданий и сооружений работы, аналогичные технологическим процессам в новом строительстве (в том числе возведение новых конструктивных элементов) стоимость которых определена по соответствующим сборникам ФЕР, кроме сборника № 46 «Работы при реконструкции зданий и сооружений» | CO65: 0 | CP65: =(P65+Q65+S65) -> 531.32 | CQ65: =AC65*BC65 -> 60.8902 | CR65: =AD65*BB65 -> 394.289 | CS65: =AE65*BS65 -> 152.84938 | CT65: =AF65*BA65 -> 2572.2651 | CU65: =AG65 -> 0 | CV65: =AH65 -> 45.4365 | CW65: =AI65 -> 1.5875 | CX65: =AJ65 -> 0 | CY65: =(((S65+R65)*AT65)/100) -> 530.8686 | CZ65: =(((S65+R65)*AU65)/100) -> 306.0864 | DE65: )*1,25 | DF65: )*1,25 | DG65: )*1,15 | DI65: )*1,15 | DJ65: )*1,25 | DN65: 0 | DO65: 0 | DP65: 1 | DQ65: 1 | DU65: 1005 | DV65: 100 м2 | DW65: 100 м2 | DX65: 100 | EE65: 16510488 | EF65: 2 | EG65: Общестроительные работы | EH65: 0 | EJ65: 1 | EK65: 11001 | EL65: Полы | EM65: ФЕР-11 | EO65: Поправка: МДС 81-35.2004, п.4.7 | EQ65: 0 | ER65: 366.49 | ES65: 8.54 | ET65: 44.24 | EU65: 17.15 | EV65: 313.71 | EW65: 39.51 | EX65: 1.27 | EY65: 0 | FQ65: 0 | FR65: =ROUND(IF(AND(BH65=3,BI65=3),P65,0),2) -> 0 | FS65: 0 | FT65: *0,9 | FU65: *0,85 | FX65: 110.7 | FY65: 63.75 | GD65: 0 | GF65: 192743499 | GG65: 1 | GH65: 1 | GI65: 4 | GJ65: 0 | GK65: =ROUND(R65*(S12)/100,2) -> 0 | GL65: =ROUND(IF(AND(BH65=3,BI65=3,FS65<>0),P65,0),2) -> 0 | GM65: =ROUND(O65+X65+Y65+GK65,2)+GX65 -> 1368.28 | GN65: =IF(OR(BI65=0,BI65=1),ROUND(O65+X65+Y65+GK65,2),0) -> 1368.28 | GO65: =IF(BI65=2,ROUND(O65+X65+Y65+GK65,2),0) -> 0 | GP65: =IF(BI65=4,ROUND(O65+X65+Y65+GK65,2)+GX65,0) -> 0 | GR65: 0 | GS65: 3 | GT65: 0 | GV65: =ROUND(GT65,6) -> 0 | GW65: 1 | GX65: =ROUND(GV65*GW65*I65,2) -> 0 | HA65: 0 | HB65: 0 | IK65: 0
A66: 18 | B66: 1 | C66: 90 | E66: 9,1 | F66: 04.3.01.09 | G66: Раствор готовый кладочный тяжелый цементный | H66: м3 | I66: =I64*J66 -> 0.35802 | J66: 2.04 | O66: =ROUND(CP66,2) -> 0 | P66: =ROUND(CQ66*I66,2) -> 0 | Q66: =ROUND(CR66*I66,2) -> 0 | R66: =ROUND(CS66*I66,2) -> 0 | S66: =ROUND(CT66*I66,2) -> 0 | T66: =ROUND(CU66*I66,2) -> 0 | U66: =CV66*I66 -> 0 | V66: =CW66*I66 -> 0 | W66: =ROUND(CX66*I66,2) -> 0 | X66: =ROUND(CY66,2) -> 0 | Y66: =ROUND(CZ66,2) -> 0 | AA66: 16687810 | AB66: =ROUND((AC66+AD66+AF66),6) -> 0 | AC66: =ROUND((ES66),6) -> 0 | AD66: =ROUND((((ET66)-(EU66))+AE66),6) -> 0 | AE66: =ROUND((EU66),6) -> 0 | AF66: =ROUND((EV66),6) -> 0 | AG66: =ROUND((AP66),6) -> 0 | AH66: =(EW66) -> 0 | AI66: =(EX66) -> 0 | AJ66: =ROUND((AS66),6) -> 0 | AK66: 0 | AL66: 0 | AM66: 0 | AN66: 0 | AO66: 0 | AP66: 0 | AQ66: 0 | AR66: 0 | AS66: 0 | AT66: 111 | AU66: 64 | AV66: 1 | AW66: 1 | AZ66: 1 | BA66: 1 | BB66: 1 | BC66: 1 | BH66: 3 | BI66: 1 | BM66: 11001 | BN66: 0 | BP66: 0 | BQ66: 2 | BR66: 0 | BS66: 1 | BT66: 1 | BU66: 1 | BV66: 1 | BW66: 1 | BX66: 1 | BZ66: 123 | CA66: 75 | CF66: 0 | CG66: 0 | CM66: 0 | CO66: 0 | CP66: =(P66+Q66+S66) -> 0 | CQ66: =AC66*BC66 -> 0 | CR66: =AD66*BB66 -> 0 | CS66: =AE66*BS66 -> 0 | CT66: =AF66*BA66 -> 0 | CU66: =AG66 -> 0 | CV66: =AH66 -> 0 | CW66: =AI66 -> 0 | CX66: =AJ66 -> 0 | CY66: =(((S66+R66)*AT66)/100) -> 0 | CZ66: =(((S66+R66)*AU66)/100) -> 0 | DN66: 0 | DO66: 0 | DP66: 1 | DQ66: 1 | DU66: 1007 | DV66: м3 | DW66: м3 | DX66: 1 | EE66: 16510488 | EF66: 2 | EG66: Общестроительные работы | EH66: 0 | EJ66: 1 | EK66: 11001 | EL66: Полы | EM66: ФЕР-11 | EQ66: 0 | ER66: 0 | ES66: 0 | ET66: 0 | EU66: 0 | EV66: 0 | EW66: 0 | EX66: 0 | FQ66: 0 | FR66: =ROUND(IF(AND(BH66=3,BI66=3),P66,0),2) -> 0 | FS66: 0 | FT66: *0,9 | FU66: *0,85 | FX66: 110.7 | FY66: 63.75 | GD66: 0 | GF66: -2113302258 | GG66: 2 | GH66: 1 | GI66: -2 | GJ66: 0 | GK66: =ROUND(R66*(R12)/100,2) -> 0 | GL66: =ROUND(IF(AND(BH66=3,BI66=3,FS66<>0),P66,0),2) -> 0 | GM66: =ROUND(O66+X66+Y66+GK66,2)+GX66 -> 0 | GN66: =IF(OR(BI66=0,BI66=1),ROUND(O66+X66+Y66+GK66,2),0) -> 0 | GO66: =IF(BI66=2,ROUND(O66+X66+Y66+GK66,2),0) -> 0 | GP66: =IF(BI66=4,ROUND(O66+X66+Y66+GK66,2)+GX66,0) -> 0 | GR66: 0 | GS66: 3 | GT66: 0 | GV66: =ROUND(GT66,6) -> 0 | GW66: 1 | GX66: =ROUND(GV66*GW66*I66,2) -> 0 | HA66: 0 | HB66: 0 | IK66: 0
A67: 18 | B67: 1 | C67: 97 | E67: 9,1 | F67: 04.3.01.09 | G67: Раствор готовый кладочный тяжелый цементный | H67: м3 | I67: =I65*J67 -> 0.35802 | J67: 2.04 | O67: =ROUND(CP67,2) -> 0 | P67: =ROUND(CQ67*I67,2) -> 0 | Q67: =ROUND(CR67*I67,2) -> 0 | R67: =ROUND(CS67*I67,2) -> 0 | S67: =ROUND(CT67*I67,2) -> 0 | T67: =ROUND(CU67*I67,2) -> 0 | U67: =CV67*I67 -> 0 | V67: =CW67*I67 -> 0 | W67: =ROUND(CX67*I67,2) -> 0 | X67: =ROUND(CY67,2) -> 0 | Y67: =ROUND(CZ67,2) -> 0 | AA67: 16687824 | AB67: =ROUND((AC67+AD67+AF67),6) -> 0 | AC67: =ROUND((ES67),6) -> 0 | AD67: =ROUND((((ET67)-(EU67))+AE67),6) -> 0 | AE67: =ROUND((EU67),6) -> 0 | AF67: =ROUND((EV67),6) -> 0 | AG67: =ROUND((AP67),6) -> 0 | AH67: =(EW67) -> 0 | AI67: =(EX67) -> 0 | AJ67: =ROUND((AS67),6) -> 0 | AK67: 0 | AL67: 0 | AM67: 0 | AN67: 0 | AO67: 0 | AP67: 0 | AQ67: 0 | AR67: 0 | AS67: 0 | AT67: 111 | AU67: 64 | AV67: 1 | AW67: 1 | AZ67: 7.13 | BA67: 1 | BB67: 1 | BC67: 7.13 | BH67: 3 | BI67: 1 | BM67: 11001 | BN67: 0 | BP67: 0 | BQ67: 2 | BR67: 0 | BS67: 1 | BT67: 1 | BU67: 1 | BV67: 1 | BW67: 1 | BX67: 1 | BZ67: 123 | CA67: 75 | CF67: 0 | CG67: 0 | CM67: 0 | CO67: 0 | CP67: =(P67+Q67+S67) -> 0 | CQ67: =AC67*BC67 -> 0 | CR67: =AD67*BB67 -> 0 | CS67: =AE67*BS67 -> 0 | CT67: =AF67*BA67 -> 0 | CU67: =AG67 -> 0 | CV67: =AH67 -> 0 | CW67: =AI67 -> 0 | CX67: =AJ67 -> 0 | CY67: =(((S67+R67)*AT67)/100) -> 0 | CZ67: =(((S67+R67)*AU67)/100) -> 0 | DN67: 0 | DO67: 0 | DP67: 1 | DQ67: 1 | DU67: 1007 | DV67: м3 | DW67: м3 | DX67: 1 | EE67: 16510488 | EF67: 2 | EG67: Общестроительные работы | EH67: 0 | EJ67: 1 | EK67: 11001 | EL67: Полы | EM67: ФЕР-11 | EQ67: 0 | ER67: 0 | ES67: 0 | ET67: 0 | EU67: 0 | EV67: 0 | EW67: 0 | EX67: 0 | FQ67: 0 | FR67: =ROUND(IF(AND(BH67=3,BI67=3),P67,0),2) -> 0 | FS67: 0 | FT67: *0,9 | FU67: *0,85 | FX67: 110.7 | FY67: 63.75 | GD67: 0 | GF67: -2113302258 | GG67: 1 | GH67: 1 | GI67: 4 | GJ67: 0 | GK67: =ROUND(R67*(S12)/100,2) -> 0 | GL67: =ROUND(IF(AND(BH67=3,BI67=3,FS67<>0),P67,0),2) -> 0 | GM67: =ROUND(O67+X67+Y67+GK67,2)+GX67 -> 0 | GN67: =IF(OR(BI67=0,BI67=1),ROUND(O67+X67+Y67+GK67,2),0) -> 0 | GO67: =IF(BI67=2,ROUND(O67+X67+Y67+GK67,2),0) -> 0 | GP67: =IF(BI67=4,ROUND(O67+X67+Y67+GK67,2)+GX67,0) -> 0 | GR67: 0 | GS67: 3 | GT67: 0 | GV67: =ROUND(GT67,6) -> 0 | GW67: 1 | GX67: =ROUND(GV67*GW67*I67,2) -> 0 | HA67: 0 | HB67: 0 | IK67: 0
A68: 18 | B68: 1 | C68: 91 | E68: 9,2 | F68: 04.3.01.09-0014 | G68: Раствор готовый кладочный цементный марки 100 | H68: м3 | I68: =I64*J68 -> 0.35802 | J68: 2.04 | O68: =ROUND(CP68,2) -> 186.1 | P68: =ROUND(CQ68*I68,2) -> 186.1 | Q68: =ROUND(CR68*I68,2) -> 0 | R68: =ROUND(CS68*I68,2) -> 0 | S68: =ROUND(CT68*I68,2) -> 0 | T68: =ROUND(CU68*I68,2) -> 0 | U68: =CV68*I68 -> 0 | V68: =CW68*I68 -> 0 | W68: =ROUND(CX68*I68,2) -> 0 | X68: =ROUND(CY68,2) -> 0 | Y68: =ROUND(CZ68,2) -> 0 | AA68: 16687810 | AB68: =ROUND((AC68+AD68+AF68),6) -> 519.8 | AC68: =ROUND((ES68),6) -> 519.8 | AD68: =ROUND((((ET68)-(EU68))+AE68),6) -> 0 | AE68: =ROUND((EU68),6) -> 0 | AF68: =ROUND((EV68),6) -> 0 | AG68: =ROUND((AP68),6) -> 0 | AH68: =(EW68) -> 0 | AI68: =(EX68) -> 0 | AJ68: =ROUND((AS68),6) -> 0 | AK68: 519.8 | AL68: 519.8 | AM68: 0 | AN68: 0 | AO68: 0 | AP68: 0 | AQ68: 0 | AR68: 0 | AS68: 0 | AT68: 111 | AU68: 64 | AV68: 1 | AW68: 1 | AZ68: 1 | BA68: 1 | BB68: 1 | BC68: 1 | BH68: 3 | BI68: 1 | BJ68: ФССЦ-2001, 04.3.01.09-0014, приказ Минстроя России №1039/пр от 30.12.2016г. | BM68: 11001 | BN68: 0 | BP68: 0 | BQ68: 2 | BR68: 0 | BS68: 1 | BT68: 1 | BU68: 1 | BV68: 1 | BW68: 1 | BX68: 1 | BZ68: 123 | CA68: 75 | CF68: 0 | CG68: 0 | CM68: 0 | CO68: 0 | CP68: =(P68+Q68+S68) -> 186.1 | CQ68: =AC68*BC68 -> 519.8 | CR68: =AD68*BB68 -> 0 | CS68: =AE68*BS68 -> 0 | CT68: =AF68*BA68 -> 0 | CU68: =AG68 -> 0 | CV68: =AH68 -> 0 | CW68: =AI68 -> 0 | CX68: =AJ68 -> 0 | CY68: =(((S68+R68)*AT68)/100) -> 0 | CZ68: =(((S68+R68)*AU68)/100) -> 0 | DN68: 0 | DO68: 0 | DP68: 1 | DQ68: 1 | DU68: 1007 | DV68: м3 | DW68: м3 | DX68: 1 | EE68: 16510488 | EF68: 2 | EG68: Общестроительные работы | EH68: 0 | EJ68: 1 | EK68: 11001 | EL68: Полы | EM68: ФЕР-11 | EQ68: 0 | ER68: 519.8 | ES68: 519.8 | ET68: 0 | EU68: 0 | EV68: 0 | EW68: 0 | EX68: 0 | FQ68: 0 | FR68: =ROUND(IF(AND(BH68=3,BI68=3),P68,0),2) -> 0 | FS68: 0 | FT68: *0,9 | FU68: *0,85 | FX68: 110.7 | FY68: 63.75 | GD68: 0 | GF68: 519185539 | GG68: 2 | GH68: 1 | GI68: -2 | GJ68: 0 | GK68: =ROUND(R68*(R12)/100,2) -> 0 | GL68: =ROUND(IF(AND(BH68=3,BI68=3,FS68<>0),P68,0),2) -> 0 | GM68: =ROUND(O68+X68+Y68+GK68,2)+GX68 -> 186.1 | GN68: =IF(OR(BI68=0,BI68=1),ROUND(O68+X68+Y68+GK68,2),0) -> 186.1 | GO68: =IF(BI68=2,ROUND(O68+X68+Y68+GK68,2),0) -> 0 | GP68: =IF(BI68=4,ROUND(O68+X68+Y68+GK68,2)+GX68,0) -> 0 | GR68: 0 | GS68: 3 | GT68: 0 | GV68: =ROUND(GT68,6) -> 0 | GW68: 1 | GX68: =ROUND(GV68*GW68*I68,2) -> 0 | HA68: 0 | HB68: 0 | IK68: 0
A69: 18 | B69: 1 | C69: 98 | E69: 9,2 | F69: 04.3.01.09-0014 | G69: Раствор готовый кладочный цементный марки 100 | H69: м3 | I69: =I65*J69 -> 0.35802 | J69: 2.04 | O69: =ROUND(CP69,2) -> 1326.88 | P69: =ROUND(CQ69*I69,2) -> 1326.88 | Q69: =ROUND(CR69*I69,2) -> 0 | R69: =ROUND(CS69*I69,2) -> 0 | S69: =ROUND(CT69*I69,2) -> 0 | T69: =ROUND(CU69*I69,2) -> 0 | U69: =CV69*I69 -> 0 | V69: =CW69*I69 -> 0 | W69: =ROUND(CX69*I69,2) -> 0 | X69: =ROUND(CY69,2) -> 0 | Y69: =ROUND(CZ69,2) -> 0 | AA69: 16687824 | AB69: =ROUND((AC69+AD69+AF69),6) -> 519.8 | AC69: =ROUND((ES69),6) -> 519.8 | AD69: =ROUND((((ET69)-(EU69))+AE69),6) -> 0 | AE69: =ROUND((EU69),6) -> 0 | AF69: =ROUND((EV69),6) -> 0 | AG69: =ROUND((AP69),6) -> 0 | AH69: =(EW69) -> 0 | AI69: =(EX69) -> 0 | AJ69: =ROUND((AS69),6) -> 0 | AK69: 519.8 | AL69: 519.8 | AM69: 0 | AN69: 0 | AO69: 0 | AP69: 0 | AQ69: 0 | AR69: 0 | AS69: 0 | AT69: 111 | AU69: 64 | AV69: 1 | AW69: 1 | AZ69: 7.13 | BA69: 1 | BB69: 1 | BC69: 7.13 | BH69: 3 | BI69: 1 | BJ69: ФССЦ-2001, 04.3.01.09-0014, приказ Минстроя России №1039/пр от 30.12.2016г. | BM69: 11001 | BN69: 0 | BP69: 0 | BQ69: 2 | BR69: 0 | BS69: 1 | BT69: 1 | BU69: 1 | BV69: 1 | BW69: 1 | BX69: 1 | BZ69: 123 | CA69: 75 | CF69: 0 | CG69: 0 | CM69: 0 | CO69: 0 | CP69: =(P69+Q69+S69) -> 1326.88 | CQ69: =AC69*BC69 -> 3706.174 | CR69: =AD69*BB69 -> 0 | CS69: =AE69*BS69 -> 0 | CT69: =AF69*BA69 -> 0 | CU69: =AG69 -> 0 | CV69: =AH69 -> 0 | CW69: =AI69 -> 0 | CX69: =AJ69 -> 0 | CY69: =(((S69+R69)*AT69)/100) -> 0 | CZ69: =(((S69+R69)*AU69)/100) -> 0 | DN69: 0 | DO69: 0 | DP69: 1 | DQ69: 1 | DU69: 1007 | DV69: м3 | DW69: м3 | DX69: 1 | EE69: 16510488 | EF69: 2 | EG69: Общестроительные работы | EH69: 0 | EJ69: 1 | EK69: 11001 | EL69: Полы | EM69: ФЕР-11 | EQ69: 0 | ER69: 519.8 | ES69: 519.8 | ET69: 0 | EU69: 0 | EV69: 0 | EW69: 0 | EX69: 0 | FQ69: 0 | FR69: =ROUND(IF(AND(BH69=3,BI69=3),P69,0),2) -> 0 | FS69: 0 | FT69: *0,9 | FU69: *0,85 | FX69: 110.7 | FY69: 63.75 | GD69: 0 | GF69: 519185539 | GG69: 1 | GH69: 1 | GI69: 4 | GJ69: 0 | GK69: =ROUND(R69*(S12)/100,2) -> 0 | GL69: =ROUND(IF(AND(BH69=3,BI69=3,FS69<>0),P69,0),2) -> 0 | GM69: =ROUND(O69+X69+Y69+GK69,2)+GX69 -> 1326.88 | GN69: =IF(OR(BI69=0,BI69=1),ROUND(O69+X69+Y69+GK69,2),0) -> 1326.88 | GO69: =IF(BI69=2,ROUND(O69+X69+Y69+GK69,2),0) -> 0 | GP69: =IF(BI69=4,ROUND(O69+X69+Y69+GK69,2)+GX69,0) -> 0 | GR69: 0 | GS69: 3 | GT69: 0 | GV69: =ROUND(GT69,6) -> 0 | GW69: 1 | GX69: =ROUND(GV69*GW69*I69,2) -> 0 | HA69: 0 | HB69: 0 | IK69: 0
A70: 17 | B70: 1 | C70: =ROW(SmtRes!A104) -> 104 | D70: =ROW(EtalonRes!A99) -> 99 | E70: 10 | F70: 11-01-011-02 | G70: Устройство стяжек на каждые 5 мм изменения толщины стяжки добавлять или исключать к расценке 11-01-011-01 | H70: 100 м2 | I70: =ROUND(17.55/100,9) -> 0.1755 | J70: 0 | O70: =ROUND(CP70,2) -> 4.99 | P70: =ROUND(CQ70*I70,2) -> 0 | Q70: =ROUND(CR70*I70,2) -> 3.39 | R70: =ROUND(CS70*I70,2) -> 1.25 | S70: =ROUND(CT70*I70,2) -> 1.6 | T70: =ROUND(CU70*I70,2) -> 0 | U70: =CV70*I70 -> 0.201825 | V70: =CW70*I70 -> 0.0921375 | W70: =ROUND(CX70*I70,2) -> 0 | X70: =ROUND(CY70,2) -> 3.16 | Y70: =ROUND(CZ70,2) -> 1.82 | AA70: 16687810 | AB70: =ROUND((AC70+AD70+AF70),6) -> 28.431 | AC70: =ROUND(((ES70*2)),6) -> 0 | AD70: =ROUND(((((ET70*1.25*2))-((EU70*1.25*2)))+AE70),6) -> 19.3 | AE70: =ROUND(((EU70*1.25*2)),6) -> 7.1 | AF70: =ROUND(((EV70*1.15*2)),6) -> 9.131 | AG70: =ROUND((AP70),6) -> 0 | AH70: =((EW70*1.15*2)) -> 1.15 | AI70: =((EX70*1.25*2)) -> 0.525 | AJ70: =ROUND((AS70),6) -> 0 | AK70: 11.69 | AL70: 0 | AM70: 7.72 | AN70: 2.84 | AO70: 3.97 | AP70: 0 | AQ70: 0.5 | AR70: 0.21 | AS70: 0 | AT70: 111 | AU70: 64 | AV70: 1 | AW70: 1 | AZ70: 1 | BA70: 1 | BB70: 1 | BC70: 1 | BH70: 0 | BI70: 1 | BJ70: ФЕР-2001, 11-01-011-02, приказ Минстроя России №1039/пр от 30.12.2016г. | BM70: 11001 | BN70: 0 | BP70: 0 | BQ70: 2 | BR70: 0 | BS70: 1 | BT70: 1 | BU70: 1 | BV70: 1 | BW70: 1 | BX70: 1 | BZ70: 123 | CA70: 75 | CF70: 0 | CG70: 0 | CM70: 0 | CN70: Поправка: МДС 81-35.2004, п.4.7 Наименование: Работы, выполняемые при реконструкции зданий и сооружений работы, аналогичные технологическим процессам в новом строительстве (в том числе возведение новых конструктивных элементов) стоимость которых определена по соответствующим сборникам ФЕР, кроме сборника № 46 «Работы при реконструкции зданий и сооружений» | CO70: 0 | CP70: =(P70+Q70+S70) -> 4.99 | CQ70: =AC70*BC70 -> 0 | CR70: =AD70*BB70 -> 19.3 | CS70: =AE70*BS70 -> 7.1 | CT70: =AF70*BA70 -> 9.131 | CU70: =AG70 -> 0 | CV70: =AH70 -> 1.15 | CW70: =AI70 -> 0.525 | CX70: =AJ70 -> 0 | CY70: =(((S70+R70)*AT70)/100) -> 3.1635 | CZ70: =(((S70+R70)*AU70)/100) -> 1.824 | DD70: *2 | DE70: )*1,25*2 | DF70: )*1,25*2 | DG70: )*1,15*2 | DI70: )*1,15*2 | DJ70: )*1,25*2 | DN70: 0 | DO70: 0 | DP70: 1 | DQ70: 1 | DU70: 1005 | DV70: 100 м2 | DW70: 100 м2 | DX70: 100 | EE70: 16510488 | EF70: 2 | EG70: Общестроительные работы | EH70: 0 | EJ70: 1 | EK70: 11001 | EL70: Полы | EM70: ФЕР-11 | EO70: Поправка: МДС 81-35.2004, п.4.7 | EQ70: 0 | ER70: 11.69 | ES70: 0 | ET70: 7.72 | EU70: 2.84 | EV70: 3.97 | EW70: 0.5 | EX70: 0.21 | EY70: 0 | FQ70: 0 | FR70: =ROUND(IF(AND(BH70=3,BI70=3),P70,0),2) -> 0 | FS70: 0 | FT70: *0,9 | FU70: *0,85 | FX70: 110.7 | FY70: 63.75 | GD70: 0 | GF70: -869721543 | GG70: 2 | GH70: 1 | GI70: -2 | GJ70: 0 | GK70: =ROUND(R70*(R12)/100,2) -> 0 | GL70: =ROUND(IF(AND(BH70=3,BI70=3,FS70<>0),P70,0),2) -> 0 | GM70: =ROUND(O70+X70+Y70+GK70,2)+GX70 -> 9.97 | GN70: =IF(OR(BI70=0,BI70=1),ROUND(O70+X70+Y70+GK70,2),0) -> 9.97 | GO70: =IF(BI70=2,ROUND(O70+X70+Y70+GK70,2),0) -> 0 | GP70: =IF(BI70=4,ROUND(O70+X70+Y70+GK70,2)+GX70,0) -> 0 | GR70: 0 | GS70: 3 | GT70: 0 | GV70: =ROUND(GT70,6) -> 0 | GW70: 1 | GX70: =ROUND(GV70*GW70*I70,2) -> 0 | HA70: 0 | HB70: 0 | IK70: 0
A71: 17 | B71: 1 | C71: =ROW(SmtRes!A110) -> 110 | D71: =ROW(EtalonRes!A104) -> 104 | E71: 10 | F71: 11-01-011-02 | G71: Устройство стяжек на каждые 5 мм изменения толщины стяжки добавлять или исключать к расценке 11-01-011-01 | H71: 100 м2 | I71: =ROUND(17.55/100,9) -> 0.1755 | J71: 0 | O71: =ROUND(CP71,2) -> 35.58 | P71: =ROUND(CQ71*I71,2) -> 0 | Q71: =ROUND(CR71*I71,2) -> 24.15 | R71: =ROUND(CS71*I71,2) -> 8.88 | S71: =ROUND(CT71*I71,2) -> 11.43 | T71: =ROUND(CU71*I71,2) -> 0 | U71: =CV71*I71 -> 0.201825 | V71: =CW71*I71 -> 0.0921375 | W71: =ROUND(CX71*I71,2) -> 0 | X71: =ROUND(CY71,2) -> 22.54 | Y71: =ROUND(CZ71,2) -> 13 | AA71: 16687824 | AB71: =ROUND((AC71+AD71+AF71),6) -> 28.431 | AC71: =ROUND(((ES71*2)),6) -> 0 | AD71: =ROUND(((((ET71*1.25*2))-((EU71*1.25*2)))+AE71),6) -> 19.3 | AE71: =ROUND(((EU71*1.25*2)),6) -> 7.1 | AF71: =ROUND(((EV71*1.15*2)),6) -> 9.131 | AG71: =ROUND((AP71),6) -> 0 | AH71: =((EW71*1.15*2)) -> 1.15 | AI71: =((EX71*1.25*2)) -> 0.525 | AJ71: =ROUND((AS71),6) -> 0 | AK71: 11.69 | AL71: 0 | AM71: 7.72 | AN71: 2.84 | AO71: 3.97 | AP71: 0 | AQ71: 0.5 | AR71: 0.21 | AS71: 0 | AT71: 111 | AU71: 64 | AV71: 1 | AW71: 1 | AZ71: 7.13 | BA71: 7.13 | BB71: 7.13 | BC71: 7.13 | BH71: 0 | BI71: 1 | BJ71: ФЕР-2001, 11-01-011-02, приказ Минстроя России №1039/пр от 30.12.2016г. | BM71: 11001 | BN71: 0 | BP71: 0 | BQ71: 2 | BR71: 0 | BS71: 7.13 | BT71: 1 | BU71: 1 | BV71: 1 | BW71: 1 | BX71: 1 | BZ71: 123 | CA71: 75 | CF71: 0 | CG71: 0 | CM71: 0 | CN71: Поправка: МДС 81-35.2004, п.4.7 Наименование: Работы, выполняемые при реконструкции зданий и сооружений работы, аналогичные технологическим процессам в новом строительстве (в том числе возведение новых конструктивных элементов) стоимость которых определена по соответствующим сборникам ФЕР, кроме сборника № 46 «Работы при реконструкции зданий и сооружений» | CO71: 0 | CP71: =(P71+Q71+S71) -> 35.58 | CQ71: =AC71*BC71 -> 0 | CR71: =AD71*BB71 -> 137.609 | CS71: =AE71*BS71 -> 50.623 | CT71: =AF71*BA71 -> 65.10403 | CU71: =AG71 -> 0 | CV71: =AH71 -> 1.15 | CW71: =AI71 -> 0.525 | CX71: =AJ71 -> 0 | CY71: =(((S71+R71)*AT71)/100) -> 22.5441 | CZ71: =(((S71+R71)*AU71)/100) -> 12.9984 | DD71: *2 | DE71: )*1,25*2 | DF71: )*1,25*2 | DG71: )*1,15*2 | DI71: )*1,15*2 | DJ71: )*1,25*2 | DN71: 0 | DO71: 0 | DP71: 1 | DQ71: 1 | DU71: 1005 | DV71: 100 м2 | DW71: 100 м2 | DX71: 100 | EE71: 16510488 | EF71: 2 | EG71: Общестроительные работы | EH71: 0 | EJ71: 1 | EK71: 11001 | EL71: Полы | EM71: ФЕР-11 | EO71: Поправка: МДС 81-35.2004, п.4.7 | EQ71: 0 | ER71: 11.69 | ES71: 0 | ET71: 7.72 | EU71: 2.84 | EV71: 3.97 | EW71: 0.5 | EX71: 0.21 | EY71: 0 | FQ71: 0 | FR71: =ROUND(IF(AND(BH71=3,BI71=3),P71,0),2) -> 0 | FS71: 0 | FT71: *0,9 | FU71: *0,85 | FX71: 110.7 | FY71: 63.75 | GD71: 0 | GF71: -869721543 | GG71: 1 | GH71: 1 | GI71: 4 | GJ71: 0 | GK71: =ROUND(R71*(S12)/100,2) -> 0 | GL71: =ROUND(IF(AND(BH71=3,BI71=3,FS71<>0),P71,0),2) -> 0 | GM71: =ROUND(O71+X71+Y71+GK71,2)+GX71 -> 71.12 | GN71: =IF(OR(BI71=0,BI71=1),ROUND(O71+X71+Y71+GK71,2),0) -> 71.12 | GO71: =IF(BI71=2,ROUND(O71+X71+Y71+GK71,2),0) -> 0 | GP71: =IF(BI71=4,ROUND(O71+X71+Y71+GK71,2)+GX71,0) -> 0 | GR71: 0 | GS71: 3 | GT71: 0 | GV71: =ROUND(GT71,6) -> 0 | GW71: 1 | GX71: =ROUND(GV71*GW71*I71,2) -> 0 | HA71: 0 | HB71: 0 | IK71: 0
A72: 18 | B72: 1 | C72: 103 | E72: 10,1 | F72: 04.3.01.09 | G72: Раствор готовый кладочный тяжелый цементный | H72: м3 | I72: =I70*J72 -> 0.17901 | J72: 1.02 | O72: =ROUND(CP72,2) -> 0 | P72: =ROUND(CQ72*I72,2) -> 0 | Q72: =ROUND(CR72*I72,2) -> 0 | R72: =ROUND(CS72*I72,2) -> 0 | S72: =ROUND(CT72*I72,2) -> 0 | T72: =ROUND(CU72*I72,2) -> 0 | U72: =CV72*I72 -> 0 | V72: =CW72*I72 -> 0 | W72: =ROUND(CX72*I72,2) -> 0 | X72: =ROUND(CY72,2) -> 0 | Y72: =ROUND(CZ72,2) -> 0 | AA72: 16687810 | AB72: =ROUND((AC72+AD72+AF72),6) -> 0 | AC72: =ROUND((ES72),6) -> 0 | AD72: =ROUND((((ET72)-(EU72))+AE72),6) -> 0 | AE72: =ROUND((EU72),6) -> 0 | AF72: =ROUND((EV72),6) -> 0 | AG72: =ROUND((AP72),6) -> 0 | AH72: =(EW72) -> 0 | AI72: =(EX72) -> 0 | AJ72: =ROUND((AS72),6) -> 0 | AK72: 0 | AL72: 0 | AM72: 0 | AN72: 0 | AO72: 0 | AP72: 0 | AQ72: 0 | AR72: 0 | AS72: 0 | AT72: 111 | AU72: 64 | AV72: 1 | AW72: 1 | AZ72: 1 | BA72: 1 | BB72: 1 | BC72: 1 | BH72: 3 | BI72: 1 | BM72: 11001 | BN72: 0 | BP72: 0 | BQ72: 2 | BR72: 0 | BS72: 1 | BT72: 1 | BU72: 1 | BV72: 1 | BW72: 1 | BX72: 1 | BZ72: 123 | CA72: 75 | CF72: 0 | CG72: 0 | CM72: 0 | CN72: Поправка: МДС 81-35.2004, п.4.7 Наименование: Работы, выполняемые при реконструкции зданий и сооружений работы, аналогичные технологическим процессам в новом строительстве (в том числе возведение новых конструктивных элементов) стоимость которых определена по соответствующим сборникам ФЕР, кроме сборника № 46 «Работы при реконструкции зданий и сооружений» | CO72: 0 | CP72: =(P72+Q72+S72) -> 0 | CQ72: =AC72*BC72 -> 0 | CR72: =AD72*BB72 -> 0 | CS72: =AE72*BS72 -> 0 | CT72: =AF72*BA72 -> 0 | CU72: =AG72 -> 0 | CV72: =AH72 -> 0 | CW72: =AI72 -> 0 | CX72: =AJ72 -> 0 | CY72: =(((S72+R72)*AT72)/100) -> 0 | CZ72: =(((S72+R72)*AU72)/100) -> 0 | DN72: 0 | DO72: 0 | DP72: 1 | DQ72: 1 | DU72: 1007 | DV72: м3 | DW72: м3 | DX72: 1 | EE72: 16510488 | EF72: 2 | EG72: Общестроительные работы | EH72: 0 | EJ72: 1 | EK72: 11001 | EL72: Полы | EM72: ФЕР-11 | EO72: Поправка: МДС 81-35.2004, п.4.7 | EQ72: 0 | ER72: 0 | ES72: 0 | ET72: 0 | EU72: 0 | EV72: 0 | EW72: 0 | EX72: 0 | FQ72: 0 | FR72: =ROUND(IF(AND(BH72=3,BI72=3),P72,0),2) -> 0 | FS72: 0 | FT72: *0,9 | FU72: *0,85 | FX72: 110.7 | FY72: 63.75 | GD72: 0 | GF72: -2113302258 | GG72: 2 | GH72: 1 | GI72: -2 | GJ72: 0 | GK72: =ROUND(R72*(R12)/100,2) -> 0 | GL72: =ROUND(IF(AND(BH72=3,BI72=3,FS72<>0),P72,0),2) -> 0 | GM72: =ROUND(O72+X72+Y72+GK72,2)+GX72 -> 0 | GN72: =IF(OR(BI72=0,BI72=1),ROUND(O72+X72+Y72+GK72,2),0) -> 0 | GO72: =IF(BI72=2,ROUND(O72+X72+Y72+GK72,2),0) -> 0 | GP72: =IF(BI72=4,ROUND(O72+X72+Y72+GK72,2)+GX72,0) -> 0 | GR72: 0 | GS72: 3 | GT72: 0 | GV72: =ROUND(GT72,6) -> 0 | GW72: 1 | GX72: =ROUND(GV72*GW72*I72,2) -> 0 | HA72: 0 | HB72: 0 | IK72: 0
A73: 18 | B73: 1 | C73: 109 | E73: 10,1 | F73: 04.3.01.09 | G73: Раствор готовый кладочный тяжелый цементный | H73: м3 | I73: =I71*J73 -> 0.17901 | J73: 1.02 | O73: =ROUND(CP73,2) -> 0 | P73: =ROUND(CQ73*I73,2) -> 0 | Q73: =ROUND(CR73*I73,2) -> 0 | R73: =ROUND(CS73*I73,2) -> 0 | S73: =ROUND(CT73*I73,2) -> 0 | T73: =ROUND(CU73*I73,2) -> 0 | U73: =CV73*I73 -> 0 | V73: =CW73*I73 -> 0 | W73: =ROUND(CX73*I73,2) -> 0 | X73: =ROUND(CY73,2) -> 0 | Y73: =ROUND(CZ73,2) -> 0 | AA73: 16687824 | AB73: =ROUND((AC73+AD73+AF73),6) -> 0 | AC73: =ROUND((ES73),6) -> 0 | AD73: =ROUND((((ET73)-(EU73))+AE73),6) -> 0 | AE73: =ROUND((EU73),6) -> 0 | AF73: =ROUND((EV73),6) -> 0 | AG73: =ROUND((AP73),6) -> 0 | AH73: =(EW73) -> 0 | AI73: =(EX73) -> 0 | AJ73: =ROUND((AS73),6) -> 0 | AK73: 0 | AL73: 0 | AM73: 0 | AN73: 0 | AO73: 0 | AP73: 0 | AQ73: 0 | AR73: 0 | AS73: 0 | AT73: 111 | AU73: 64 | AV73: 1 | AW73: 1 | AZ73: 7.13 | BA73: 1 | BB73: 1 | BC73: 7.13 | BH73: 3 | BI73: 1 | BM73: 11001 | BN73: 0 | BP73: 0 | BQ73: 2 | BR73: 0 | BS73: 1 | BT73: 1 | BU73: 1 | BV73: 1 | BW73: 1 | BX73: 1 | BZ73: 123 | CA73: 75 | CF73: 0 | CG73: 0 | CM73: 0 | CN73: Поправка: МДС 81-35.2004, п.4.7 Наименование: Работы, выполняемые при реконструкции зданий и сооружений работы, аналогичные технологическим процессам в новом строительстве (в том числе возведение новых конструктивных элементов) стоимость которых определена по соответствующим сборникам ФЕР, кроме сборника № 46 «Работы при реконструкции зданий и сооружений» | CO73: 0 | CP73: =(P73+Q73+S73) -> 0 | CQ73: =AC73*BC73 -> 0 | CR73: =AD73*BB73 -> 0 | CS73: =AE73*BS73 -> 0 | CT73: =AF73*BA73 -> 0 | CU73: =AG73 -> 0 | CV73: =AH73 -> 0 | CW73: =AI73 -> 0 | CX73: =AJ73 -> 0 | CY73: =(((S73+R73)*AT73)/100) -> 0 | CZ73: =(((S73+R73)*AU73)/100) -> 0 | DN73: 0 | DO73: 0 | DP73: 1 | DQ73: 1 | DU73: 1007 | DV73: м3 | DW73: м3 | DX73: 1 | EE73: 16510488 | EF73: 2 | EG73: Общестроительные работы | EH73: 0 | EJ73: 1 | EK73: 11001 | EL73: Полы | EM73: ФЕР-11 | EO73: Поправка: МДС 81-35.2004, п.4.7 | EQ73: 0 | ER73: 0 | ES73: 0 | ET73: 0 | EU73: 0 | EV73: 0 | EW73: 0 | EX73: 0 | FQ73: 0 | FR73: =ROUND(IF(AND(BH73=3,BI73=3),P73,0),2) -> 0 | FS73: 0 | FT73: *0,9 | FU73: *0,85 | FX73: 110.7 | FY73: 63.75 | GD73: 0 | GF73: -2113302258 | GG73: 1 | GH73: 1 | GI73: 4 | GJ73: 0 | GK73: =ROUND(R73*(S12)/100,2) -> 0 | GL73: =ROUND(IF(AND(BH73=3,BI73=3,FS73<>0),P73,0),2) -> 0 | GM73: =ROUND(O73+X73+Y73+GK73,2)+GX73 -> 0 | GN73: =IF(OR(BI73=0,BI73=1),ROUND(O73+X73+Y73+GK73,2),0) -> 0 | GO73: =IF(BI73=2,ROUND(O73+X73+Y73+GK73,2),0) -> 0 | GP73: =IF(BI73=4,ROUND(O73+X73+Y73+GK73,2)+GX73,0) -> 0 | GR73: 0 | GS73: 3 | GT73: 0 | GV73: =ROUND(GT73,6) -> 0 | GW73: 1 | GX73: =ROUND(GV73*GW73*I73,2) -> 0 | HA73: 0 | HB73: 0 | IK73: 0
A74: 18 | B74: 1 | C74: 104 | E74: 10,2 | F74: 04.3.01.09-0014 | G74: Раствор готовый кладочный цементный марки 100 | H74: м3 | I74: =I70*J74 -> 0.53703 | J74: 3.06 | O74: =ROUND(CP74,2) -> 279.15 | P74: =ROUND(CQ74*I74,2) -> 279.15 | Q74: =ROUND(CR74*I74,2) -> 0 | R74: =ROUND(CS74*I74,2) -> 0 | S74: =ROUND(CT74*I74,2) -> 0 | T74: =ROUND(CU74*I74,2) -> 0 | U74: =CV74*I74 -> 0 | V74: =CW74*I74 -> 0 | W74: =ROUND(CX74*I74,2) -> 0 | X74: =ROUND(CY74,2) -> 0 | Y74: =ROUND(CZ74,2) -> 0 | AA74: 16687810 | AB74: =ROUND((AC74+AD74+AF74),6) -> 519.8 | AC74: =ROUND((ES74),6) -> 519.8 | AD74: =ROUND((((ET74)-(EU74))+AE74),6) -> 0 | AE74: =ROUND((EU74),6) -> 0 | AF74: =ROUND((EV74),6) -> 0 | AG74: =ROUND((AP74),6) -> 0 | AH74: =(EW74) -> 0 | AI74: =(EX74) -> 0 | AJ74: =ROUND((AS74),6) -> 0 | AK74: 519.8 | AL74: 519.8 | AM74: 0 | AN74: 0 | AO74: 0 | AP74: 0 | AQ74: 0 | AR74: 0 | AS74: 0 | AT74: 111 | AU74: 64 | AV74: 1 | AW74: 1 | AZ74: 1 | BA74: 1 | BB74: 1 | BC74: 1 | BH74: 3 | BI74: 1 | BJ74: ФССЦ-2001, 04.3.01.09-0014, приказ Минстроя России №1039/пр от 30.12.2016г. | BM74: 11001 | BN74: 0 | BP74: 0 | BQ74: 2 | BR74: 0 | BS74: 1 | BT74: 1 | BU74: 1 | BV74: 1 | BW74: 1 | BX74: 1 | BZ74: 123 | CA74: 75 | CF74: 0 | CG74: 0 | CM74: 0 | CN74: Поправка: МДС 81-35.2004, п.4.7 Наименование: Работы, выполняемые при реконструкции зданий и сооружений работы, аналогичные технологическим процессам в новом строительстве (в том числе возведение новых конструктивных элементов) стоимость которых определена по соответствующим сборникам ФЕР, кроме сборника № 46 «Работы при реконструкции зданий и сооружений» | CO74: 0 | CP74: =(P74+Q74+S74) -> 279.15 | CQ74: =AC74*BC74 -> 519.8 | CR74: =AD74*BB74 -> 0 | CS74: =AE74*BS74 -> 0 | CT74: =AF74*BA74 -> 0 | CU74: =AG74 -> 0 | CV74: =AH74 -> 0 | CW74: =AI74 -> 0 | CX74: =AJ74 -> 0 | CY74: =(((S74+R74)*AT74)/100) -> 0 | CZ74: =(((S74+R74)*AU74)/100) -> 0 | DN74: 0 | DO74: 0 | DP74: 1 | DQ74: 1 | DU74: 1007 | DV74: м3 | DW74: м3 | DX74: 1 | EE74: 16510488 | EF74: 2 | EG74: Общестроительные работы | EH74: 0 | EJ74: 1 | EK74: 11001 | EL74: Полы | EM74: ФЕР-11 | EO74: Поправка: МДС 81-35.2004, п.4.7 | EQ74: 0 | ER74: 519.8 | ES74: 519.8 | ET74: 0 | EU74: 0 | EV74: 0 | EW74: 0 | EX74: 0 | FQ74: 0 | FR74: =ROUND(IF(AND(BH74=3,BI74=3),P74,0),2) -> 0 | FS74: 0 | FT74: *0,9 | FU74: *0,85 | FX74: 110.7 | FY74: 63.75 | GD74: 0 | GF74: 519185539 | GG74: 2 | GH74: 1 | GI74: -2 | GJ74: 0 | GK74: =ROUND(R74*(R12)/100,2) -> 0 | GL74: =ROUND(IF(AND(BH74=3,BI74=3,FS74<>0),P74,0),2) -> 0 | GM74: =ROUND(O74+X74+Y74+GK74,2)+GX74 -> 279.15 | GN74: =IF(OR(BI74=0,BI74=1),ROUND(O74+X74+Y74+GK74,2),0) -> 279.15 | GO74: =IF(BI74=2,ROUND(O74+X74+Y74+GK74,2),0) -> 0 | GP74: =IF(BI74=4,ROUND(O74+X74+Y74+GK74,2)+GX74,0) -> 0 | GR74: 0 | GS74: 3 | GT74: 0 | GV74: =ROUND(GT74,6) -> 0 | GW74: 1 | GX74: =ROUND(GV74*GW74*I74,2) -> 0 | HA74: 0 | HB74: 0 | IK74: 0
A75: 18 | B75: 1 | C75: 110 | E75: 10,2 | F75: 04.3.01.09-0014 | G75: Раствор готовый кладочный цементный марки 100 | H75: м3 | I75: =I71*J75 -> 0.53703 | J75: 3.06 | O75: =ROUND(CP75,2) -> 1990.33 | P75: =ROUND(CQ75*I75,2) -> 1990.33 | Q75: =ROUND(CR75*I75,2) -> 0 | R75: =ROUND(CS75*I75,2) -> 0 | S75: =ROUND(CT75*I75,2) -> 0 | T75: =ROUND(CU75*I75,2) -> 0 | U75: =CV75*I75 -> 0 | V75: =CW75*I75 -> 0 | W75: =ROUND(CX75*I75,2) -> 0 | X75: =ROUND(CY75,2) -> 0 | Y75: =ROUND(CZ75,2) -> 0 | AA75: 16687824 | AB75: =ROUND((AC75+AD75+AF75),6) -> 519.8 | AC75: =ROUND((ES75),6) -> 519.8 | AD75: =ROUND((((ET75)-(EU75))+AE75),6) -> 0 | AE75: =ROUND((EU75),6) -> 0 | AF75: =ROUND((EV75),6) -> 0 | AG75: =ROUND((AP75),6) -> 0 | AH75: =(EW75) -> 0 | AI75: =(EX75) -> 0 | AJ75: =ROUND((AS75),6) -> 0 | AK75: 519.8 | AL75: 519.8 | AM75: 0 | AN75: 0 | AO75: 0 | AP75: 0 | AQ75: 0 | AR75: 0 | AS75: 0 | AT75: 111 | AU75: 64 | AV75: 1 | AW75: 1 | AZ75: 7.13 | BA75: 1 | BB75: 1 | BC75: 7.13 | BH75: 3 | BI75: 1 | BJ75: ФССЦ-2001, 04.3.01.09-0014, приказ Минстроя России №1039/пр от 30.12.2016г. | BM75: 11001 | BN75: 0 | BP75: 0 | BQ75: 2 | BR75: 0 | BS75: 1 | BT75: 1 | BU75: 1 | BV75: 1 | BW75: 1 | BX75: 1 | BZ75: 123 | CA75: 75 | CF75: 0 | CG75: 0 | CM75: 0 | CN75: Поправка: МДС 81-35.2004, п.4.7 Наименование: Работы, выполняемые при реконструкции зданий и сооружений работы, аналогичные технологическим процессам в новом строительстве (в том числе возведение новых конструктивных элементов) стоимость которых определена по соответствующим сборникам ФЕР, кроме сборника № 46 «Работы при реконструкции зданий и сооружений» | CO75: 0 | CP75: =(P75+Q75+S75) -> 1990.33 | CQ75: =AC75*BC75 -> 3706.174 | CR75: =AD75*BB75 -> 0 | CS75: =AE75*BS75 -> 0 | CT75: =AF75*BA75 -> 0 | CU75: =AG75 -> 0 | CV75: =AH75 -> 0 | CW75: =AI75 -> 0 | CX75: =AJ75 -> 0 | CY75: =(((S75+R75)*AT75)/100) -> 0 | CZ75: =(((S75+R75)*AU75)/100) -> 0 | DN75: 0 | DO75: 0 | DP75: 1 | DQ75: 1 | DU75: 1007 | DV75: м3 | DW75: м3 | DX75: 1 | EE75: 16510488 | EF75: 2 | EG75: Общестроительные работы | EH75: 0 | EJ75: 1 | EK75: 11001 | EL75: Полы | EM75: ФЕР-11 | EO75: Поправка: МДС 81-35.2004, п.4.7 | EQ75: 0 | ER75: 519.8 | ES75: 519.8 | ET75: 0 | EU75: 0 | EV75: 0 | EW75: 0 | EX75: 0 | FQ75: 0 | FR75: =ROUND(IF(AND(BH75=3,BI75=3),P75,0),2) -> 0 | FS75: 0 | FT75: *0,9 | FU75: *0,85 | FX75: 110.7 | FY75: 63.75 | GD75: 0 | GF75: 519185539 | GG75: 1 | GH75: 1 | GI75: 4 | GJ75: 0 | GK75: =ROUND(R75*(S12)/100,2) -> 0 | GL75: =ROUND(IF(AND(BH75=3,BI75=3,FS75<>0),P75,0),2) -> 0 | GM75: =ROUND(O75+X75+Y75+GK75,2)+GX75 -> 1990.33 | GN75: =IF(OR(BI75=0,BI75=1),ROUND(O75+X75+Y75+GK75,2),0) -> 1990.33 | GO75: =IF(BI75=2,ROUND(O75+X75+Y75+GK75,2),0) -> 0 | GP75: =IF(BI75=4,ROUND(O75+X75+Y75+GK75,2)+GX75,0) -> 0 | GR75: 0 | GS75: 3 | GT75: 0 | GV75: =ROUND(GT75,6) -> 0 | GW75: 1 | GX75: =ROUND(GV75*GW75*I75,2) -> 0 | HA75: 0 | HB75: 0 | IK75: 0
A76: 17 | B76: 1 | C76: =ROW(SmtRes!A120) -> 120 | D76: =ROW(EtalonRes!A113) -> 113 | E76: 11 | F76: 11-01-027-03 | G76: Устройство покрытий на цементном растворе из плиток керамических для полов одноцветных с красителем | H76: 100 м2 | I76: =ROUND(17.55/100,9) -> 0.1755 | J76: 0 | O76: =ROUND(CP76,2) -> 1472.3 | P76: =ROUND(CQ76*I76,2) -> 1234.09 | Q76: =ROUND(CR76*I76,2) -> 26.92 | R76: =ROUND(CS76*I76,2) -> 8.32 | S76: =ROUND(CT76*I76,2) -> 211.29 | T76: =ROUND(CU76*I76,2) -> 0 | U76: =CV76*I76 -> 24.174598 | V76: =CW76*I76 -> 0.6449625 | W76: =ROUND(CX76*I76,2) -> 0 | X76: =ROUND(CY76,2) -> 243.77 | Y76: =ROUND(CZ76,2) -> 140.55 | AA76: 16687810 | AB76: =ROUND((AC76+AD76+AF76),6) -> 8389.137 | AC76: =ROUND((ES76),6) -> 7031.85 | AD76: =ROUND(((((ET76*1.25))-((EU76*1.25)))+AE76),6) -> 153.375 | AE76: =ROUND(((EU76*1.25)),6) -> 47.4 | AF76: =ROUND(((EV76*1.15)),6) -> 1203.912 | AG76: =ROUND((AP76),6) -> 0 | AH76: =((EW76*1.15)) -> 137.747 | AI76: =((EX76*1.25)) -> 3.675 | AJ76: =ROUND((AS76),6) -> 0 | AK76: 8201.43 | AL76: 7031.85 | AM76: 122.7 | AN76: 37.92 | AO76: 1046.88 | AP76: 0 | AQ76: 119.78 | AR76: 2.94 | AS76: 0 | AT76: 111 | AU76: 64 | AV76: 1 | AW76: 1 | AZ76: 1 | BA76: 1 | BB76: 1 | BC76: 1 | BH76: 0 | BI76: 1 | BJ76: ФЕР-2001, 11-01-027-03, приказ Минстроя России №1039/пр от 30.12.2016г. | BM76: 11001 | BN76: 0 | BP76: 0 | BQ76: 2 | BR76: 0 | BS76: 1 | BT76: 1 | BU76: 1 | BV76: 1 | BW76: 1 | BX76: 1 | BZ76: 123 | CA76: 75 | CF76: 0 | CG76: 0 | CM76: 0 | CN76: Поправка: МДС 81-35.2004, п.4.7 Наименование: Работы, выполняемые при реконструкции зданий и сооружений работы, аналогичные технологическим процессам в новом строительстве (в том числе возведение новых конструктивных элементов) стоимость которых определена по соответствующим сборникам ФЕР, кроме сборника № 46 «Работы при реконструкции зданий и сооружений» | CO76: 0 | CP76: =(P76+Q76+S76) -> 1472.3 | CQ76: =AC76*BC76 -> 7031.85 | CR76: =AD76*BB76 -> 153.375 | CS76: =AE76*BS76 -> 47.4 | CT76: =AF76*BA76 -> 1203.912 | CU76: =AG76 -> 0 | CV76: =AH76 -> 137.747 | CW76: =AI76 -> 3.675 | CX76: =AJ76 -> 0 | CY76: =(((S76+R76)*AT76)/100) -> 243.7671 | CZ76: =(((S76+R76)*AU76)/100) -> 140.5504 | DE76: )*1,25 | DF76: )*1,25 | DG76: )*1,15 | DI76: )*1,15 | DJ76: )*1,25 | DN76: 0 | DO76: 0 | DP76: 1 | DQ76: 1 | DU76: 1005 | DV76: 100 м2 | DW76: 100 м2 | DX76: 100 | EE76: 16510488 | EF76: 2 | EG76: Общестроительные работы | EH76: 0 | EJ76: 1 | EK76: 11001 | EL76: Полы | EM76: ФЕР-11 | EO76: Поправка: МДС 81-35.2004, п.4.7 | EQ76: 0 | ER76: 8201.43 | ES76: 7031.85 | ET76: 122.7 | EU76: 37.92 | EV76: 1046.88 | EW76: 119.78 | EX76: 2.94 | EY76: 0 | FQ76: 0 | FR76: =ROUND(IF(AND(BH76=3,BI76=3),P76,0),2) -> 0 | FS76: 0 | FT76: *0,9 | FU76: *0,85 | FX76: 110.7 | FY76: 63.75 | GD76: 0 | GF76: -1931738483 | GG76: 2 | GH76: 1 | GI76: -2 | GJ76: 0 | GK76: =ROUND(R76*(R12)/100,2) -> 0 | GL76: =ROUND(IF(AND(BH76=3,BI76=3,FS76<>0),P76,0),2) -> 0 | GM76: =ROUND(O76+X76+Y76+GK76,2)+GX76 -> 1856.62 | GN76: =IF(OR(BI76=0,BI76=1),ROUND(O76+X76+Y76+GK76,2),0) -> 1856.62 | GO76: =IF(BI76=2,ROUND(O76+X76+Y76+GK76,2),0) -> 0 | GP76: =IF(BI76=4,ROUND(O76+X76+Y76+GK76,2)+GX76,0) -> 0 | GR76: 0 | GS76: 3 | GT76: 0 | GV76: =ROUND(GT76,6) -> 0 | GW76: 1 | GX76: =ROUND(GV76*GW76*I76,2) -> 0 | HA76: 0 | HB76: 0 | IK76: 0
A77: 17 | B77: 1 | C77: =ROW(SmtRes!A130) -> 130 | D77: =ROW(EtalonRes!A122) -> 122 | E77: 11 | F77: 11-01-027-03 | G77: Устройство покрытий на цементном растворе из плиток керамических для полов одноцветных с красителем | H77: 100 м2 | I77: =ROUND(17.55/100,9) -> 0.1755 | J77: 0 | O77: =ROUND(CP77,2) -> 10497.45 | P77: =ROUND(CQ77*I77,2) -> 8799.06 | Q77: =ROUND(CR77*I77,2) -> 191.92 | R77: =ROUND(CS77*I77,2) -> 59.31 | S77: =ROUND(CT77*I77,2) -> 1506.47 | T77: =ROUND(CU77*I77,2) -> 0 | U77: =CV77*I77 -> 24.174598 | V77: =CW77*I77 -> 0.6449625 | W77: =ROUND(CX77*I77,2) -> 0 | X77: =ROUND(CY77,2) -> 1738.02 | Y77: =ROUND(CZ77,2) -> 1002.1 | AA77: 16687824 | AB77: =ROUND((AC77+AD77+AF77),6) -> 8389.137 | AC77: =ROUND((ES77),6) -> 7031.85 | AD77: =ROUND(((((ET77*1.25))-((EU77*1.25)))+AE77),6) -> 153.375 | AE77: =ROUND(((EU77*1.25)),6) -> 47.4 | AF77: =ROUND(((EV77*1.15)),6) -> 1203.912 | AG77: =ROUND((AP77),6) -> 0 | AH77: =((EW77*1.15)) -> 137.747 | AI77: =((EX77*1.25)) -> 3.675 | AJ77: =ROUND((AS77),6) -> 0 | AK77: 8201.43 | AL77: 7031.85 | AM77: 122.7 | AN77: 37.92 | AO77: 1046.88 | AP77: 0 | AQ77: 119.78 | AR77: 2.94 | AS77: 0 | AT77: 111 | AU77: 64 | AV77: 1 | AW77: 1 | AZ77: 7.13 | BA77: 7.13 | BB77: 7.13 | BC77: 7.13 | BH77: 0 | BI77: 1 | BJ77: ФЕР-2001, 11-01-027-03, приказ Минстроя России №1039/пр от 30.12.2016г. | BM77: 11001 | BN77: 0 | BP77: 0 | BQ77: 2 | BR77: 0 | BS77: 7.13 | BT77: 1 | BU77: 1 | BV77: 1 | BW77: 1 | BX77: 1 | BZ77: 123 | CA77: 75 | CF77: 0 | CG77: 0 | CM77: 0 | CN77: Поправка: МДС 81-35.2004, п.4.7 Наименование: Работы, выполняемые при реконструкции зданий и сооружений работы, аналогичные технологическим процессам в новом строительстве (в том числе возведение новых конструктивных элементов) стоимость которых определена по соответствующим сборникам ФЕР, кроме сборника № 46 «Работы при реконструкции зданий и сооружений» | CO77: 0 | CP77: =(P77+Q77+S77) -> 10497.45 | CQ77: =AC77*BC77 -> 50137.09 | CR77: =AD77*BB77 -> 1093.5638 | CS77: =AE77*BS77 -> 337.962 | CT77: =AF77*BA77 -> 8583.8926 | CU77: =AG77 -> 0 | CV77: =AH77 -> 137.747 | CW77: =AI77 -> 3.675 | CX77: =AJ77 -> 0 | CY77: =(((S77+R77)*AT77)/100) -> 1738.0158 | CZ77: =(((S77+R77)*AU77)/100) -> 1002.0992 | DE77: )*1,25 | DF77: )*1,25 | DG77: )*1,15 | DI77: )*1,15 | DJ77: )*1,25 | DN77: 0 | DO77: 0 | DP77: 1 | DQ77: 1 | DU77: 1005 | DV77: 100 м2 | DW77: 100 м2 | DX77: 100 | EE77: 16510488 | EF77: 2 | EG77: Общестроительные работы | EH77: 0 | EJ77: 1 | EK77: 11001 | EL77: Полы | EM77: ФЕР-11 | EO77: Поправка: МДС 81-35.2004, п.4.7 | EQ77: 0 | ER77: 8201.43 | ES77: 7031.85 | ET77: 122.7 | EU77: 37.92 | EV77: 1046.88 | EW77: 119.78 | EX77: 2.94 | EY77: 0 | FQ77: 0 | FR77: =ROUND(IF(AND(BH77=3,BI77=3),P77,0),2) -> 0 | FS77: 0 | FT77: *0,9 | FU77: *0,85 | FX77: 110.7 | FY77: 63.75 | GD77: 0 | GF77: -1931738483 | GG77: 1 | GH77: 1 | GI77: 4 | GJ77: 0 | GK77: =ROUND(R77*(S12)/100,2) -> 0 | GL77: =ROUND(IF(AND(BH77=3,BI77=3,FS77<>0),P77,0),2) -> 0 | GM77: =ROUND(O77+X77+Y77+GK77,2)+GX77 -> 13237.57 | GN77: =IF(OR(BI77=0,BI77=1),ROUND(O77+X77+Y77+GK77,2),0) -> 13237.57 | GO77: =IF(BI77=2,ROUND(O77+X77+Y77+GK77,2),0) -> 0 | GP77: =IF(BI77=4,ROUND(O77+X77+Y77+GK77,2)+GX77,0) -> 0 | GR77: 0 | GS77: 3 | GT77: 0 | GV77: =ROUND(GT77,6) -> 0 | GW77: 1 | GX77: =ROUND(GV77*GW77*I77,2) -> 0 | HA77: 0 | HB77: 0 | IK77: 0
A78: 18 | B78: 1 | C78: 118 | E78: 11,1 | F78: 04.3.01.09 | G78: Раствор готовый кладочный тяжелый цементный | H78: м3 | I78: =I76*J78 -> 0.22815 | J78: 1.3 | O78: =ROUND(CP78,2) -> 0 | P78: =ROUND(CQ78*I78,2) -> 0 | Q78: =ROUND(CR78*I78,2) -> 0 | R78: =ROUND(CS78*I78,2) -> 0 | S78: =ROUND(CT78*I78,2) -> 0 | T78: =ROUND(CU78*I78,2) -> 0 | U78: =CV78*I78 -> 0 | V78: =CW78*I78 -> 0 | W78: =ROUND(CX78*I78,2) -> 0 | X78: =ROUND(CY78,2) -> 0 | Y78: =ROUND(CZ78,2) -> 0 | AA78: 16687810 | AB78: =ROUND((AC78+AD78+AF78),6) -> 0 | AC78: =ROUND((ES78),6) -> 0 | AD78: =ROUND((((ET78)-(EU78))+AE78),6) -> 0 | AE78: =ROUND((EU78),6) -> 0 | AF78: =ROUND((EV78),6) -> 0 | AG78: =ROUND((AP78),6) -> 0 | AH78: =(EW78) -> 0 | AI78: =(EX78) -> 0 | AJ78: =ROUND((AS78),6) -> 0 | AK78: 0 | AL78: 0 | AM78: 0 | AN78: 0 | AO78: 0 | AP78: 0 | AQ78: 0 | AR78: 0 | AS78: 0 | AT78: 111 | AU78: 64 | AV78: 1 | AW78: 1 | AZ78: 1 | BA78: 1 | BB78: 1 | BC78: 1 | BH78: 3 | BI78: 1 | BM78: 11001 | BN78: 0 | BP78: 0 | BQ78: 2 | BR78: 0 | BS78: 1 | BT78: 1 | BU78: 1 | BV78: 1 | BW78: 1 | BX78: 1 | BZ78: 123 | CA78: 75 | CF78: 0 | CG78: 0 | CM78: 0 | CO78: 0 | CP78: =(P78+Q78+S78) -> 0 | CQ78: =AC78*BC78 -> 0 | CR78: =AD78*BB78 -> 0 | CS78: =AE78*BS78 -> 0 | CT78: =AF78*BA78 -> 0 | CU78: =AG78 -> 0 | CV78: =AH78 -> 0 | CW78: =AI78 -> 0 | CX78: =AJ78 -> 0 | CY78: =(((S78+R78)*AT78)/100) -> 0 | CZ78: =(((S78+R78)*AU78)/100) -> 0 | DN78: 0 | DO78: 0 | DP78: 1 | DQ78: 1 | DU78: 1007 | DV78: м3 | DW78: м3 | DX78: 1 | EE78: 16510488 | EF78: 2 | EG78: Общестроительные работы | EH78: 0 | EJ78: 1 | EK78: 11001 | EL78: Полы | EM78: ФЕР-11 | EQ78: 0 | ER78: 0 | ES78: 0 | ET78: 0 | EU78: 0 | EV78: 0 | EW78: 0 | EX78: 0 | FQ78: 0 | FR78: =ROUND(IF(AND(BH78=3,BI78=3),P78,0),2) -> 0 | FS78: 0 | FT78: *0,9 | FU78: *0,85 | FX78: 110.7 | FY78: 63.75 | GD78: 0 | GF78: -2113302258 | GG78: 2 | GH78: 1 | GI78: -2 | GJ78: 0 | GK78: =ROUND(R78*(R12)/100,2) -> 0 | GL78: =ROUND(IF(AND(BH78=3,BI78=3,FS78<>0),P78,0),2) -> 0 | GM78: =ROUND(O78+X78+Y78+GK78,2)+GX78 -> 0 | GN78: =IF(OR(BI78=0,BI78=1),ROUND(O78+X78+Y78+GK78,2),0) -> 0 | GO78: =IF(BI78=2,ROUND(O78+X78+Y78+GK78,2),0) -> 0 | GP78: =IF(BI78=4,ROUND(O78+X78+Y78+GK78,2)+GX78,0) -> 0 | GR78: 0 | GS78: 3 | GT78: 0 | GV78: =ROUND(GT78,6) -> 0 | GW78: 1 | GX78: =ROUND(GV78*GW78*I78,2) -> 0 | HA78: 0 | HB78: 0 | IK78: 0
A79: 18 | B79: 1 | C79: 128 | E79: 11,1 | F79: 04.3.01.09 | G79: Раствор готовый кладочный тяжелый цементный | H79: м3 | I79: =I77*J79 -> 0.22815 | J79: 1.3 | O79: =ROUND(CP79,2) -> 0 | P79: =ROUND(CQ79*I79,2) -> 0 | Q79: =ROUND(CR79*I79,2) -> 0 | R79: =ROUND(CS79*I79,2) -> 0 | S79: =ROUND(CT79*I79,2) -> 0 | T79: =ROUND(CU79*I79,2) -> 0 | U79: =CV79*I79 -> 0 | V79: =CW79*I79 -> 0 | W79: =ROUND(CX79*I79,2) -> 0 | X79: =ROUND(CY79,2) -> 0 | Y79: =ROUND(CZ79,2) -> 0 | AA79: 16687824 | AB79: =ROUND((AC79+AD79+AF79),6) -> 0 | AC79: =ROUND((ES79),6) -> 0 | AD79: =ROUND((((ET79)-(EU79))+AE79),6) -> 0 | AE79: =ROUND((EU79),6) -> 0 | AF79: =ROUND((EV79),6) -> 0 | AG79: =ROUND((AP79),6) -> 0 | AH79: =(EW79) -> 0 | AI79: =(EX79) -> 0 | AJ79: =ROUND((AS79),6) -> 0 | AK79: 0 | AL79: 0 | AM79: 0 | AN79: 0 | AO79: 0 | AP79: 0 | AQ79: 0 | AR79: 0 | AS79: 0 | AT79: 111 | AU79: 64 | AV79: 1 | AW79: 1 | AZ79: 7.13 | BA79: 1 | BB79: 1 | BC79: 7.13 | BH79: 3 | BI79: 1 | BM79: 11001 | BN79: 0 | BP79: 0 | BQ79: 2 | BR79: 0 | BS79: 1 | BT79: 1 | BU79: 1 | BV79: 1 | BW79: 1 | BX79: 1 | BZ79: 123 | CA79: 75 | CF79: 0 | CG79: 0 | CM79: 0 | CO79: 0 | CP79: =(P79+Q79+S79) -> 0 | CQ79: =AC79*BC79 -> 0 | CR79: =AD79*BB79 -> 0 | CS79: =AE79*BS79 -> 0 | CT79: =AF79*BA79 -> 0 | CU79: =AG79 -> 0 | CV79: =AH79 -> 0 | CW79: =AI79 -> 0 | CX79: =AJ79 -> 0 | CY79: =(((S79+R79)*AT79)/100) -> 0 | CZ79: =(((S79+R79)*AU79)/100) -> 0 | DN79: 0 | DO79: 0 | DP79: 1 | DQ79: 1 | DU79: 1007 | DV79: м3 | DW79: м3 | DX79: 1 | EE79: 16510488 | EF79: 2 | EG79: Общестроительные работы | EH79: 0 | EJ79: 1 | EK79: 11001 | EL79: Полы | EM79: ФЕР-11 | EQ79: 0 | ER79: 0 | ES79: 0 | ET79: 0 | EU79: 0 | EV79: 0 | EW79: 0 | EX79: 0 | FQ79: 0 | FR79: =ROUND(IF(AND(BH79=3,BI79=3),P79,0),2) -> 0 | FS79: 0 | FT79: *0,9 | FU79: *0,85 | FX79: 110.7 | FY79: 63.75 | GD79: 0 | GF79: -2113302258 | GG79: 1 | GH79: 1 | GI79: 4 | GJ79: 0 | GK79: =ROUND(R79*(S12)/100,2) -> 0 | GL79: =ROUND(IF(AND(BH79=3,BI79=3,FS79<>0),P79,0),2) -> 0 | GM79: =ROUND(O79+X79+Y79+GK79,2)+GX79 -> 0 | GN79: =IF(OR(BI79=0,BI79=1),ROUND(O79+X79+Y79+GK79,2),0) -> 0 | GO79: =IF(BI79=2,ROUND(O79+X79+Y79+GK79,2),0) -> 0 | GP79: =IF(BI79=4,ROUND(O79+X79+Y79+GK79,2)+GX79,0) -> 0 | GR79: 0 | GS79: 3 | GT79: 0 | GV79: =ROUND(GT79,6) -> 0 | GW79: 1 | GX79: =ROUND(GV79*GW79*I79,2) -> 0 | HA79: 0 | HB79: 0 | IK79: 0
A80: 18 | B80: 1 | C80: 119 | E80: 11,2 | F80: 04.3.01.09-0014 | G80: Раствор готовый кладочный цементный марки 100 | H80: м3 | I80: =I76*J80 -> 0.22815 | J80: 1.3 | O80: =ROUND(CP80,2) -> 118.59 | P80: =ROUND(CQ80*I80,2) -> 118.59 | Q80: =ROUND(CR80*I80,2) -> 0 | R80: =ROUND(CS80*I80,2) -> 0 | S80: =ROUND(CT80*I80,2) -> 0 | T80: =ROUND(CU80*I80,2) -> 0 | U80: =CV80*I80 -> 0 | V80: =CW80*I80 -> 0 | W80: =ROUND(CX80*I80,2) -> 0 | X80: =ROUND(CY80,2) -> 0 | Y80: =ROUND(CZ80,2) -> 0 | AA80: 16687810 | AB80: =ROUND((AC80+AD80+AF80),6) -> 519.8 | AC80: =ROUND((ES80),6) -> 519.8 | AD80: =ROUND((((ET80)-(EU80))+AE80),6) -> 0 | AE80: =ROUND((EU80),6) -> 0 | AF80: =ROUND((EV80),6) -> 0 | AG80: =ROUND((AP80),6) -> 0 | AH80: =(EW80) -> 0 | AI80: =(EX80) -> 0 | AJ80: =ROUND((AS80),6) -> 0 | AK80: 519.8 | AL80: 519.8 | AM80: 0 | AN80: 0 | AO80: 0 | AP80: 0 | AQ80: 0 | AR80: 0 | AS80: 0 | AT80: 111 | AU80: 64 | AV80: 1 | AW80: 1 | AZ80: 1 | BA80: 1 | BB80: 1 | BC80: 1 | BH80: 3 | BI80: 1 | BJ80: ФССЦ-2001, 04.3.01.09-0014, приказ Минстроя России №1039/пр от 30.12.2016г. | BM80: 11001 | BN80: 0 | BP80: 0 | BQ80: 2 | BR80: 0 | BS80: 1 | BT80: 1 | BU80: 1 | BV80: 1 | BW80: 1 | BX80: 1 | BZ80: 123 | CA80: 75 | CF80: 0 | CG80: 0 | CM80: 0 | CO80: 0 | CP80: =(P80+Q80+S80) -> 118.59 | CQ80: =AC80*BC80 -> 519.8 | CR80: =AD80*BB80 -> 0 | CS80: =AE80*BS80 -> 0 | CT80: =AF80*BA80 -> 0 | CU80: =AG80 -> 0 | CV80: =AH80 -> 0 | CW80: =AI80 -> 0 | CX80: =AJ80 -> 0 | CY80: =(((S80+R80)*AT80)/100) -> 0 | CZ80: =(((S80+R80)*AU80)/100) -> 0 | DN80: 0 | DO80: 0 | DP80: 1 | DQ80: 1 | DU80: 1007 | DV80: м3 | DW80: м3 | DX80: 1 | EE80: 16510488 | EF80: 2 | EG80: Общестроительные работы | EH80: 0 | EJ80: 1 | EK80: 11001 | EL80: Полы | EM80: ФЕР-11 | EQ80: 0 | ER80: 519.8 | ES80: 519.8 | ET80: 0 | EU80: 0 | EV80: 0 | EW80: 0 | EX80: 0 | FQ80: 0 | FR80: =ROUND(IF(AND(BH80=3,BI80=3),P80,0),2) -> 0 | FS80: 0 | FT80: *0,9 | FU80: *0,85 | FX80: 110.7 | FY80: 63.75 | GD80: 0 | GF80: 519185539 | GG80: 2 | GH80: 1 | GI80: -2 | GJ80: 0 | GK80: =ROUND(R80*(R12)/100,2) -> 0 | GL80: =ROUND(IF(AND(BH80=3,BI80=3,FS80<>0),P80,0),2) -> 0 | GM80: =ROUND(O80+X80+Y80+GK80,2)+GX80 -> 118.59 | GN80: =IF(OR(BI80=0,BI80=1),ROUND(O80+X80+Y80+GK80,2),0) -> 118.59 | GO80: =IF(BI80=2,ROUND(O80+X80+Y80+GK80,2),0) -> 0 | GP80: =IF(BI80=4,ROUND(O80+X80+Y80+GK80,2)+GX80,0) -> 0 | GR80: 0 | GS80: 3 | GT80: 0 | GV80: =ROUND(GT80,6) -> 0 | GW80: 1 | GX80: =ROUND(GV80*GW80*I80,2) -> 0 | HA80: 0 | HB80: 0 | IK80: 0
A81: 18 | B81: 1 | C81: 129 | E81: 11,2 | F81: 04.3.01.09-0014 | G81: Раствор готовый кладочный цементный марки 100 | H81: м3 | I81: =I77*J81 -> 0.22815 | J81: 1.3 | O81: =ROUND(CP81,2) -> 845.56 | P81: =ROUND(CQ81*I81,2) -> 845.56 | Q81: =ROUND(CR81*I81,2) -> 0 | R81: =ROUND(CS81*I81,2) -> 0 | S81: =ROUND(CT81*I81,2) -> 0 | T81: =ROUND(CU81*I81,2) -> 0 | U81: =CV81*I81 -> 0 | V81: =CW81*I81 -> 0 | W81: =ROUND(CX81*I81,2) -> 0 | X81: =ROUND(CY81,2) -> 0 | Y81: =ROUND(CZ81,2) -> 0 | AA81: 16687824 | AB81: =ROUND((AC81+AD81+AF81),6) -> 519.8 | AC81: =ROUND((ES81),6) -> 519.8 | AD81: =ROUND((((ET81)-(EU81))+AE81),6) -> 0 | AE81: =ROUND((EU81),6) -> 0 | AF81: =ROUND((EV81),6) -> 0 | AG81: =ROUND((AP81),6) -> 0 | AH81: =(EW81) -> 0 | AI81: =(EX81) -> 0 | AJ81: =ROUND((AS81),6) -> 0 | AK81: 519.8 | AL81: 519.8 | AM81: 0 | AN81: 0 | AO81: 0 | AP81: 0 | AQ81: 0 | AR81: 0 | AS81: 0 | AT81: 111 | AU81: 64 | AV81: 1 | AW81: 1 | AZ81: 7.13 | BA81: 1 | BB81: 1 | BC81: 7.13 | BH81: 3 | BI81: 1 | BJ81: ФССЦ-2001, 04.3.01.09-0014, приказ Минстроя России №1039/пр от 30.12.2016г. | BM81: 11001 | BN81: 0 | BP81: 0 | BQ81: 2 | BR81: 0 | BS81: 1 | BT81: 1 | BU81: 1 | BV81: 1 | BW81: 1 | BX81: 1 | BZ81: 123 | CA81: 75 | CF81: 0 | CG81: 0 | CM81: 0 | CO81: 0 | CP81: =(P81+Q81+S81) -> 845.56 | CQ81: =AC81*BC81 -> 3706.174 | CR81: =AD81*BB81 -> 0 | CS81: =AE81*BS81 -> 0 | CT81: =AF81*BA81 -> 0 | CU81: =AG81 -> 0 | CV81: =AH81 -> 0 | CW81: =AI81 -> 0 | CX81: =AJ81 -> 0 | CY81: =(((S81+R81)*AT81)/100) -> 0 | CZ81: =(((S81+R81)*AU81)/100) -> 0 | DN81: 0 | DO81: 0 | DP81: 1 | DQ81: 1 | DU81: 1007 | DV81: м3 | DW81: м3 | DX81: 1 | EE81: 16510488 | EF81: 2 | EG81: Общестроительные работы | EH81: 0 | EJ81: 1 | EK81: 11001 | EL81: Полы | EM81: ФЕР-11 | EQ81: 0 | ER81: 519.8 | ES81: 519.8 | ET81: 0 | EU81: 0 | EV81: 0 | EW81: 0 | EX81: 0 | FQ81: 0 | FR81: =ROUND(IF(AND(BH81=3,BI81=3),P81,0),2) -> 0 | FS81: 0 | FT81: *0,9 | FU81: *0,85 | FX81: 110.7 | FY81: 63.75 | GD81: 0 | GF81: 519185539 | GG81: 1 | GH81: 1 | GI81: 4 | GJ81: 0 | GK81: =ROUND(R81*(S12)/100,2) -> 0 | GL81: =ROUND(IF(AND(BH81=3,BI81=3,FS81<>0),P81,0),2) -> 0 | GM81: =ROUND(O81+X81+Y81+GK81,2)+GX81 -> 845.56 | GN81: =IF(OR(BI81=0,BI81=1),ROUND(O81+X81+Y81+GK81,2),0) -> 845.56 | GO81: =IF(BI81=2,ROUND(O81+X81+Y81+GK81,2),0) -> 0 | GP81: =IF(BI81=4,ROUND(O81+X81+Y81+GK81,2)+GX81,0) -> 0 | GR81: 0 | GS81: 3 | GT81: 0 | GV81: =ROUND(GT81,6) -> 0 | GW81: 1 | GX81: =ROUND(GV81*GW81*I81,2) -> 0 | HA81: 0 | HB81: 0 | IK81: 0
A82: 17 | B82: 1 | C82: =ROW(SmtRes!A138) -> 138 | D82: =ROW(EtalonRes!A128) -> 128 | E82: 12 | F82: 11-01-039-04 | G82: Устройство плинтусов из плиток керамических | H82: 100 м | I82: =ROUND(29/100,9) -> 0.29 | J82: 0 | O82: =ROUND(CP82,2) -> 77.54 | P82: =ROUND(CQ82*I82,2) -> 0 | Q82: =ROUND(CR82*I82,2) -> 1.99 | R82: =ROUND(CS82*I82,2) -> 0.5 | S82: =ROUND(CT82*I82,2) -> 75.55 | T82: =ROUND(CU82*I82,2) -> 0 | U82: =CV82*I82 -> 7.94397 | V82: =CW82*I82 -> 0.039875 | W82: =ROUND(CX82*I82,2) -> 0 | X82: =ROUND(CY82,2) -> 84.42 | Y82: =ROUND(CZ82,2) -> 48.67 | AA82: 16687810 | AB82: =ROUND((AC82+AD82+AF82),6) -> 267.3845 | AC82: =ROUND((ES82),6) -> 0 | AD82: =ROUND(((((ET82*1.25))-((EU82*1.25)))+AE82),6) -> 6.875 | AE82: =ROUND(((EU82*1.25)),6) -> 1.725 | AF82: =ROUND(((EV82*1.15)),6) -> 260.5095 | AG82: =ROUND((AP82),6) -> 0 | AH82: =((EW82*1.15)) -> 27.393 | AI82: =((EX82*1.25)) -> 0.1375 | AJ82: =ROUND((AS82),6) -> 0 | AK82: 232.03 | AL82: 0 | AM82: 5.5 | AN82: 1.38 | AO82: 226.53 | AP82: 0 | AQ82: 23.82 | AR82: 0.11 | AS82: 0 | AT82: 111 | AU82: 64 | AV82: 1 | AW82: 1 | AZ82: 1 | BA82: 1 | BB82: 1 | BC82: 1 | BH82: 0 | BI82: 1 | BJ82: ФЕР-2001, 11-01-039-04, приказ Минстроя России №1039/пр от 30.12.2016г. | BM82: 11001 | BN82: 0 | BP82: 0 | BQ82: 2 | BR82: 0 | BS82: 1 | BT82: 1 | BU82: 1 | BV82: 1 | BW82: 1 | BX82: 1 | BZ82: 123 | CA82: 75 | CF82: 0 | CG82: 0 | CM82: 0 | CN82: Поправка: МДС 81-35.2004, п.4.7 Наименование: Работы, выполняемые при реконструкции зданий и сооружений работы, аналогичные технологическим процессам в новом строительстве (в том числе возведение новых конструктивных элементов) стоимость которых определена по соответствующим сборникам ФЕР, кроме сборника № 46 «Работы при реконструкции зданий и сооружений» | CO82: 0 | CP82: =(P82+Q82+S82) -> 77.54 | CQ82: =AC82*BC82 -> 0 | CR82: =AD82*BB82 -> 6.875 | CS82: =AE82*BS82 -> 1.725 | CT82: =AF82*BA82 -> 260.5095 | CU82: =AG82 -> 0 | CV82: =AH82 -> 27.393 | CW82: =AI82 -> 0.1375 | CX82: =AJ82 -> 0 | CY82: =(((S82+R82)*AT82)/100) -> 84.4155 | CZ82: =(((S82+R82)*AU82)/100) -> 48.672 | DE82: )*1,25 | DF82: )*1,25 | DG82: )*1,15 | DI82: )*1,15 | DJ82: )*1,25 | DN82: 0 | DO82: 0 | DP82: 1 | DQ82: 1 | DU82: 1003 | DV82: 100 м | DW82: 100 м | DX82: 100 | EE82: 16510488 | EF82: 2 | EG82: Общестроительные работы | EH82: 0 | EJ82: 1 | EK82: 11001 | EL82: Полы | EM82: ФЕР-11 | EO82: Поправка: МДС 81-35.2004, п.4.7 | EQ82: 0 | ER82: 232.03 | ES82: 0 | ET82: 5.5 | EU82: 1.38 | EV82: 226.53 | EW82: 23.82 | EX82: 0.11 | EY82: 0 | FQ82: 0 | FR82: =ROUND(IF(AND(BH82=3,BI82=3),P82,0),2) -> 0 | FS82: 0 | FT82: *0,9 | FU82: *0,85 | FX82: 110.7 | FY82: 63.75 | GD82: 0 | GF82: 1990727352 | GG82: 2 | GH82: 1 | GI82: -2 | GJ82: 0 | GK82: =ROUND(R82*(R12)/100,2) -> 0 | GL82: =ROUND(IF(AND(BH82=3,BI82=3,FS82<>0),P82,0),2) -> 0 | GM82: =ROUND(O82+X82+Y82+GK82,2)+GX82 -> 210.63 | GN82: =IF(OR(BI82=0,BI82=1),ROUND(O82+X82+Y82+GK82,2),0) -> 210.63 | GO82: =IF(BI82=2,ROUND(O82+X82+Y82+GK82,2),0) -> 0 | GP82: =IF(BI82=4,ROUND(O82+X82+Y82+GK82,2)+GX82,0) -> 0 | GR82: 0 | GS82: 3 | GT82: 0 | GV82: =ROUND(GT82,6) -> 0 | GW82: 1 | GX82: =ROUND(GV82*GW82*I82,2) -> 0 | HA82: 0 | HB82: 0 | IK82: 0
A83: 17 | B83: 1 | C83: =ROW(SmtRes!A146) -> 146 | D83: =ROW(EtalonRes!A134) -> 134 | E83: 12 | F83: 11-01-039-04 | G83: Устройство плинтусов из плиток керамических | H83: 100 м | I83: =ROUND(29/100,9) -> 0.29 | J83: 0 | O83: =ROUND(CP83,2) -> 552.88 | P83: =ROUND(CQ83*I83,2) -> 0 | Q83: =ROUND(CR83*I83,2) -> 14.22 | R83: =ROUND(CS83*I83,2) -> 3.57 | S83: =ROUND(CT83*I83,2) -> 538.66 | T83: =ROUND(CU83*I83,2) -> 0 | U83: =CV83*I83 -> 7.94397 | V83: =CW83*I83 -> 0.039875 | W83: =ROUND(CX83*I83,2) -> 0 | X83: =ROUND(CY83,2) -> 601.88 | Y83: =ROUND(CZ83,2) -> 347.03 | AA83: 16687824 | AB83: =ROUND((AC83+AD83+AF83),6) -> 267.3845 | AC83: =ROUND((ES83),6) -> 0 | AD83: =ROUND(((((ET83*1.25))-((EU83*1.25)))+AE83),6) -> 6.875 | AE83: =ROUND(((EU83*1.25)),6) -> 1.725 | AF83: =ROUND(((EV83*1.15)),6) -> 260.5095 | AG83: =ROUND((AP83),6) -> 0 | AH83: =((EW83*1.15)) -> 27.393 | AI83: =((EX83*1.25)) -> 0.1375 | AJ83: =ROUND((AS83),6) -> 0 | AK83: 232.03 | AL83: 0 | AM83: 5.5 | AN83: 1.38 | AO83: 226.53 | AP83: 0 | AQ83: 23.82 | AR83: 0.11 | AS83: 0 | AT83: 111 | AU83: 64 | AV83: 1 | AW83: 1 | AZ83: 7.13 | BA83: 7.13 | BB83: 7.13 | BC83: 7.13 | BH83: 0 | BI83: 1 | BJ83: ФЕР-2001, 11-01-039-04, приказ Минстроя России №1039/пр от 30.12.2016г. | BM83: 11001 | BN83: 0 | BP83: 0 | BQ83: 2 | BR83: 0 | BS83: 7.13 | BT83: 1 | BU83: 1 | BV83: 1 | BW83: 1 | BX83: 1 | BZ83: 123 | CA83: 75 | CF83: 0 | CG83: 0 | CM83: 0 | CN83: Поправка: МДС 81-35.2004, п.4.7 Наименование: Работы, выполняемые при реконструкции зданий и сооружений работы, аналогичные технологическим процессам в новом строительстве (в том числе возведение новых конструктивных элементов) стоимость которых определена по соответствующим сборникам ФЕР, кроме сборника № 46 «Работы при реконструкции зданий и сооружений» | CO83: 0 | CP83: =(P83+Q83+S83) -> 552.88 | CQ83: =AC83*BC83 -> 0 | CR83: =AD83*BB83 -> 49.01875 | CS83: =AE83*BS83 -> 12.29925 | CT83: =AF83*BA83 -> 1857.4327 | CU83: =AG83 -> 0 | CV83: =AH83 -> 27.393 | CW83: =AI83 -> 0.1375 | CX83: =AJ83 -> 0 | CY83: =(((S83+R83)*AT83)/100) -> 601.8753 | CZ83: =(((S83+R83)*AU83)/100) -> 347.0272 | DE83: )*1,25 | DF83: )*1,25 | DG83: )*1,15 | DI83: )*1,15 | DJ83: )*1,25 | DN83: 0 | DO83: 0 | DP83: 1 | DQ83: 1 | DU83: 1003 | DV83: 100 м | DW83: 100 м | DX83: 100 | EE83: 16510488 | EF83: 2 | EG83: Общестроительные работы | EH83: 0 | EJ83: 1 | EK83: 11001 | EL83: Полы | EM83: ФЕР-11 | EO83: Поправка: МДС 81-35.2004, п.4.7 | EQ83: 0 | ER83: 232.03 | ES83: 0 | ET83: 5.5 | EU83: 1.38 | EV83: 226.53 | EW83: 23.82 | EX83: 0.11 | EY83: 0 | FQ83: 0 | FR83: =ROUND(IF(AND(BH83=3,BI83=3),P83,0),2) -> 0 | FS83: 0 | FT83: *0,9 | FU83: *0,85 | FX83: 110.7 | FY83: 63.75 | GD83: 0 | GF83: 1990727352 | GG83: 1 | GH83: 1 | GI83: 4 | GJ83: 0 | GK83: =ROUND(R83*(S12)/100,2) -> 0 | GL83: =ROUND(IF(AND(BH83=3,BI83=3,FS83<>0),P83,0),2) -> 0 | GM83: =ROUND(O83+X83+Y83+GK83,2)+GX83 -> 1501.79 | GN83: =IF(OR(BI83=0,BI83=1),ROUND(O83+X83+Y83+GK83,2),0) -> 1501.79 | GO83: =IF(BI83=2,ROUND(O83+X83+Y83+GK83,2),0) -> 0 | GP83: =IF(BI83=4,ROUND(O83+X83+Y83+GK83,2)+GX83,0) -> 0 | GR83: 0 | GS83: 3 | GT83: 0 | GV83: =ROUND(GT83,6) -> 0 | GW83: 1 | GX83: =ROUND(GV83*GW83*I83,2) -> 0 | HA83: 0 | HB83: 0 | IK83: 0
A84: 18 | B84: 1 | C84: 135 | E84: 12,1 | F84: 04.3.01.09 | G84: Раствор готовый кладочный тяжелый цементный | H84: м3 | I84: =I82*J84 -> 0.0464 | J84: 0.16 | O84: =ROUND(CP84,2) -> 0 | P84: =ROUND(CQ84*I84,2) -> 0 | Q84: =ROUND(CR84*I84,2) -> 0 | R84: =ROUND(CS84*I84,2) -> 0 | S84: =ROUND(CT84*I84,2) -> 0 | T84: =ROUND(CU84*I84,2) -> 0 | U84: =CV84*I84 -> 0 | V84: =CW84*I84 -> 0 | W84: =ROUND(CX84*I84,2) -> 0 | X84: =ROUND(CY84,2) -> 0 | Y84: =ROUND(CZ84,2) -> 0 | AA84: 16687810 | AB84: =ROUND((AC84+AD84+AF84),6) -> 0 | AC84: =ROUND((ES84),6) -> 0 | AD84: =ROUND((((ET84)-(EU84))+AE84),6) -> 0 | AE84: =ROUND((EU84),6) -> 0 | AF84: =ROUND((EV84),6) -> 0 | AG84: =ROUND((AP84),6) -> 0 | AH84: =(EW84) -> 0 | AI84: =(EX84) -> 0 | AJ84: =ROUND((AS84),6) -> 0 | AK84: 0 | AL84: 0 | AM84: 0 | AN84: 0 | AO84: 0 | AP84: 0 | AQ84: 0 | AR84: 0 | AS84: 0 | AT84: 111 | AU84: 64 | AV84: 1 | AW84: 1 | AZ84: 1 | BA84: 1 | BB84: 1 | BC84: 1 | BH84: 3 | BI84: 1 | BM84: 11001 | BN84: 0 | BP84: 0 | BQ84: 2 | BR84: 0 | BS84: 1 | BT84: 1 | BU84: 1 | BV84: 1 | BW84: 1 | BX84: 1 | BZ84: 123 | CA84: 75 | CF84: 0 | CG84: 0 | CM84: 0 | CO84: 0 | CP84: =(P84+Q84+S84) -> 0 | CQ84: =AC84*BC84 -> 0 | CR84: =AD84*BB84 -> 0 | CS84: =AE84*BS84 -> 0 | CT84: =AF84*BA84 -> 0 | CU84: =AG84 -> 0 | CV84: =AH84 -> 0 | CW84: =AI84 -> 0 | CX84: =AJ84 -> 0 | CY84: =(((S84+R84)*AT84)/100) -> 0 | CZ84: =(((S84+R84)*AU84)/100) -> 0 | DN84: 0 | DO84: 0 | DP84: 1 | DQ84: 1 | DU84: 1007 | DV84: м3 | DW84: м3 | DX84: 1 | EE84: 16510488 | EF84: 2 | EG84: Общестроительные работы | EH84: 0 | EJ84: 1 | EK84: 11001 | EL84: Полы | EM84: ФЕР-11 | EQ84: 0 | ER84: 0 | ES84: 0 | ET84: 0 | EU84: 0 | EV84: 0 | EW84: 0 | EX84: 0 | FQ84: 0 | FR84: =ROUND(IF(AND(BH84=3,BI84=3),P84,0),2) -> 0 | FS84: 0 | FT84: *0,9 | FU84: *0,85 | FX84: 110.7 | FY84: 63.75 | GD84: 0 | GF84: -2113302258 | GG84: 2 | GH84: 1 | GI84: -2 | GJ84: 0 | GK84: =ROUND(R84*(R12)/100,2) -> 0 | GL84: =ROUND(IF(AND(BH84=3,BI84=3,FS84<>0),P84,0),2) -> 0 | GM84: =ROUND(O84+X84+Y84+GK84,2)+GX84 -> 0 | GN84: =IF(OR(BI84=0,BI84=1),ROUND(O84+X84+Y84+GK84,2),0) -> 0 | GO84: =IF(BI84=2,ROUND(O84+X84+Y84+GK84,2),0) -> 0 | GP84: =IF(BI84=4,ROUND(O84+X84+Y84+GK84,2)+GX84,0) -> 0 | GR84: 0 | GS84: 3 | GT84: 0 | GV84: =ROUND(GT84,6) -> 0 | GW84: 1 | GX84: =ROUND(GV84*GW84*I84,2) -> 0 | HA84: 0 | HB84: 0 | IK84: 0
A85: 18 | B85: 1 | C85: 143 | E85: 12,1 | F85: 04.3.01.09 | G85: Раствор готовый кладочный тяжелый цементный | H85: м3 | I85: =I83*J85 -> 0.0464 | J85: 0.16 | O85: =ROUND(CP85,2) -> 0 | P85: =ROUND(CQ85*I85,2) -> 0 | Q85: =ROUND(CR85*I85,2) -> 0 | R85: =ROUND(CS85*I85,2) -> 0 | S85: =ROUND(CT85*I85,2) -> 0 | T85: =ROUND(CU85*I85,2) -> 0 | U85: =CV85*I85 -> 0 | V85: =CW85*I85 -> 0 | W85: =ROUND(CX85*I85,2) -> 0 | X85: =ROUND(CY85,2) -> 0 | Y85: =ROUND(CZ85,2) -> 0 | AA85: 16687824 | AB85: =ROUND((AC85+AD85+AF85),6) -> 0 | AC85: =ROUND((ES85),6) -> 0 | AD85: =ROUND((((ET85)-(EU85))+AE85),6) -> 0 | AE85: =ROUND((EU85),6) -> 0 | AF85: =ROUND((EV85),6) -> 0 | AG85: =ROUND((AP85),6) -> 0 | AH85: =(EW85) -> 0 | AI85: =(EX85) -> 0 | AJ85: =ROUND((AS85),6) -> 0 | AK85: 0 | AL85: 0 | AM85: 0 | AN85: 0 | AO85: 0 | AP85: 0 | AQ85: 0 | AR85: 0 | AS85: 0 | AT85: 111 | AU85: 64 | AV85: 1 | AW85: 1 | AZ85: 7.13 | BA85: 1 | BB85: 1 | BC85: 7.13 | BH85: 3 | BI85: 1 | BM85: 11001 | BN85: 0 | BP85: 0 | BQ85: 2 | BR85: 0 | BS85: 1 | BT85: 1 | BU85: 1 | BV85: 1 | BW85: 1 | BX85: 1 | BZ85: 123 | CA85: 75 | CF85: 0 | CG85: 0 | CM85: 0 | CO85: 0 | CP85: =(P85+Q85+S85) -> 0 | CQ85: =AC85*BC85 -> 0 | CR85: =AD85*BB85 -> 0 | CS85: =AE85*BS85 -> 0 | CT85: =AF85*BA85 -> 0 | CU85: =AG85 -> 0 | CV85: =AH85 -> 0 | CW85: =AI85 -> 0 | CX85: =AJ85 -> 0 | CY85: =(((S85+R85)*AT85)/100) -> 0 | CZ85: =(((S85+R85)*AU85)/100) -> 0 | DN85: 0 | DO85: 0 | DP85: 1 | DQ85: 1 | DU85: 1007 | DV85: м3 | DW85: м3 | DX85: 1 | EE85: 16510488 | EF85: 2 | EG85: Общестроительные работы | EH85: 0 | EJ85: 1 | EK85: 11001 | EL85: Полы | EM85: ФЕР-11 | EQ85: 0 | ER85: 0 | ES85: 0 | ET85: 0 | EU85: 0 | EV85: 0 | EW85: 0 | EX85: 0 | FQ85: 0 | FR85: =ROUND(IF(AND(BH85=3,BI85=3),P85,0),2) -> 0 | FS85: 0 | FT85: *0,9 | FU85: *0,85 | FX85: 110.7 | FY85: 63.75 | GD85: 0 | GF85: -2113302258 | GG85: 1 | GH85: 1 | GI85: 4 | GJ85: 0 | GK85: =ROUND(R85*(S12)/100,2) -> 0 | GL85: =ROUND(IF(AND(BH85=3,BI85=3,FS85<>0),P85,0),2) -> 0 | GM85: =ROUND(O85+X85+Y85+GK85,2)+GX85 -> 0 | GN85: =IF(OR(BI85=0,BI85=1),ROUND(O85+X85+Y85+GK85,2),0) -> 0 | GO85: =IF(BI85=2,ROUND(O85+X85+Y85+GK85,2),0) -> 0 | GP85: =IF(BI85=4,ROUND(O85+X85+Y85+GK85,2)+GX85,0) -> 0 | GR85: 0 | GS85: 3 | GT85: 0 | GV85: =ROUND(GT85,6) -> 0 | GW85: 1 | GX85: =ROUND(GV85*GW85*I85,2) -> 0 | HA85: 0 | HB85: 0 | IK85: 0
